Workbook
Name Access_Management: Table2!$H$2:$H$13
Name ADOT_Districts: Table2!$E$2:$E$11
Name Advanced_Technology_and_ITS: Table2!$I$2:$I$4
Name Age_Related: Tables!$H$2:$H$19
Name Alignment: Table2!$J$2:$J$5
Name Animal_Related: Table2!$K$2
Name COG_MPO: Table2!$B$2:$B$13
Name COGMPO: '6. Phased Cost Est.'!$A:$A
Name Cost_Estimate_Tab: Table2!$D$2:$D$6
Name County: '6. Phased Cost Est.'!$B:$B
Name Distracted_Driving: Tables!$F$2:$F$7
Name Emphasis_Area: Tables!$A$2:$A$13
Name Focus_Area: Table2!$C$2:$C$4
Name Heavy_Vehicles_Buses_Transit: Tables!$J$2:$J$11
Name HSIP_Funcitional_Class: Table2!$F$2:$F$15
Name HSIP_Improvement_Category: Table2!$G$2:$G$21
Name Impaired_Driving: Tables!$C$2:$C$8
Name Interchange_Design: Table2!$L$2:$L$9
Name Interjurisdictional: Tables!$M$2:$M$9
Name Intersection_Geometry: Table2!$M$2:$M$31
Name Intersection_Traffic_Control: Table2!$N$2:$N$56
Name Lighting: Table2!$O$2:$O$8
Name Miscellaneous: Table2!$P$2
Name Motorcycles: Tables!$E$2:$E$8
Name Natural_Risks: Tables!$K$2:$K$19
Name Non_Infrastructure: Table2!$Q$2:$Q$9
Name Nonmotorized_Users: Tables!$I$2:$I$14
Name Occupant_Protection: Tables!$D$2:$D$7
Name Parking: Table2!$R$2:$R$6
Name Pedestrians_and_Bicyclists: Table2!$S$2:$S$19
Name Railroad_Grade_Crossings: Table2!$T$2:$T$10
Name Roadside: Table2!$U$2:$U$14
Name Roadway: Table2!$V$2:$V$15
Name Roadway_Delineation: Table2!$W$2:$W$7
Name Roadway_Infrastructure_and_Operations: Tables!$G$2:$G$12
Name Roadway_Signs_and_Traffic_Control: Table2!$X$2:$X$5
Name Shoulder_Treatments: Table2!$Y$2:$Y$5
Name Speed_Management: Table2!$Z$2:$Z$6
Name Speeding_and_Aggressive_Driving: Tables!$B$2:$B$7
Name Traffic_Incident_Management: Tables!$L$2:$L$8
Name Work_Zone: Table2!$AA$2

Sheet 1. Guidance
A1: APPLICATION FOR HSIP PROJECTS
A2: ADOT Guidance on HSIP Funded Road Safety Improvement Projects
A3: 1 | B3: Two categories of road safety improvements: "Systemic" projects and "Spot Specific" projects. All projects must be identified through a data-driven process, reduce potential fatalities and serious injury crashes, and relate back to Emphasis Areas in the Arizona Strategic Highway Safety Plan (SHSP). Links to the Arizona SHSP and the Arizona HSIP Manual can be found at http://azdot.gov/Highways/Traffic/9620.asp
B4: "Systemic Projects" are those projects that implement systemic road safety improvements across a road nework. These are projects that can be implemented with minimal clearances required, usually system-or corridor-wide. A data anaylysis that identifies crash trends and risk factors with a prioritized list of potential locations that could benefit from the systemic safety improvements utilizing highly-effective countermeasures is required. Applications for this category of projects require network screening, supporting crash data, a 4 or 5 star CMF, and a benefit-cost ratio ≥ 1.5. Contact ADOT Traffic Safety Section for technical assistance if needed. See http://safety.fhwa.dot.gov/systemic/ for more information.
B5: "Spot Specific Projects" are those projects that would implement a safety countermeasure focused at a specific location. Applications for this category of projects require network screening, supporting crash data, a 4 or 5 star CMF, and a benefit-cost ratio ≥ 1.5. These projects may require environmental, utility and ROW clearances.
A6: 2 | B6: Examples of Potential Road Safety Improvement Projects
B7: Improve Roadway Segment Safety: Milled in shoulder and centerline rumble strips Install delineation for barriers and obstacles Upgrade markings (wider and more durable materials) including Raised Pavement Markers Upgrade regulatory and warning signs (Sign Inventory system must be in place as of June 14, 2014. Replacement based on retroreflectivity) Shoulder widening Enhanced delineation at horizontal curves Road Diets High Friction course applications Install new Streetlighting Install new Guardrails (Does not include upgrading or replacing existing guardrails.)
B8: Improve Signalized Intersection Safety: Converting traffic signal heads from 8-inch incandescent/LED to 12-inch LED Backplates with Retroreflective Borders
B9: Improve Unsignalized Intersection Safety: Upgrade STOP signs – larger and/or retroreflective upgrade Install advance stop ahead pavement markings
B10: Improve Pedestrian Safety: Install pedestrian countdown signals Install and/or upgrade pedestrian crosswalk pavement markings Installation of yellow-green signs and signals at ped and bike crossings and in school zones Provide mid-block crosswalk advance stop bars Provide pedestrian refuge islands and medians Install Pedestrian Hybrid Beacons (Ref: http://safety.fhwa.dot.gov/provencountermeasures/)
B11: Improve Emergency Response: Establish or upgrade mileposts and milepost system (Not applicable to urban arterial streets)
B12: Establish Inventory of Traffic Control Devices: Inventory of signs, traffic signals, etc. required for implementing systematic improvements. Agencies had until June 14, 2014 to implement and continue to use an assessment or managment method that is designaed to maintain regulatory and warning sign retroreflectivity at or above the minimum levels in Table 21-3 of the 2009 MUTCD. Agencies requesting Federal funds to upgrade signage must attest that they have their system in place are are utilizing it to prioritze sign replacement.
A13: 3 | B13: Example Safety Improvements that may qualify to be 100% HSIP funded (see 23 U.S.C. 120 (c) for complete list):
B14: Roundabouts Traffic Signals Pavement Markings - Upgrade to meet minimum retroreflectivitiy standards New or Replacement Road Signs - i.e. to meet MUTCD retroreflectivity requirements Install centerline and shoulder rumble strips and stripes Install NEW guardrails - Not upgrade or improve existing NOTE: Guardrails that are deemed too low because of an overlay raised the pavement level are not eligible for HSIP funding to raise.
A15: 4 | B15: Additional Requirements
B16: The cover letter is the document that commits the agency to the safety project, how much HSIP funding is being requested,the source of additional funding if necessary, etc. A short summary of your application with B/C and Weighted Scores included. When completed please print and sign your letter and .pdf it along with the final version of this Excel application. The final version of the Excel application must include any modifications to project scope and project cost made during the project review process .
B17: The amount of HSIP funding shown in the Cost Estimate of the final Excel application MUST match the amount approved by COG/MPO if local OA is being used.
B18: ADOT is responsible for ensuring that all individual elements of a project are eligible. Eligibility does not give an agency authorization to begin work. Final eligibility and participation determinations (Federal Authorization) are retained by FHWA and any work performed prior to Federal Authorization are not eligible for reimbursement.
B19: Any changes in project cost above 20% will need to be re-submitted along with justification for eligibility and approval. If project cost increases <20%, the LPA needs to notify ADOT by email of increase with justification for the record prior to requesting increased Federal Authorization or inclusion in the TIP.
B20: Any changes in project scope or work limits will need to be re-submitted for eligibility determination and approval prior to award of construction contract.
B21: ADOT clearances and an executed IGA are required and must be completed prior to January 31, 20XX. If you are a Certified Acceptance (CA) Agency no IGA is required, but you are still required to have all clearances completed by May 1, 20XX.
B22: Merchandise, i.e. sign panels, signal heads, etc. must be installed within one year of purchase. Merchandise can not be stockpiled for future use.
B23: Supporting structures, i.e. guradrails for new end treatments, posts for signs, etc., must meet local minimum standards before federally funded upgrades can be added.
B24: Work must not be classified as maintenance such as normal operating expenses and routine repair. HSIP funds cannot be used to "salvage" items without crediting costs back to the project. HSIP funds cannot be used to "upgrade" items, but they can be used to bring an item up to current standards when replacing if they were substandard prior to approval of this project.
B25: If you are doing planning/study project; must result in a design/construction project. The B/C ratio analysis should be based on the most expensive alternative for consturcting the total cost of the safety countermeasure.
B26: Reimbursement for Installation: As indicated in 23 CFR 635.112(e): "No public agency shall be permitted to bid in competition or to enter into subcontracts with private contractors." There are no exceptions to this competitive bidding policy. However, under limited circumstances a public agency may be permitted to undertake efforts normally reserved for the private sector (Publicly Owned Equipment, Convict Produced Materials, and State Owned/Furnished/Designated Materials). Otherwise, unless it is an emergency situation or an attempt was made to bid installation competitively and was not successful, installation will not be eligible for Federal-aid reimbursement.
B27: Clearance Letters: Templates are provided for your use. Once you have received an executed IGA and federal authorization you can submit your clearance letters to the appropriate ADOT Technical Section. Required: Environmental, Utilities and Right of Way Clearance. Materials Memo may be required for certain types of work.
A28: 5 | B28: Countermeasures:
B29: The list of countermeasures included in the Tabs in this application is not an all-inclusive list, and only includes those 4 and 5 star countermeasures with fatal, serious and in some cases, minor injuries. The mix of contermeasures and CMFs included in this document is intended to meet ADOT's goal for a data-driven award process for all agencies to follow that allows for a fair and accurate compairson of project applications.
B30: Safety practitioners in the agency should evaluate the potentially applicable CMFs, eliminating any that are not appropriate for the countermeasure(s). Practioners should only choose the most appropriate CMFs for their specific project based on factors including but not limited to : urban areas vs rural areas; low vs high traffic volumes; 2-lane vs 6 lane roadways, manner of collision, etc. If there is not a published CMF for the countermeasure, then the project probably will not be eligibilbe for HSIP funding.
A31: 6 | B31: SFY16 Special Guidance:
B32: 1. Local HSIP Obligation Authority (OA) remains in place in SFY16. 2. Loans between COGs & MPOs are still valid for SFY17 and SFY18. 3. Loans between COGs & MPOs will not be recoginzed in SFY19. 4. If a COG/MPO chooses to submit a HSIP application(s) to ADOT for consideration as a potential HSIP project utilizing State FY17 HSIP funds, the total project cost has to exceed the local HSIP OA and the COG/MPO has to agree to transfer their TOTAL local HSIP OA for SFY17 to State HSIP if the project qualifies for HSIP funding. 5. Those applications submitted for consideration for State FY17 HSIP funding will be reviewed for eligibility determination along with other agency submittals, and projects meeting eligibility requirements will be ranked based on the “Weighted Score” in the application.

Sheet 2. Application
B1: Agency: | E1: Title of Project: | I1: "Title of Project" should be same as what will be recorded in the TIP or State 5-Year plan if eligibility is approved
B2: County: | E2: COG/MPO: | I2: Select County and COG/MPO from dropdowns.
B3: District: | E3: HSIP Funds: | I3: If State is selected and the project is eligible, the project will be considered with all other HSIP projects for the first available programming year. (For projects submitted in 2016, the first programming year is SFY17.) COG/MPO must transfer TOTAL local HSIP OA to State.
B4: Contact: | D4: Phone: | F4: E-Mail:
A6: Type of Safety Improvement: | D6: Spot: | F6: Systemic:
A7: Mark all that apply to your project: | I7: Planning is limited to Strategic Transportation Safety Plans at the COG/MPO level
A8: Anticipated Total Cost Estimate: | F8: ='4.100% LPA Install'!I30 -> 30000 | I8: Must match the Total Cost Estimate on Cost Estimate Tab and B/C Ratio Analysis Tab. Note: Minumin Amount $250,000.00
A9: Anticipated dollar amount of HSIP Funding: | F9: ='4.100% LPA Install'!F30 -> 30000 | I9: Note: These cells may or may not auto populate depending on which Cost Estimate Tab is completed!! Currently linked to Tab 4.
A10: Anticipated Dollar amount of Local Match (5.7%) (5.66%): | F10: ='4.100% LPA Install'!G30 -> 0 | I10: All project costs (all phases and funding sources) must be accounted for in this section, even if substantial elements of the overall project are to be funded by other sources.
A11: Anticipated Dollar amount of Other: | F11: ='4.100% LPA Install'!H30 -> 0
A12: Funding Source: | F12: Cost Estimate Tab: | I12: 94.34% is for Interstate projects only. Select from the dropdown which Tab you completed your Cost Estimate for this project on.
A13: Local Initiated Projects | I13: Local Set-Aside funding will be used for all elements (design, ROW, Utility, construction,etc.) for this project.
A14: Anticipated Design Year (Construction/procurement year cannot be the same): | I14: Federal Authorization must be obtained in SFY16 and design must start within 6 months of Federal Authorization. If project is eligible for FY17 must obtain FA within the first 6 months of FY17.
A15: If additional ROW is needed, what FY is purchase anticipated?: | I15: See Question 7 and 7a below.
A16: Anticipated Construction Year: | I16: Note: *FY16 Construction Funds can only be programmed for projects that are currently 100% designed. Construction must start within 30 months of design Federal Authorization.
A17: Administration of Project: | D17: Agency: | F17: ADOT: | I17: Note: Project Administration by the Agency requires approval from ADOT.
A18: If competing for State Funds, COG/MPO agrees to transfer TOTAL local HSIP OA to State.
A19: Name and Title of COG/MPO Representative: | I19: Name and title of COG/MPO representative authorized to transfer HSIP OA back to the State that concurs with this application.
A20: State Initiated Projects | I20: State Initiated Projects are requests being initiated by a State Agency.
A21: Anticipated Design Year (Construction/procurement year cannot be the same): | I21: Note: Federal Authorization must be obtained in SFY16 and design must start within 6 months of Federal Authorization. Construction must start within 30 months of design Federal Authorization.
A22: If additional ROW is needed, what FY is purchase anticipated?: | I22: Note: *FY19 ROW HSIP funding can only be programmed for projects that are currently 95% designed.
A23: Anticipated Construction Year: | I23: Note: *FY19 HSIP construction funding can only be programmed for projects that are currently 100% designed. All projects are subject to the same prioritization for the construction year as above.
A24: Basic Project Information | I24: Applicants are expected to submit complete applications based on a data-driven comprehensive safety evaluation of their agency's roadway infrastructure, traffic volumes and crash data.
A25: 1 | B25: Have lower cost countermeasures been considered or implemented?
A26: 1a. | B26: If "Yes", describe: If "No", explain why not:
A27: 2 | B27: Describe your safety improvement project in detail: (50 words or less)
A28: 2a. | I28: Note: HSIP eligible scope of work. Identify each countermeasure funds are being requested for. If the cost to implement the countermeasure does not represent at least 15% of the total construction cost, the applicant must NOT input the countermeasure in the application's B/C calculation. For example: A project proposing a new signal should NOT include coutermeasures for signing, striping, or minor median improvements as they are incidental elements of the new signal and do not represent stand-alone improvements. Work must not be classified as maintenance such as normal operating expenses and routine repair. Please include what the current item is and what you are upgrading to. A wearing surface treatment must be supported by friction related crashes and is not normally eligible.
A29: 3 | B29: Describe the location of this safety project:
A30: 3a. | I30: Describe the location and limits in detail. Example: The raised median will extend approximately 750 feet south and 1,100 feet north of the center of the intersection of Main Street and First Street. Attach a aerial screencapture (Bing, Google, etc.) with limits and dimensions shown. For "Systemic" Improvements describe project coverage such as Citywide, Townwide, Various Locations, all corridors, all school zones etc.
A31: 4 | B31: What crash data screening method was used to identify this project?
A32: 4a. | I32: Example: The Town just recently inventoried and identified signs that do not meet retro reflectivity requirements. Example: The City's Engineering Group utilized the sign inventory database to analyze and prioritize the sign replacement program. | J32: Example: The determination of the emergency preemption cards locations, the City used a systemic approach to identify key signalized intersections where safe passage for emergency vehicles was needed via emergency signal preemption. | N32: Example: The determination of pedestrian count down head locations, the City staff used a systematic approach that identified key "high-pedestrian" activity locations within the City. It was determined that all intersections along the existing Metro Light Rail Alignment experience heavy volumes of pedestrian traffic.
A33: 5 | B33: What is the safety justification for the proposed project?
A34: 5a. | I34: Note: Provide the safety justification for each proposed safety improvement . Example: Advanced Dilemma-Zone Detection is intended to safely control the major-road approaches to isolated signalized intersections, reducing the frequency of crashes associated with traffic signal phase change (for example, rear-end and angle crashes). | J34: Example: The intent of countdown pedestrian signals is to provide additional visual information to pedestrians crossing at signalized intersections. The countdown display indicates the number of seconds remaining for the pedestrian phase. It states in the 2009 edition of The Manual on Uniform Traffic Control Devices (MUTCD) by the US DOT FHWA, that pedestrian change interval countdown displays shall be used if the interval is more than seven seconds. At these intersections, it takes more than seven seconds to cross the street.
A35: 6 | B35: Will there be ground disturbing activities?
A36: 7 | B36: Is project within applicants permanent ROW?
A37: 7a. | B37: If NO please explain: | I37: Federal HSIP funds for Right-of-Way may not exceed 10% of the Total Construction Cost estimate.
A38: 8 | B38: Will any temporaty right-of-way acquisitions be required?
A39: 9 | B39: Will there be any utility relocation needed?
A40: 9a. | B40: If YES please explain: | I40: Federal HSIP funds for Utility relocation may not exceed 10% of the Total Construction Cost estimate.
A41: 10 | B41: Does Section 4(f) apply to any portion of this project? | I41: Section 4(f) governs the use of land from publicly owned parks, recreation areas, wildlife and waterfowl refuges, and public or private historic sites for Federal highway projects. Visit http://environment.fhwa.dot.gov/4f/4fpolicy.asp#part1 for the FHWA Section 4(f) Policy Paper.
A42: 10a. | B42: If YES please explain:
A43: 11 | B43: Are there any other issues that may impact or delay development or construction of this project?
A44: 11a. | B44: If YES please explain:
A45: 12 | B45: Is this project in compliance with revised ADA Standards? | I45: IAW 28 CFR 35.151. Note: HSIP funds cannot be used to fund stand alone ADA projects.
A46: 12a. | B46: If NO please explain:
A47: 13 | B47: Does the project support Arizona's Strategic Highway Safety Plan? | I47: If NO, then project is not eligible for HSIP funding.
A48: 14 | B48: Are there any Studies, RSA's or Other evaluations that support this project? | I48: NOTE: An RSA recommendation does not guarantee HSIP funding. A B/C ratio analysis is required for all applications.
A49: 15 | B49: HSIP Roadway Functional Classification: | I49: Select HSIP functional classification from the drop-down list. Select the classification of the road(s) that most of the work will be done.
A50: 16 | B50: Average Daily Traffic Volume and Year Collected: | F50: ADT: | G50: Year: | I50: Indicate the existing (or most current) Average Daily Traffic (ADT) volume at the project location and the year data were collected. If the proposed improvement is on a road segment, the ADT is the number of vehicles that use that section of roadway, in both directions, on an average day. If the proposed improvement is at an intersection, separate the ADT volumes approaching the intersection into Major Road and Minor Road. If the proposed improvements span a large distance and/or are spread out over several routes/locations, provide the range of ADT volumes with the high-end input on the "Major Road" field and the low-end input on the "Minor Road" field.
A51: 17 | B51: What is the source of ADT?:
A52: 18 | B52: What is the posted speed limit? | I52: Enter the highest posted speed (Miles per Hour) within the project limits.
A53: 19 | B53: Detailed engineer's cost estimate attached: | I53: Is a more detailed cost estimate than the reqired HSIP Cost Estimate at Tabs 4 - 8 attached?
B54: "Systemic" Safety Project
A55: 20 | B55: Completed B/C Ratio Tabulation Sheet Attached (Required): | I55: Benefit/Cost Ratio Tabulation Sheet is at Tab9 in this workbook.
A56: 21 | B56: Most current 3-5 Years Crash Data from ADOT ALISS database sorted by year & severity (required): | I56: The most recent available crash data is considered the most up-to-date 3-5 years of data available from the ADOT ALISS database. Do not include crashes unreported to ADOT by law enforcement unless supporting documentation is provided and attested to. Collision summary reports that corroborate the crash numbers must be submitted with the application and in the standard ADOT format.
A57: 22 | B57: What are the inclusive dates of the crash data? | I57: Insert the most recent 5 years of crash data from the ADOT Database
A58: 23 | B58: If purchasing equipment or materials, who will install? | I58: Reimbursement for Installation: As indicated in 23 CFR 635.112(e): "No public agency shall be permitted to bid in competition or to enter into subcontracts with private contractors." There are no exceptions to this competitive bidding policy. However, under limited circumstances a public agency may be permitted to undertake efforts normally reserved for the private sector (Publicly Owned Equipment, Convict Produced Materials, and State Owned/Furnished/Designated Materials). Otherwise, unless it is an emergency situation or an attempt was made to bid installation competitively and was not successful, installation will not be eligible for Federal-aid reimbursement
A59: 24 | B59: Does the project require proprietary Items (23CFR 635.411)?: | I59: If YES, Requires ADOT/FHWA approval for a "Cost Effectiveness"/"Finding in the Public Interest" (PIF).
A60: 25 | B60: Is a list of locations for systemic projects provided on the attached form? | I60: A systemic project's B/C ratio will be calculated utilizing the total cost of the project and will be used in the "Weighted Average". A B/C ratio can be calculated for each segment in order to prioritize locations.
A61: 26 | B61: How are (will) the proposed locations be prioritized for replacement? (explain below)
A62: 26a. | I62: Example: Locations will be prioritized for upgrades based on crash severity, crash frequency or retroflectivity.
A63: 27 | B63: Are the supporting structures in good condition, meet local standards and have an anticipated service life longer than the countermeasure being installed? | I63: For systemic countermeasures such as signs, endtreatments, thermoplastic striping, etc. the supporting structure (sign posts, roadway surface, guardrails, etc) must be in good condition and be in compliance with local standards at time of installation of the countermeasure.
B64: "Spot" Improvement Projects Only
B65: (The following items are required)
A66: 28 | B66: Completed B/C Ratio Tabulation Sheet Attached (required): | I66: Benefit/Cost Ratio Tabulation Sheet is at Tab9 in this workbook.
A67: 29 | B67: Most current 3-5 Years Crash Data from ADOT ALISS database sorted by year & severity (required): | I67: The most recent available crash data is considered the most up-to-date 5 years of data available from the ADOT ALISS database. Do not include crashes unreported to ADOT by law enforcement unless supporting documentation is provided and attested to for local OA funded projects. Collision summary reports that corroborate the crash numbers must be submitted with the application and in the standard ADOT format. See Tab 19.
A68: 30 | B68: What are the inclusive dates of the crash data? | I68: Insert the starting and ending dates of the most recent 5 years of crash data used.
A69: 31 | B69: Have any infrastructure changes occurred within the work limits of this project during the years the crash data covers?
A70: 32 | B70: If YES please explain:
A71: 33 | B71: Project vicinity map is provided:
A72: 34 | B72: Project work limits map is provided: | I72: The limits should match the limits described in Block 3a. above.
A73: SHSP - All Projects | I73: Most of the information in this section is required for ADOT to meet its annual safety program reporting requirements to the FHWA. The responses will be incorporated in statewide and national safety program assessments and used to determine the health of the overall program and potential areas of focus for future program improvements.
A74: 35 | B74: Which SHSP Emphasis Area (EA) does this project support?: | I74: Which Arizona Strategic Highway Safety Plan (SHSP) Emphasis Area (EA) Does this project support? Select EA from dropdown. Use this selection to complete SHSP Weighting Score table in Tab 14. SHSP PRIORITY
A75: 35a. | B75: Which EA Strategy does it support?: | I75: Which "Strategy to Achieve Goal" for this SHSP Emphasis Area does this project support? Select Strategy from dropdown. SHSP Emphasis Area must be selected first.
A76: 35b. | B76: Does this project support a second SHSP EA? If so, which EA.: | I76: If there is a second EA that this project supports, list it here. Use this selection to complete SHSP Weighting Score table in Tab 14. SHSP PRIORITY
A77: 35c. | B77: Which EA Strategy supports the second EA? | I77: Select the Strategy from dropdown that supports the second EA. SHSP Emphasis Area must be selected first.
A78: 35d. | B78: Does this project support a third SHSP EA? If so, which EA.: | I78: If there is a third EA that this project supports, list it here. Use this selection to complete SHSP Weighting Score table in Tab 14. SHSP PRIORITY
A79: 35e. | B79: Which EA Strategy supports the third EA? | I79: Select the Strategy from dropdown that supports the second EA. SHSP Emphasis Area must be selected first.
A80: 36 | B80: Does this project support one of the nine FHWA proven countermeasures?:
A81: 36a. | B81: If so, which countermeasure?: | I81: Select Countermeasure from dropdown.
A82: 37 | B82: Does this project support one of the three Arizona Focus Areas?:
A83: 37a. | B83: If so, which focus area?: | I83: Select Focus Area from dropdown. Use this selection to complete SHSP Weighting Score table in Tab 14. SHSP PRIORITY
A84: 38 | B84: Which HSIP Improvement Category does this project support?: | I84: Select Improvement Category from dropdown.
A85: 38a. | B85: Which HSIP Improvement Sub-Category does this project support?:
I86: Select Improvement Sub-Category from dropdown. HSIP Improvement Category must be selected first.
A87: 39 | B87: Does your COG/MPO have a Strategic Transportation Safety Plan (STSP)?:
A88: 39a. | B88: If "YES", does this project support an Emphasis Area in the COG/MPO STSP?:
A89: 39b. | B89: List the EA:
A90: 40 | B90: Are any temporaty safety countermeasures needed prior to this permanent solution being installed?
A91: 40a. | B91: If yes, please explain:
A92: B/C Ratio and Weighted Score
A93: 41 | B93: The calculated B/C Ratio is: | D93: ='10. BC Ratio Tabulation'!E19 -> 3.2 | E93: The Weighted Score is: | G93: ='15. SHSP PRIORITY'!C21 -> 17.2 | I93: B/C Ratio is auto populated from Tab 10, Cell E19 and SHSP Weighted Score is auto populated from Tab 15, Cell B21
A94: Non-Infrastructure Project or Element | I94: The driver/pedestriank/pedalcyclist's behavior in the crash data fields in the supporting crash data has to support this element and has to be submitted with the application.
A95: 42 | B95: Does the crash data for this project indicate any of the following driver/pedestrian/bicyclist behaviors contributed to the identification of this project location? | I95: Educational or Enforcement Programs/Projects. HSIP cannot be used to fund regular salaries. Programs have to specifically address safety issues identified and documented in the supporting safety data. Example: Overtime for speed enforcement to reduce crashes resulting from speeding on CR10 at MP 100.0 between 1:00 and 2:00 AM.
A96: 42a. | B96: Impaired Driving (Alcohol or Drug) | I96: DUI Enforcement
A97: 42a. | B97: Occupant Protection | I97: Seat belt and/or child safety seat usage.
A98: 42a. | B98: Pedestrian and Bicycle Safety | I98: Educational programs
A99: 42a. | B99: Motorcycle Safety | I99: Educational programs, speeding, etc.
A100: 42a. | B100: Police Traffic Services/Speed Control | I100: Speeding, selective enforcement,etc.
A101: 42a. | B101: Lack of accurate/complete crash data | I101: Procurement of computer sofware for crash data analysis, GIS analysis, etc. HSIP funds cannot be used to purchase computers/tablets/servers, etc.
...

Sheet 3. Cover Letter
A1: Instructions: (Required) Look for the red arrows and provide the information needed for those lines only. Many of the items will be auto filled based on your application. When you have completed the letter, print it out, sign and pdf a copy with your electronic application file.
F4: LOCAL AGENCY LETTERHEAD
G5: =TODAY() -> 42573
D9: Ms. Mona Aglan-Swick, P.E.
D10: Traffic Engineering Group, Traffic Safety Section
D11: Arizona Department of Transportation
D12: 1615 W. Jackson ST., MD 065R
D13: Phoenix, AZ 85007-3217
D16: RE: | E16: Highway Safety Improvement Program (HSIP) Project Determination and Application
E17: COG/MPO:
E18: Agency: | G18: =IF('2. Application'!C1="","",'2. Application'!C1)
E19: Project Name: | G19: =IF('2. Application'!F1="","",'2. Application'!F1)
E20: Project Location: | G20: =IF('2. Application'!B30="","",'2. Application'!B30)
D22: Dear | E22: Ms. Aglan-Swick:
A24: Must identify each countermeasure that is included in the project. What are you asking for, the potential reduction of similar crashes, how much HSIP funding and your commitment to the Safety Project., etc. The State SHSP emphasis area(s) and supporting implementation strategy(ies) is required. If a COG/MPO has adopted their own Strategic Highway Safety Plan, then the local emphasis area(s) must also be identified. If the total project cost exceeds the COG/MPO's OA, then the proposed funding source needs to be idenitified i.e. local funds, STP, CMAQ, etc. If it is an ADOT project, then the proposed FY for design and FY for construction must be shown. It is important for the requestor to understand that additional HSIP funding exceeding this request will not be available at a later date. The requestor is committing to providing the additional funds from other sources. The agency also agrees to maintain the countermeasure at or above the standard(s) to which it was installed. The agency must state that they understand that HSIP funds can only be used once to install a countermeasure. The agency must agree to maintaining conducting a before-and-after study every year (yearly submittal) with the final study submitted three years after installation. | D24: The [ insert agency name ] is submitting herewith a project application for [state or local] Highway Safety Improvement Program (HSIP) funding. This road safety improvement project was identified through the [state or local] network crash data screening process and meets all requirements of Title 23. The proposed request is for the [describe each countermeasure being constructed or the safety item being procured and the limits of the project] and [does/does not] include any non-infrastructure funding request. [Describe how the installation or procurement of this countermeasure will correct or improve the highway safety problem.] [Insert a statement that indicates who is doing the work i.e. City Staff or Contractor]. [Insert a statement that there will or will not be ground distrubing activities or utility relocations anticipated.]
D25: [This paragraph has to identify how many crashes that occurred during the most recent 5-year period that the proposed countermeasure is based on. ] [i.e. intersection related pedestrian crashes for pedestrian countdown heads] During the most recent five year period ending xxxxxx 20xx, the City/Town experienced xxx total pederstrian intersection related crashes including xx fatal and xx incapacitating crashes. With a Crash Reduction Factor (CRF) of xx% obtained from the ADOT 4/5 Star [or other ADOT prior approved CRF] list for all pedestrian crashes, the City/Town could see a 5-year reduction of xxx crashes including xx fatal and xx serious injury crashes. [Contact ADOT Traffic Section for this information if you do not have it available.]
D26: [ insert agency name ] has determined that, in accordance with 23 USC 148(a)(4))(A), this project is consistent with the [COG/MPO's and] State's 2014 SHSP. It supports [insert appropriate emphasis area(s) and supporting strategy for one or both of the SHSPs]. B/C Ratio = xx (Element 41 in Application, Tab 2) Weighted HSIP Score = xx (Element 41 in Application, Tab 2)
D27: [ insert agency name ] has estimated the total project cost of this project to be $xxx,xxx. Of that amount request ADOT determine if $xx,xxx is HSIP eligible, with $xx,xxx being non-HSIP eligible, $xx,xxx being local match, and $xxx,xxx being Other funds (if appropriate). In accordance with Title 23, the Federal share for safety improvement items are eligible to be funded at 100% or 94.3% [which is appropriate]Federal share per 23 U.S.C. 120(c) as described in Code of Federal Register 23 CFR Part 924. Therefore, the [ insert agency name ] does not propose to contribute any local match for the above mentioned project or proposes committing the 5.7% local match in the amount of $XXXX. Furthermore, the [ insert agency name ] is not requesting reimbursement for staff time for installation. [if applicable] Table x summarizes the anticipated cost estimate projected for this project.
D29: [insert agency name] is aware that, if funded, additional HSIP funds above the attached estimated cost are not available to pay for excess costs and that other funds whether STP, local or other will have to provided or secured by [insert agency name] to cover the additional costs or the project will have to be withdrawn and resbumitted in the next call-for-projects. [insert agency name] agrees to conduct and provide to ADOT TSS on a yearly basis a written before-and-after study utilizing the same crash data included in the countermeasure influence area in order to determine the effectiveness of the conuntermeasure on fatal and serious injury crashes.
D31: [insert agency name] further understands that Federal funds can only be used once to install or upgrade either a spot or systemic countermeasure and that once installed, the [insert agency name] will maintain the countermeasure at or above the standard to which it was installed.
A33: replace the XXXX with your phone and email address | D33: If you have any questions, please contact me at XXX-XXX-XXXX or email XXXXXXXX@XXXXXXX.XXX .
D35: Sincerely,
A36: print this page and sign
A40: type your name & title | D40: your name & title
A41: type your section | D41: your section/department
A42: type your street address | D42: address
A43: type your city, state and zip code | D43: city, state and zip code
A46: customize to your project | D46: Attachments: | F46: Application (excel format) to include cost estimate, vicinity map and/or list of locations
F47: Study/RSA Reports
A48: After printing the cover/transmittal letter on agency letterhead, scan the letter into a pdf document. Submit electronically with all other documentation. ADOT does not require a hard copy. | F48: B/C Ratio and Crash Data
F49: Grant Proposal and Non-acceptance Documentation (Non-infrastructure element)

Sheet 4.100% LPA Install
A1: Agency: | B1: ='2. Application'!C1 | C1: Name of Project: | D1: Procurement of Sign Panels - Local Agency Staff Installs | K1: Insert Title of Project
A3: HSIP Project Cost Estimate Worksheet
A4: Project Cost Estimate: | B4: Description: | C4: Quantity: | D4: Cost (Unit): | E4: Total Cost | F4: HSIP: | G4: Local Match: | H4: Other Amt: | I4: TOTAL COST
F5: 1 | G5: 0 | H5: 0 | K5: Change Percentage based on if a local match is required.
A6: Planning or Study: | C6: 0 | D6: 0 | E6: =(C6*D6) -> 0 | F6: =ROUND(D6*$F$5,2) -> 0 | G6: =ROUND(D6*$G$5,2) -> 0 | H6: 0 | I6: =SUM(F6:H6) -> 0 | K6: HSIP 100% or 94.3% | M6: LocaL Match 0% or 5.7%
A7: Preliminary Engineering: | C7: 0 | D7: 0 | E7: =(C7*D7) -> 0 | F7: =ROUND(D7*$F$5,2) -> 0 | G7: =ROUND(D7*$G$5,2) -> 0 | H7: 0 | I7: =SUM(F7:H7) -> 0
A8: ADOT Admin Costs: | C8: 1 | D8: 30000 | E8: =(C8*D8) -> 30000 | F8: =ROUND(D8*$F$5,2) -> 30000 | G8: =ROUND(D8*$G$5,2) -> 0 | H8: 0 | I8: =SUM(F8:H8) -> 30000 | K8: Fixed Cost
A9: Sub-Total | D9: =SUM(D6:D8) -> 30000 | E9: =SUM(E6:E8) -> 30000 | F9: =SUM(F6:F8) -> 30000 | G9: =SUM(G6:G8) -> 0 | H9: =SUM(H6:H8) -> 0 | I9: =SUM(I6:I8) -> 30000
A10: Materials: | B10: RWM Signs (SF) | C10: 0 | D10: 0 | E10: =(C10*D10) -> 0 | F10: =ROUND(D10*$F$5*C10,2) -> 0 | G10: =ROUND(D10*$G$5*C10,2) -> 0 | H10: 0 | I10: =SUM(F10:H10) -> 0 | K10: Cost varies between $10.00 - $25.00 SF for .08 in thick RWM signs depending on qty.
A11: Materials: | B11: Mounting Hardware (ea) | C11: 0 | D11: 0 | E11: =(C11*D11) -> 0 | F11: =ROUND(D11*$F$5*C11,2) -> 0 | G11: =ROUND(D11*$G$5*C11,2) -> 0 | H11: 0 | I11: =SUM(F11:H11) -> 0 | K11: Lump sum costs will not be approved. As a minimum, costs have to be be broken out by the countermeasures identified in the application and cover letter.
A12: Materials: | C12: 0 | D12: 0 | E12: =(C12*D12) -> 0 | F12: =ROUND(D12*$F$5*C12,2) -> 0 | G12: =ROUND(D12*$G$5*C12,2) -> 0 | H12: 0 | I12: =SUM(F12:H12) -> 0
A13: Materials: | C13: 0 | D13: =D10*C13 -> 0 | E13: =(C13*D13) -> 0 | F13: =ROUND(D13*$F$5*C13,2) -> 0 | G13: =ROUND(D13*$G$5*C13,2) -> 0 | H13: 0 | I13: =SUM(F13:H13) -> 0
A14: Materials: | C14: 0 | D14: 0 | E14: =(C14*D14) -> 0 | F14: =ROUND(D14*$F$5*C14,2) -> 0 | G14: =ROUND(D14*$G$5*C14,2) -> 0 | H14: 0 | I14: =SUM(F14:H14) -> 0
A15: Materials: | C15: 0 | D15: 0 | E15: =(C15*D15) -> 0 | F15: =ROUND(D15*$F$5*C15,2) -> 0 | G15: =ROUND(D15*$G$5*C15,2) -> 0 | H15: 0 | I15: =SUM(F15:H15) -> 0
A16: Materials Sub-Total: | E16: =SUM(E10:E15) -> 0 | F16: =SUM(F10:F15) -> 0 | G16: =SUM(G10:G15) -> 0 | H16: =SUM(H10:H15) -> 0 | I16: =SUM(I10:I15) -> 0 | K16: NOTE: LPAs are responsible to order and to initially pay for locally installed items. ADOT will reimburse the LPA 80% of PO amount upon inspection of delivered items. The remaining 20% will be paid after final inspection of the installed items.
A17: Sales Tax | C17: 0.1 | E17: =(C17*E16) -> 0 | F17: =(C17*F16) -> 0 | G17: =(C17*G16) -> 0 | H17: =(C17*H16) -> 0 | I17: =(C17*I16) -> 0
A18: Sub-Total | D18: =SUM(D16:D17) -> 0 | E18: =SUM(E16:E17) -> 0 | F18: =SUM(F16:F17) -> 0 | G18: =SUM(G16:G17) -> 0 | H18: =SUM(H16:H17) -> 0 | I18: =SUM(I16:I17) -> 0
A19: Construction Admin : | C19: 0.14 | F19: =ROUND($C$19*F18,2) -> 0 | G19: =ROUND($C$19*G18,2) -> 0 | H19: 0 | I19: =F19+G19+H19 -> 0
A20: Contingencies : | C20: 0.05 | F20: =ROUND($C$20*F18,2) -> 0 | G20: =ROUND($C$20*G18,2) -> 0 | H20: 0 | I20: =F20+G20+H20 -> 0
A21: Post Design: | C21: 0.01 | F21: =ROUND($C$21*F18,2) -> 0 | G21: =ROUND(D21*$G$5,2) -> 0 | H21: 0 | I21: =F21+G21+H21 -> 0
C22: 0 | F22: =ROUND(C22*F18,2) -> 0 | G22: =ROUND(D22*$G$5,2) -> 0 | H22: 0 | I22: =SUM(F22:H22) -> 0
C23: 0 | F23: =ROUND(E23*$F$5,2) -> 0 | G23: =ROUND(D23*$G$5,2) -> 0 | H23: 0 | I23: =SUM(F23:H23) -> 0
C24: 0 | F24: =ROUND(E24*$F$5,2) -> 0 | G24: =ROUND(D24*$G$5,2) -> 0 | H24: 0 | I24: =SUM(F24:H24) -> 0
C25: 0 | F25: =ROUND(E25*$F$5,2) -> 0 | G25: =ROUND(D25*$G$5,2) -> 0 | H25: 0 | I25: =SUM(F25:H25) -> 0
C26: 0 | F26: =ROUND(E26*$F$5,2) -> 0 | G26: =ROUND(D26*$G$5,2) -> 0 | H26: 0 | I26: =SUM(F26:H26) -> 0
C27: 0 | F27: =ROUND(E27*$F$5,2) -> 0 | G27: =ROUND(D27*$G$5,2) -> 0 | H27: 0 | I27: =SUM(F27:H27) -> 0
A28: Sub-Total | E28: =SUM(E19:E27) -> 0 | F28: =SUM(F19:F27) -> 0 | G28: =SUM(G19:G27) -> 0 | H28: =SUM(H19:H27) -> 0 | I28: =SUM(I19:I27) -> 0
I29: =C29*D29 -> 0
A30: TOTAL REQUEST | F30: =F9+F18+F28 -> 30000 | G30: =G9+G18+G28 -> 0 | H30: =H9+H18+H28 -> 0 | I30: =I9+I18+I28 -> 30000 | K30: Total Cost associated with the design, ROW acquisition, and construction even if no federal HSIP funding will be used to complete the phase. Minimum cost $250,000.
A32: Comments:
A38: NOTE: For HSIP funds, project costs exceeding the TOTAL REQUEST have to be obtained from other than HSIP funding.

Sheet 5.100% Contract Install
A1: Agency: | B1: ='2. Application'!C1 | C1: Name of Project: | D1: Procurement of Sign Panels - Contractor Installed | K1: Change Name of Project to your project's name.
A3: HSIP Project Cost Estimate Worksheet
A4: Project Cost Estimate: | B4: Description: | C4: Quantity: | D4: Cost (Unit): | E4: Total Cost | F4: HSIP: | G4: Local Match: | H4: Other Amt: | I4: TOTAL COST
F5: 1 | G5: 0 | H5: 0 | K5: Change Percentage based on if a local match is required.
A6: Planning or Study: | C6: 0 | D6: 0 | E6: =(C6*D6) -> 0 | F6: =ROUND(D6*$F$5,2) -> 0 | G6: =ROUND(D6*$G$5,2) -> 0 | H6: 0 | I6: =SUM(F6:H6) -> 0 | K6: HSIP 100% or 94.3% | M6: LocaL Match 0% or 5.7%
A7: Preliminary Engineering: | C7: 0 | D7: 0 | E7: =(C7*D7) -> 0 | F7: =ROUND(D7*$F$5,2) -> 0 | G7: =ROUND(D7*$G$5,2) -> 0 | H7: 0 | I7: =SUM(F7:H7) -> 0
A8: ADOT Admin Costs: | C8: 1 | D8: 30000 | E8: =(C8*D8) -> 30000 | F8: =ROUND(D8*$F$5,2) -> 30000 | G8: =ROUND(D8*$G$5,2) -> 0 | H8: 0 | I8: =SUM(F8:H8) -> 30000 | K8: Fixed Cost
A9: Sub-Total | D9: =SUM(D6:D8) -> 30000 | E9: =SUM(E6:E8) -> 30000 | F9: =SUM(F6:F8) -> 30000 | G9: =SUM(G6:G8) -> 0 | H9: =SUM(H6:H8) -> 0 | I9: =SUM(I6:I8) -> 30000
A10: Materials: | B10: RWM Signs (SF) | C10: 1000 | D10: 20 | E10: =(C10*D10) -> 20000 | F10: =ROUND(D10*$F$5*C10,2) -> 20000 | G10: =ROUND(D10*$G$5*C10,2) -> 0 | H10: 0 | I10: =SUM(F10:H10) -> 20000 | K10: Cost varies between $20.00 - $35.00 SF for .08 in thick RWM signs depending on qty.
A11: Materials: | B11: Mounting Hardware (ea) | C11: 500 | D11: 6 | E11: =(C11*D11) -> 3000 | F11: =ROUND(D11*$F$5*C11,2) -> 3000 | G11: =ROUND(D11*$G$5*C11,2) -> 0 | H11: 0 | I11: =SUM(F11:H11) -> 3000
A12: Materials: | C12: 0 | D12: 0 | E12: =(C12*D12) -> 0 | F12: =ROUND(D12*$F$5*C12,2) -> 0 | G12: =ROUND(D12*$G$5*C12,2) -> 0 | H12: 0 | I12: =SUM(F12:H12) -> 0 | K12: Lump sum costs will not be approved. As a minimum, costs have to be be broken out by the countermeasures identified in the application and cover letter.
A13: Materials: | C13: 0 | D13: =D10*C13 -> 0 | E13: =(C13*D13) -> 0 | F13: =ROUND(D13*$F$5*C13,2) -> 0 | G13: =ROUND(D13*$G$5*C13,2) -> 0 | H13: 0 | I13: =SUM(F13:H13) -> 0
A14: Materials: | C14: 0 | D14: 0 | E14: =(C14*D14) -> 0 | F14: =ROUND(D14*$F$5*C14,2) -> 0 | G14: =ROUND(D14*$G$5*C14,2) -> 0 | H14: 0 | I14: =SUM(F14:H14) -> 0
A15: Materials: | C15: 0 | D15: 0 | E15: =(C15*D15) -> 0 | F15: =ROUND(D15*$F$5*C15,2) -> 0 | G15: =ROUND(D15*$G$5*C15,2) -> 0 | H15: 0 | I15: =SUM(F15:H15) -> 0
A16: Materials Sub-Total: | E16: =SUM(E10:E15) -> 23000 | F16: =SUM(F10:F15) -> 23000 | G16: =SUM(G10:G15) -> 0 | H16: =SUM(H10:H15) -> 0 | I16: =SUM(I10:I15) -> 23000
A17: Traffic Control: | C17: 0.1 | E17: =(C17*E16) -> 2300 | F17: =(C17*F16) -> 2300 | G17: =(C17*G16) -> 0 | H17: =(C17*H16) -> 0 | I17: =(C17*I16) -> 2300
A18: Mobilization: | C18: 0.1 | E18: =C18*E16 -> 2300 | F18: =C18*F16 -> 2300 | G18: =C18*G16 -> 0 | H18: =C18*H16 -> 0 | I18: =C18*I16 -> 2300
A19: Sub-Total | D19: =SUM(D16:D17) -> 0 | E19: =SUM(E16:E17) -> 25300 | F19: =SUM(F16:F17) -> 25300 | G19: =SUM(G16:G17) -> 0 | H19: =SUM(H16:H17) -> 0 | I19: =SUM(I16:I17) -> 25300
A20: Construction Admin : | C20: 0.14 | F20: =ROUND($C$20*F19,2) -> 3542 | G20: =ROUND($C$20*G19,2) -> 0 | H20: 0 | I20: =F20+G20+H20 -> 3542
A21: Contingencies : | C21: 0.05 | F21: =ROUND($C$21*F19,2) -> 1265 | G21: =ROUND($C$21*G19,2) -> 0 | H21: 0 | I21: =F21+G21+H21 -> 1265
A22: Post Design: | C22: 0.01 | F22: =ROUND($C$22*F19,2) -> 253 | G22: =ROUND(D22*$G$5,2) -> 0 | H22: 0 | I22: =F22+G22+H22 -> 253
A23: Communications | C23: 0.05 | F23: =ROUND(C23*F19,2) -> 1265 | G23: =ROUND(D23*$G$5,2) -> 0 | H23: 0 | I23: =SUM(F23:H23) -> 1265
C24: 0 | F24: =ROUND(E24*$F$5,2) -> 0 | G24: =ROUND(D24*$G$5,2) -> 0 | H24: 0 | I24: =SUM(F24:H24) -> 0
C25: 0 | F25: =ROUND(E25*$F$5,2) -> 0 | G25: =ROUND(D25*$G$5,2) -> 0 | H25: 0 | I25: =SUM(F25:H25) -> 0
C26: 0 | F26: =ROUND(E26*$F$5,2) -> 0 | G26: =ROUND(D26*$G$5,2) -> 0 | H26: 0 | I26: =SUM(F26:H26) -> 0
C27: 0 | F27: =ROUND(E27*$F$5,2) -> 0 | G27: =ROUND(D27*$G$5,2) -> 0 | H27: 0 | I27: =SUM(F27:H27) -> 0
C28: 0 | F28: =ROUND(E28*$F$5,2) -> 0 | G28: =ROUND(D28*$G$5,2) -> 0 | H28: 0 | I28: =SUM(F28:H28) -> 0
A29: Sub-Total | F29: =SUM(F20:F28) -> 6325 | G29: =SUM(G20:G28) -> 0 | H29: =SUM(H20:H28) -> 0 | I29: =SUM(I20:I28) -> 6325
I30: =C30*D30 -> 0
A31: TOTAL REQUEST | F31: =F9+F19+F29 -> 61625 | G31: =G9+G19+G29 -> 0 | H31: =H9+H19+H29 -> 0 | I31: =I9+I19+I29 -> 61625 | K31: Total Cost associated with the design, ROW acquisition, and construction even if no federal HSIP funding will be used to complete the phase. Minimum cost $250,000.
A33: Comments:

Sheet 6. Phased Cost Est.
A1: Agency: | C1: Name of Project: | D1: Inventory/Procure Regulatory/Warning/Streetname Signs and phased local agency install
A3: Project Cost Estimate Worksheet
A4: Project Cost Estimate: | B4: Description: | C4: Quantity: | D4: Cost (Unit): | E4: Total Cost | F4: HSIP: | G4: Local Match: | H4: Other Amt: | I4: TOTAL COST
F5: 1 | G5: 0 | H5: 0
A6: Preliminary Engineering: | C6: 1 | D6: 100000 | E6: =ROUND(C6*D6,2) -> 100000 | F6: =ROUND(D6*$F$5,2) -> 100000 | G6: =ROUND(D6*$G$5,2) -> 0 | H6: 0 | I6: =SUM(F6:H6) -> 100000 | K6: Sign Mgt Software & Inventory
A7: ADOT Admin Costs - Phase 1: | C7: 1 | D7: 30000 | E7: =ROUND(C7*D7,2) -> 30000 | F7: =ROUND(D7*$F$5,2) -> 30000 | G7: =ROUND(D7*$G$5,2) -> 0 | H7: 0 | I7: =SUM(F7:H7) -> 30000 | K7: ADOT PM Cost Only
A8: Total Phase 1 - Project Year 1 | E8: =SUM(E6:E7) -> 130000 | F8: =SUM(F6:F7) -> 130000 | G8: =SUM(G6:G7) -> 0 | H8: =SUM(H6:H7) -> 0 | I8: =SUM(I6:I7) -> 130000
A9: ADOT Admin Costs-Year 2: | C9: 1 | D9: 30000 | E9: =ROUND(C9*D9,2) -> 30000 | F9: =ROUND(D9*$F$5,2) -> 30000 | G9: =ROUND(D9*$G$5,2) -> 0 | H9: 0 | I9: =SUM(F9:H9) -> 30000 | K9: ADOT Traffic Design Prep. Specs.
A10: Materials: | B10: Regulatory Signs | C10: 1 | D10: 50 | E10: =ROUND(C10*D10,2) -> 50 | F10: =ROUND(D10*$F$5*C10,2) -> 50 | G10: =ROUND(D10*$G$5*C10,2) -> 0 | H10: 0 | I10: =SUM(F10:H10) -> 50
A11: Materials: | B11: Mounting Hardware | C11: 1 | D11: 6 | E11: =ROUND(C11*D11,2) -> 6 | F11: =ROUND(D11*$F$5*C11,2) -> 6 | G11: =ROUND(D11*$G$5*C11,2) -> 0 | H11: 0 | I11: =SUM(F11:H11) -> 6
A12: Sub-Total Material Cost - Phase 2 | E12: =SUM(E10:E11) -> 56 | F12: =SUM(F10:F11) -> 56 | G12: =SUM(G10:G11) -> 0 | H12: =SUM(H10:H11) -> 0 | I12: =SUM(I10:I11) -> 56
A13: Sales Tax: | C13: 0.1 | E13: =ROUND(E12*C13,2) -> 5.6 | F13: =ROUND(F12*C13,2) -> 5.6 | G13: $ | H13: $ | I13: =SUM(F13:H13) -> 5.6
A14: Equipment and Installation Sub-Total Phase 2 - Year 2 | E14: =SUM(E12:E13) -> 61.6 | F14: =SUM(F12:F13) -> 61.6 | G14: =SUM(G10:G10) -> 0 | H14: =SUM(H10:H10) -> 0 | I14: =SUM(I12:I13) -> 61.6
A15: Construction Admin : | C15: 0.14 | E15: =ROUND(E14*C15,2) -> 8.62 | F15: =ROUND(C15*F14,2) -> 8.62 | G15: $ | H15: 0 | I15: =F15 -> 8.62
A16: Contingencies : | C16: 0.05 | E16: =ROUND(E14*C16,2) -> 3.08 | F16: =ROUND(C16*F14,2) -> 3.08 | G16: $ | H16: 0 | I16: =F16 -> 3.08
A17: Post Design: | C17: 0.01 | E17: =ROUND(E14*C17,2) -> 0.62 | F17: =ROUND(C17*F14,2) -> 0.62 | G17: $ | H17: $ | I17: =F17 -> 0.62
A18: Administration Sub-Total Phase 2 - Year 2 | E18: =SUM(E15:E17) -> 12.32 | F18: =SUM(F15:F17) -> 12.32 | G18: =SUM(G15:G17) -> 0 | H18: =SUM(H15:H17) -> 0 | I18: =SUM(I15:I17) -> 12.32
A19: Total Phase 2 - Project Year 2 | E19: =SUM(E9+F14+E18) -> 30073.92 | F19: =F9+F14+F18 -> 30073.92 | G19: =G14+G18 -> 0 | H19: =H14+H18 -> 0 | I19: =I9+I14+I18 -> 30073.92
A20: ADOT Admin Costs-Year 3: | C20: 1 | D20: 15000 | E20: =ROUND(C20*D20,2) -> 15000 | F20: =ROUND(D20*$F$5,2) -> 15000 | G20: =ROUND(D20*$G$5,2) -> 0 | H20: 0 | I20: =SUM(F20:H20) -> 15000 | K20: ADOT Traffic Design Prep. Sign Lists
A21: Materials: | B21: Regulatory Signs | C21: 1 | D21: 50 | E21: =ROUND(C21*D21,2) -> 50 | F21: =ROUND(D21*$F$5*C21,2) -> 50 | G21: =ROUND(D21*$G$5*C21,2) -> 0 | H21: 0 | I21: =SUM(F21:H21) -> 50
A22: Materials: | B22: Mounting Hardware | C22: 1 | D22: 6 | E22: =ROUND(C22*D22,2) -> 6 | F22: =ROUND(D22*$F$5*C22,2) -> 6 | G22: =ROUND(D22*$G$5*C22,2) -> 0 | H22: 0 | I22: =SUM(F22:H22) -> 6 | K22: Lump sum costs will not be approved. As a minimum, costs have to be be broken out by the countermeasures identified in the application and cover letter.
A23: Sub-Total Material Cost - Phase 3 | E23: =SUM(E21:E22) -> 56 | F23: =SUM(F21:F22) -> 56 | G23: =SUM(G21:G22) -> 0 | H23: =SUM(H21:H22) -> 0 | I23: =SUM(I21:I22) -> 56
A24: Sales Tax: | C24: 0.1 | E24: =ROUND(C24*E23,2) -> 5.6 | F24: =ROUND(C24*F23,2) -> 5.6 | I24: =SUM(F24:H24) -> 5.6
A25: Equipment and Installation Sub-Total Phase 3 - Year 3 | E25: =SUM(E23:E24) -> 61.6 | F25: =SUM(F23:F24) -> 61.6 | G25: =SUM(G21:G21) -> 0 | H25: =SUM(H21:H21) -> 0 | I25: =SUM(I23:I24) -> 61.6
A26: Construction Admin : | C26: 0.14 | E26: =ROUND(C26*E25,2) -> 8.62 | F26: =ROUND(C26*F25,2) -> 8.62 | G26: $ | H26: 0 | I26: =F26 -> 8.62
A27: Contingencies : | C27: 0.05 | E27: =ROUND(C27*E25,2) -> 3.08 | F27: =ROUND(C27*F25,2) -> 3.08 | G27: $ | H27: 0 | I27: =F27 -> 3.08
A28: Post Design: | C28: 0.01 | E28: =ROUND(C28*E25,2) -> 0.62 | F28: =ROUND(C28*F25,2) -> 0.62 | I28: =F28 -> 0.62
A29: Administration Sub-Total Phase 3 - Year 3 | E29: =SUM(E26:E28) -> 12.32 | F29: =SUM(F26:F28) -> 12.32 | G29: =SUM(G26:G28) -> 0 | H29: =SUM(H26:H28) -> 0 | I29: =SUM(I26:I28) -> 12.32
A30: Total Phase 3 - Project Year 3 | E30: =ROUND(E20+E25+E29,2) -> 15073.92 | F30: =F20+F25+F29 -> 15073.92 | G30: =G25+G29 -> 0 | H30: =H25+H29 -> 0 | I30: =I20+I25+I29 -> 15073.92
A31: ADOT Admin Costs-Year 4: | C31: 1 | D31: 15000 | E31: =ROUND(C31*D31,2) -> 15000 | F31: =ROUND(D31*$F$5,2) -> 15000 | G31: =ROUND(D31*$G$5,2) -> 0 | H31: 0 | I31: =SUM(F31:H31) -> 15000 | K31: ADOT Traffic Design Prep. Sign Lists
A32: Materials: | B32: Regulatory Signs | C32: 1 | D32: 50 | E32: =ROUND(C32*D32,2) -> 50 | F32: =ROUND(D32*$F$5*C32,2) -> 50 | G32: =ROUND(D32*$G$5*C32,2) -> 0 | H32: 0 | I32: =SUM(F32:H32) -> 50
A33: Materials: | B33: Mounting Hardware | C33: 1 | D33: 6 | E33: =ROUND(C33*D33,2) -> 6 | F33: =ROUND(D33*$F$5*C33,2) -> 6 | G33: =ROUND(D33*$G$5*C33,2) -> 0 | H33: 0 | I33: =SUM(F33:H33) -> 6
A34: Sub-Total Material Cost - Phase 4 | E34: =SUM(E32:E33) -> 56 | F34: =SUM(F32:F33) -> 56 | G34: =SUM(G32:G33) -> 0 | H34: =SUM(H32:H33) -> 0 | I34: =SUM(I32:I33) -> 56
A35: Sales Tax: | C35: 0.1 | E35: =ROUND(C35*E34,2) -> 5.6 | F35: =ROUND(C35*F34,2) -> 5.6 | G35: $ | H35: $ | I35: =F35 -> 5.6
A36: Equipment and Installation Sub-Total Phase 4 - Year 4 | E36: =SUM(E34:E35) -> 61.6 | F36: =SUM(F34:F35) -> 61.6 | G36: =SUM(G32:G32) -> 0 | H36: =SUM(H32:H32) -> 0 | I36: =SUM(I34:I35) -> 61.6
A37: Construction Admin : | C37: 0.14 | E37: =ROUND(C37*E36,2) -> 8.62 | F37: =ROUND(C37*F36,2) -> 8.62 | G37: $ | H37: 0 | I37: =F37 -> 8.62
A38: Contingencies : | C38: 0.05 | E38: =ROUND(C38*E36,2) -> 3.08 | F38: =ROUND(C38*F36,2) -> 3.08 | G38: $ | H38: 0 | I38: =F38 -> 3.08
A39: Post Design: | C39: 0.01 | E39: =ROUND(C39*E36,2) -> 0.62 | F39: =ROUND(C39*F36,2) -> 0.62 | I39: =F39 -> 0.62
A40: Administration Sub-Total Phase 2 - Year 2 | E40: =SUM(E37:E39) -> 12.32 | F40: =SUM(F37:F39) -> 12.32 | G40: =SUM(G37:G39) -> 0 | H40: =SUM(H37:H39) -> 0 | I40: =SUM(I37:I39) -> 12.32
A41: Total Phase 4 - Project Year 4 | E41: =ROUND(E31+E36+E40,2) -> 15073.92 | F41: =F31+F36+F40 -> 15073.92 | G41: =G36+G40 -> 0 | H41: =H36+H40 -> 0 | I41: =I31+I36+I40 -> 15073.92
A42: Total Request | E42: =SUM(E8+E19+E30+E41) -> 190221.76 | F42: =SUM(F8+F19+F30+F41) -> 190221.76 | G42: =SUM(G8+G19+G30+G41) -> 0 | H42: =SUM(H8+H19+H30+H41) -> 0 | I42: =I8+I19+I30+I41 -> 190221.76 | K42: Total Cost associated with the design, ROW acquisition, and construction even if no federal HSIP funding will be used to complete the phase. Minimum cost $250,000.

Sheet 7. 94.3% Cost Estimate
A1: Agency: | B1: ='2. Application'!C1 | C1: Name of Project: | E1: Procurement of Safety Items not 100% HSIP eligible (no contractor)
A3: HSIP Project Cost Estimate Worksheet
A4: Project Cost Estimate: | B4: Description: | C4: Quantity: | D4: Unit Cost: | E4: Total Cost: | F4: HSIP: | G4: Local Match: | H4: Other Amt: | I4: TOTAL COST
F5: 0.943 | G5: 0.057 | H5: 0 | K5: Change Percentage based on if a local match is required.
A6: Planning or Study: | C6: 0 | D6: 0 | E6: 0 | F6: =ROUND(E6*$F$5,2) -> 0 | G6: =ROUND(E6*$G$5,2) -> 0 | H6: 0 | I6: =SUM(F6:H6) -> 0 | K6: HSIP 100%, 94.3% or 94.34% | M6: LocaL Match 5.7%, 5.66% or 0% | P6: (5.66% is for Interstate projects only)
A7: Preliminary Engineering: | C7: 0 | D7: 0 | E7: 0 | F7: =ROUND(E7*$F$5,2) -> 0 | G7: =ROUND(E7*$G$5,2) -> 0 | H7: 0 | I7: =SUM(F7:H7) -> 0
A8: Non-Infastructure (NI) Elements: | C8: 0 | D8: 0 | E8: 0 | F8: =ROUND(E8*$F$5,2) -> 0 | G8: =ROUND(E8*$G$5,2) -> 0 | H8: 0 | I8: =SUM(F8:H8) -> 0 | K8: All NI elements must be highway safety-related and directly support the proposed safety countermeasure.
A9: ADOT Admin Costs: | C9: 1 | D9: 30000 | E9: 30000 | F9: =ROUND(E9*$F$5,2) -> 28290 | G9: =ROUND(E9*$G$5,2) -> 1710 | H9: 0 | I9: =SUM(F9:H9) -> 30000
A10: Sub-Total | E10: =SUM(E6:E9) -> 30000 | F10: =SUM(F5:F9) -> 28290.943 | G10: =SUM(G6:G9) -> 1710 | H10: =SUM(H6:H9) -> 0 | I10: =SUM(I6:I9) -> 30000 | K10: Lump sum costs will not be approved. As a minimum, costs have to be be broken out by the countermeasures identified in the application and cover letter.
A11: Construction: | C11: 0 | E11: 0 | F11: =ROUND(E11*$F$5,2) -> 0 | G11: =ROUND(E11*$G$5,2) -> 0 | H11: 0 | I11: =SUM(F11:H11) -> 0
A12: Materials: | B12: Item not 100% HSIP eligible | C12: 4000 | D12: 20 | E12: =(C12*D12) -> 80000 | F12: =ROUND(E12*$F$5,2) -> 75440 | G12: =ROUND(E12*$G$5,2) -> 4560 | H12: 0 | I12: =SUM(F12:H12) -> 80000
A13: Materials: | C13: 0 | E13: =(C13*D13) -> 0 | F13: =ROUND(E13*$F$5,2) -> 0 | G13: =ROUND(E13*$G$5,2) -> 0 | H13: 0 | I13: =SUM(F13:H13) -> 0
A14: Materials: | C14: 0 | E14: =(C14*D14) -> 0 | F14: =ROUND(E14*$F$5,2) -> 0 | G14: =ROUND(E14*$G$5,2) -> 0 | H14: 0 | I14: =SUM(F14:H14) -> 0
A15: Materials: | C15: 0 | E15: =(C15*D15) -> 0 | F15: =ROUND(E15*$F$5,2) -> 0 | G15: =ROUND(E15*$G$5,2) -> 0 | H15: 0 | I15: =SUM(F15:H15) -> 0
A16: Materials: | C16: 0 | E16: =(C16*D16) -> 0 | F16: =ROUND(E16*$F$5,2) -> 0 | G16: =ROUND(E16*$G$5,2) -> 0 | H16: 0 | I16: =SUM(F16:H16) -> 0
A17: Materials Sub-Total | C17: 0 | E17: =SUM(E11:E16) -> 80000 | F17: =SUM(F11:F16) -> 75440 | G17: =SUM(G11:G16) -> 4560 | H17: =SUM(H11:H16) -> 0 | I17: =SUM(I11:I16) -> 80000
A18: Sales Tax: | C18: 0.1 | E18: =(C18*E17) -> 8000 | F18: =ROUND(E18*$F$5,2) -> 7544 | G18: =ROUND(E18*$G$5,2) -> 456 | H18: 0 | I18: =SUM(F18:H18) -> 8000
A19: Sub-Total | E19: =SUM(E17:E18) -> 88000 | F19: =SUM(F17:F18) -> 82984 | G19: =SUM(G17:G18) -> 5016 | H19: =SUM(H17:H18) -> 0 | I19: =SUM(I17:I18) -> 88000
A20: Construction Admin : | C20: 0.14 | E20: =ROUND(E19*C20,2) -> 12320 | F20: =ROUND(E20*$F$5,2) -> 11617.76 | G20: =ROUND(E20*$G$5,2) -> 702.24 | H20: 0 | I20: =F20+G20+H20 -> 12320
A21: Contingencies : | C21: 0.05 | E21: =ROUND(E19*C21,2) -> 4400 | F21: =ROUND(E21*$F$5,2) -> 4149.2 | G21: =ROUND(E21*$G$5,2) -> 250.8 | H21: 0 | I21: =F21+G21+H21 -> 4400
A22: Post Design | C22: 0.01 | E22: =C22*E19 -> 880 | F22: =ROUND(E22*$F$5,2) -> 829.84 | G22: =ROUND(E22*$G$5,2) -> 50.16 | H22: 0 | I22: =F22+G22+H22 -> 880
E23: 0 | F23: =ROUND(E23*$F$5,2) -> 0 | G23: =ROUND(E23*$G$5,2) -> 0 | H23: 0 | I23: =SUM(F23:H23) -> 0
E24: 0 | F24: =ROUND(E24*$F$5,2) -> 0 | G24: =ROUND(E24*$G$5,2) -> 0 | H24: 0 | I24: =SUM(F24:H24) -> 0
E25: 0 | F25: =ROUND(E25*$F$5,2) -> 0 | G25: =ROUND(E25*$G$5,2) -> 0 | H25: 0 | I25: =SUM(F25:H25) -> 0
E26: 0 | F26: =ROUND(E26*$F$5,2) -> 0 | G26: =ROUND(E26*$G$5,2) -> 0 | H26: 0 | I26: =SUM(F26:H26) -> 0
E27: 0 | F27: =ROUND(E27*$F$5,2) -> 0 | G27: =ROUND(E27*$G$5,2) -> 0 | H27: 0 | I27: =SUM(F27:H27) -> 0
E28: 0 | F28: =ROUND(E28*$F$5,2) -> 0 | G28: =ROUND(E28*$G$5,2) -> 0 | H28: 0 | I28: =SUM(F28:H28) -> 0
A29: Sub-Total | E29: =SUM(E20:E28) -> 17600 | F29: =SUM(F20:F28) -> 16596.8 | G29: =SUM(G20:G28) -> 1003.2 | H29: =SUM(H20:H28) -> 0 | I29: =SUM(I20:I28) -> 17600
A31: TOTAL REQUEST | E31: =E10+E19+E29 -> 135600 | F31: =F10+F19+F29 -> 127871.74 | G31: =G10+G19+G29 -> 7729.2 | H31: =H10+H19+H29 -> 0 | I31: =I10+I19+I29 -> 135600 | K31: Total Cost associated with the design, ROW acquisition, and construction even if no federal HSIP funding will be used to complete the phase. Minimum cost $250,000.
A33: Comments:

Sheet 8. 94.3% Spot Improvement
A1: Agency: | B1: ='2. Application'!C1 | D1: Name of Project: | F1: Spot Improvement with Non-HSIP construction included
A3: HSIP Project Cost Estimate Worksheet
A4: Project Cost Estimate: | B4: Description: | C4: Unit | D4: Quantity: | E4: Unit Cost: | F4: Total Cost: | G4: HSIP: | H4: Local Match: | I4: Other Amt: | J4: TOTAL COST
G5: 0.943 | H5: 0.057 | I5: =I33/F33 -> 0.060266478 | L5: Other Amount Percentage is based on percent of Non-HSIP funded vs HSIP funded construction cost - % can exceed 100%
A6: Design: | D6: 1 | E6: 200000 | F6: =D6*E6 -> 200000 | G6: =ROUND(F6*$G$5,2) -> 188600 | H6: =ROUND(F6*$H$5,2) -> 11400 | I6: =F6*I5 -> 12053.296 | J6: =SUM(G6:I6) -> 212053.3
A7: ROW Acquisition: | D7: 1 | E7: 60000 | F7: =D7*E7 -> 60000 | G7: =ROUND(F7*$G$5,2) -> 56580 | H7: =ROUND(F7*$H$5,2) -> 3420 | I7: =F7*I5 -> 3615.9887 | J7: =SUM(G7:I7) -> 63615.989 | L7: Estimate varies
A8: Environmental Clearance | D8: 1 | E8: 15000 | F8: =D8*E8 -> 15000 | G8: =ROUND(F8*$G$5,2) -> 14145 | H8: =ROUND(F8*$H$5,2) -> 855 | I8: =F8*I5 -> 903.99718 | J8: =SUM(G8:I8) -> 15903.997 | L8: Estimate varies
A9: ADOT Admin Costs: | D9: 1 | E9: 31828 | F9: =D9*E9 -> 31828 | G9: =ROUND(F9*$G$5,2) -> 30013.8 | H9: =ROUND(F9*$H$5,2) -> 1814.2 | I9: 0 | J9: =SUM(G9:I9) -> 31828 | L9: $20,000 or 10% of project estimate which ever is greater.
A10: Design Sub-Total | F10: =SUM(F6:F9) -> 306828 | G10: =SUM(G5:G9) -> 289339.74 | H10: =SUM(H6:H9) -> 17489.2 | I10: =SUM(I6:I9) -> 16573.282 | J10: =SUM(J6:J9) -> 323401.28
A11: Construction: | B11: Removal of existing structures | C11: EA | D11: 1 | E11: 10000 | F11: =D11*E11 -> 10000 | G11: =ROUND(F11*$G$5,2) -> 9430 | H11: =ROUND(F11*$H$5,2) -> 570 | I11: 0 | J11: =SUM(G11:I11) -> 10000 | L11: Construction estimate needs to be in enough detail that ADOT can verify accuracy. Lump sums will not be approved.
A12: Construction: | B12: Base Course Prep | C12: SY | D12: 200 | E12: 3 | F12: =(D12*E12) -> 600 | G12: =ROUND(F12*$G$5,2) -> 565.8 | H12: =ROUND(F12*$H$5,2) -> 34.2 | I12: 0 | J12: =SUM(G12:I12) -> 600
A13: Construction: | B13: Wearing surface | C13: Ton | D13: 2000 | E13: 100 | F13: =(D13*E13) -> 200000 | G13: =ROUND(F13*$G$5,2) -> 188600 | H13: =ROUND(F13*$H$5,2) -> 11400 | I13: 0 | J13: =SUM(G13:I13) -> 200000 | L13: These line items are just examples and are not intended to be considered complete or accurate.
A14: Construction: | B14: Pavement Marking | C14: LF | D14: 3000 | E14: 0.5 | F14: =(D14*E14) -> 1500 | G14: =ROUND(F14*$G$5,2) -> 1414.5 | H14: =ROUND(F14*$H$5,2) -> 85.5 | I14: 0 | J14: =SUM(G14:I14) -> 1500
A15: Construction: | B15: Relocate signage | C15: EA | D15: 6 | E15: 150 | F15: =(D15*E15) -> 900 | G15: =ROUND(F15*$G$5,2) -> 848.7 | H15: =ROUND(F15*$H$5,2) -> 51.3 | I15: 0 | J15: =SUM(G15:I15) -> 900 | L15: Lump sum costs will not be approved. As a minimum, costs have to be be broken out by the countermeasures identified in the application and cover letter.
A16: Construction: | D16: 0 | F16: =(D16*E16) -> 0 | G16: =ROUND(F16*$G$5,2) -> 0 | H16: =ROUND(F16*$H$5,2) -> 0 | I16: 0 | J16: =SUM(G16:I16) -> 0
A17: HSIP Eligible Sub-Total | D17: 0 | F17: =SUM(F11:F16) -> 213000 | G17: =SUM(G11:G16) -> 200859 | H17: =SUM(H11:H16) -> 12141 | I17: =SUM(I11:I16) -> 0 | J17: =SUM(J11:J16) -> 213000
A18: Construction: | B18: Base Course Prep | C18: SY | D18: 40 | E18: 2 | F18: =D18*E18 -> 80 | I18: =F18 -> 80 | J18: =SUM(I18) -> 80
A19: Construction: | B19: Concrete | C19: CY | D19: 100 | E19: 125 | F19: =D19*E19 -> 12500 | I19: =F19 -> 12500 | J19: =SUM(G19:I19) -> 12500
A20: Consturction: | B20: Install New Signage | C20: EA | D20: 8 | E20: 135 | F20: =D20*E20 -> 1080 | I20: =F20 -> 1080 | J20: =SUM(G20:I20) -> 1080
A21: Construction: | F21: =D21*E21 -> 0 | I21: =F21 -> 0 | J21: =SUM(G21:I21) -> 0
A22: Non-HSIP Eligible Sub-Total | F22: =SUM(F18:F21) -> 13660 | I22: =SUM(I18:I21) -> 13660 | J22: =SUM(J18:J21) -> 13660
A24: Construction Sub-Total | F24: =SUM(F22,F17) -> 226660 | G24: =G17 -> 200859 | H24: =H17 -> 12141 | I24: =I22 -> 13660 | J24: =SUM(G24:I24) -> 226660
A25: Traffic Control: | D25: 0.1 | F25: =D25*F24 -> 22666 | G25: =D25*G24 -> 20085.9 | H25: =D25*H24 -> 1214.1 | I25: =D25*I24 -> 1366 | J25: =SUM(G25:I25) -> 22666
A26: Mobilization: | D26: 0.1 | F26: =D26*F24 -> 22666 | G26: =D26*G24 -> 20085.9 | H26: =D26*H24 -> 1214.1 | I26: =D26*I24 -> 1366 | J26: =SUM(G26:I26) -> 22666
A27: Construction Sub-Total | F27: =SUM(F24:F26) -> 271992 | G27: =SUM(G24:G26) -> 241030.8 | H27: =SUM(H24:H26) -> 14569.2 | I27: =SUM(I24:I26) -> 16392 | J27: =SUM(G27:I27) -> 271992
A28: Construction Admin : | D28: 0.14 | F28: =ROUND(F27*D28,2) -> 38078.88 | G28: =ROUND(F28*$G$5,2) -> 35908.38 | H28: =ROUND(F28*$H$5,2) -> 2170.5 | I28: =D28*I27 -> 2294.88 | J28: =G28+H28+I28 -> 40373.76
A29: Contingencies : | D29: 0.05 | F29: =ROUND(F27*D29,2) -> 13599.6 | G29: =ROUND(F29*$G$5,2) -> 12824.42 | H29: =ROUND(F29*$H$5,2) -> 775.18 | I29: =D29*I27 -> 819.6 | J29: =G29+H29+I29 -> 14419.2
A30: Post Design: | D30: 0.01 | F30: =D30*F27 -> 2719.92 | G30: =ROUND(F30*$G$5,2) -> 2564.88 | H30: =ROUND(F30*$H$5,2) -> 155.04 | I30: =D30*I27 -> 163.92 | J30: =G30+H30+I30 -> 2883.84
A31: Communications: | D31: 0.05 | F31: =D31*F27 -> 13599.6 | G31: =ROUND(F31*$G$5,2) -> 12824.42 | H31: =ROUND(F31*$H$5,2) -> 775.18 | I31: =D31*I27 -> 819.6 | J31: =SUM(G31:I31) -> 14419.2
F32: 0 | G32: =ROUND(F32*$G$5,2) -> 0 | H32: =ROUND(F32*$H$5,2) -> 0 | I32: 0 | J32: =SUM(G32:I32) -> 0
A33: Post Sub-Total | F33: =SUM(F28:F32) -> 67998 | G33: =SUM(G28:G32) -> 64122.1 | H33: =SUM(H28:H32) -> 3875.9 | I33: =SUM(I28:I32) -> 4098 | J33: =SUM(J28:J32) -> 72096
A34: Post Const Sub-Total | F34: =F27+F33 -> 339990 | G34: =G27+G33 -> 305152.9 | H34: =H27+H33 -> 18445.1 | I34: =I27+I33 -> 20490 | J34: =J27+J33 -> 344088 | L34: =10%*J34 -> 34408.8
A36: TOTAL REQUEST | F36: =F10+F34+I10+I33 -> 667489.28 | G36: =G10+G34 -> 594492.64 | H36: =H10+H34 -> 35934.3 | I36: =I10+I34 -> 37063.282 | J36: =J10+J34 -> 667489.28 | L36: Total Cost associated with the design, ROW acquisition, and construction even if no federal HSIP funding will be used to complete the phase. Minimum cost $250,000.
A38: Comments:

Sheet 9. State Cost Estimate
A1: Agency: | B1: ='2. Application'!C1 | C1: Name of Project: | E1: ADOT State Agencies Use this Form or if project is on a Federal or State Roadway
A3: HSIP Project Cost Estimate Worksheet
A4: Project Cost Estimate: | B4: Description: | C4: Quantity: | D4: Unit Cost: | E4: Total Cost: | F4: HSIP: | G4: State Match: | H4: Other Amt: | I4: TOTAL COST
F5: 0.943 | G5: 0.057 | H5: 0 | K5: Change Percentage based on if a state match is required.
A6: Planning or Study: | C6: 0 | D6: 0 | E6: 0 | F6: =ROUND(E6*$F$5,2) -> 0 | G6: =ROUND(E6*$G$5,2) -> 0 | H6: 0 | I6: =SUM(F6:H6) -> 0 | K6: HSIP 100%, 94.3% or 94.34% | M6: LocaL Match 5.7%, 5.66% or 0% | P6: (5.66% is for Interstate projects only)
A7: Preliminary Engineering: | C7: 0 | D7: 0 | E7: 0 | F7: =ROUND(E7*$F$5,2) -> 0 | G7: =ROUND(E7*$G$5,2) -> 0 | H7: 0 | I7: =SUM(F7:H7) -> 0
A8: Non-Infastructure (NI) Elements: | C8: 0 | D8: 0 | E8: 0 | F8: =ROUND(E8*$F$5,2) -> 0 | G8: =ROUND(E8*$G$5,2) -> 0 | H8: 0 | I8: =SUM(F8:H8) -> 0 | K8: All NI elements must be highway safety-related and directly support the proposed safety countermeasure.
A9: ADOT Admin Costs: | C9: 1 | D9: 30000 | E9: 30000 | F9: =ROUND(E9*$F$5,2) -> 28290 | G9: =ROUND(E9*$G$5,2) -> 1710 | H9: 0 | I9: =SUM(F9:H9) -> 30000 | K9: This is not a fixed costs for State. Has to cover all environmental, ROW, C&S, etc. costs. Minimum $30,000 or 10% to Construction Sub-Total
A10: Sub-Total | E10: =SUM(E6:E9) -> 30000 | F10: =SUM(F5:F9) -> 28290.943 | G10: =SUM(G6:G9) -> 1710 | H10: =SUM(H6:H9) -> 0 | I10: =SUM(I6:I9) -> 30000 | K10: Lump sum costs will not be approved. As a minimum, costs have to be be broken out by the countermeasures identified in the application and cover letter.
A11: ADOT ICAP: | C11: 0.1039 | E11: =E10*C11 -> 3117 | F11: =F5*E11 -> 2939.331 | G11: =G5*E11 -> 177.669 | I11: =SUM(F11:H11) -> 3117
A12: Design Sub-Total | E12: =SUM(E10:E11) -> 33117 | F12: =SUM(F10:F11) -> 31230.274 | G12: =SUM(G10:G11) -> 1887.669 | I12: =SUM(I10:I11) -> 33117
A13: Construction: | C13: 0 | E13: 0 | F13: =ROUND(E13*$F$5,2) -> 0 | G13: =ROUND(E13*$G$5,2) -> 0 | H13: 0 | I13: =SUM(F13:H13) -> 0
A14: Construction: | B14: Item not 100% HSIP eligible | C14: 4000 | D14: 20 | E14: =(C14*D14) -> 80000 | F14: =ROUND(E14*$F$5,2) -> 75440 | G14: =ROUND(E14*$G$5,2) -> 4560 | H14: 0 | I14: =SUM(F14:H14) -> 80000
A15: Construction: | C15: 0 | E15: =(C15*D15) -> 0 | F15: =ROUND(E15*$F$5,2) -> 0 | G15: =ROUND(E15*$G$5,2) -> 0 | H15: 0 | I15: =SUM(F15:H15) -> 0
A16: Construction: | C16: 0 | E16: =(C16*D16) -> 0 | F16: =ROUND(E16*$F$5,2) -> 0 | G16: =ROUND(E16*$G$5,2) -> 0 | H16: 0 | I16: =SUM(F16:H16) -> 0
A17: Construction: | C17: 0 | E17: =(C17*D17) -> 0 | F17: =ROUND(E17*$F$5,2) -> 0 | G17: =ROUND(E17*$G$5,2) -> 0 | H17: 0 | I17: =SUM(F17:H17) -> 0
A18: Construction: | C18: 0 | E18: =(C18*D18) -> 0 | F18: =ROUND(E18*$F$5,2) -> 0 | G18: =ROUND(E18*$G$5,2) -> 0 | H18: 0 | I18: =SUM(F18:H18) -> 0
A19: Sub-Total | C19: 0 | E19: =SUM(E13:E18) -> 80000 | F19: =SUM(F13:F18) -> 75440 | G19: =SUM(G13:G18) -> 4560 | H19: =SUM(H13:H18) -> 0 | I19: =SUM(I13:I18) -> 80000
A20: Sales Tax: | B20: (if applicable) | C20: 0.1 | E20: =(C20*E19) -> 8000 | F20: =ROUND(E20*$F$5,2) -> 7544 | G20: =ROUND(E20*$G$5,2) -> 456 | H20: 0 | I20: =SUM(F20:H20) -> 8000 | K20: Procurement only contract
A21: Sub-Total | E21: =SUM(E19:E20) -> 88000 | F21: =SUM(F19:F20) -> 82984 | G21: =SUM(G19:G20) -> 5016 | H21: =SUM(H19:H20) -> 0 | I21: =SUM(I19:I20) -> 88000
A22: Construction Admin : | C22: 0.14 | E22: =ROUND(E21*C22,2) -> 12320 | F22: =ROUND(E22*$F$5,2) -> 11617.76 | G22: =ROUND(E22*$G$5,2) -> 702.24 | H22: 0 | I22: =F22+G22+H22 -> 12320
A23: Contingencies : | C23: 0.05 | E23: =ROUND(E21*C23,2) -> 4400 | F23: =ROUND(E23*$F$5,2) -> 4149.2 | G23: =ROUND(E23*$G$5,2) -> 250.8 | H23: 0 | I23: =F23+G23+H23 -> 4400
A24: Post Design | C24: 0.01 | E24: =C24*E21 -> 880 | F24: =ROUND(E24*$F$5,2) -> 829.84 | G24: =ROUND(E24*$G$5,2) -> 50.16 | H24: 0 | I24: =F24+G24+H24 -> 880
E25: 0 | F25: =ROUND(E25*$F$5,2) -> 0 | G25: =ROUND(E25*$G$5,2) -> 0 | H25: 0 | I25: =SUM(F25:H25) -> 0
E26: 0 | F26: =ROUND(E26*$F$5,2) -> 0 | G26: =ROUND(E26*$G$5,2) -> 0 | H26: 0 | I26: =SUM(F26:H26) -> 0
E27: 0 | F27: =ROUND(E27*$F$5,2) -> 0 | G27: =ROUND(E27*$G$5,2) -> 0 | H27: 0 | I27: =SUM(F27:H27) -> 0
E28: 0 | F28: =ROUND(E28*$F$5,2) -> 0 | G28: =ROUND(E28*$G$5,2) -> 0 | H28: 0 | I28: =SUM(F28:H28) -> 0
E29: 0 | F29: =ROUND(E29*$F$5,2) -> 0 | G29: =ROUND(E29*$G$5,2) -> 0 | H29: 0 | I29: =SUM(F29:H29) -> 0
E30: 0 | F30: =ROUND(E30*$F$5,2) -> 0 | G30: =ROUND(E30*$G$5,2) -> 0 | H30: 0 | I30: =SUM(F30:H30) -> 0
A31: Post Sub-Total | E31: =SUM(E22:E30) -> 17600 | F31: =SUM(F22:F30) -> 16596.8 | G31: =SUM(G22:G30) -> 1003.2 | H31: =SUM(H22:H30) -> 0 | I31: =SUM(I22:I30) -> 17600
A33: Construction Sub-Total | E33: =E21+E31 -> 105600 | F33: =F21+F31 -> 99580.8 | G33: =G21+G31 -> 6019.2 | H33: =H21+H31 -> 0 | I33: =I21+I31 -> 105600
A34: ADOT ICAP: | C34: 0.1039 | E34: =E33*C34 -> 10971.84 | F34: =F33*C34 -> 10346.445 | G34: =G33*C34 -> 625.39488 | I34: =SUM(F34:H34) -> 10971.84
A35: Construction Sub-Total | E35: =SUM(E33:E34) -> 116571.84 | F35: =SUM(F33:F34) -> 109927.25 | G35: =SUM(G33:G34) -> 6644.5949 | I35: =SUM(F35:H35) -> 116571.84
A37: TOTAL REQUEST | E37: =E12+E35 -> 149688.84 | F37: =F12+F35 -> 141157.52 | G37: =G12+G35 -> 8532.2639 | H37: =H10+H21+H31 -> 0 | I37: =SUM(F37:H37) -> 149689.78 | K37: Total Cost associated with the design, ROW acquisition, and construction even if no federal HSIP funding will be used to complete the phase. Minimum cost $250,000.
A39: Comments:

Sheet 10. BC Ratio Tabulation
A1: Required for all HSIP Applications
A2: Agency: | B2: ='2. Application'!C1 | D2: Title of Project: | E2: ='2. Application'!F1 -> 0
A3: Benefit / Cost Ratio Tabulation
A4: Annual Benefit Tabulation
A5: Severity | B5: Annual Average | C5: Estimated CMF* Reduction | D5: Total Reduction | E5: Unit Cost | F5: Annual Benefit
A6: Fatal | B6: 0.5 | C6: 0.5 | D6: =C6*B6 -> 0.25 | E6: 5800000 | F6: =E6*D6 -> 1450000 | G6: Annual Average | H6: Number of Crashes (divided) by Number of Years of Data (most recent 5 years of crash data in ADOT DB)
A7: Incapacitating Injury | B7: 0 | C7: 0 | D7: =C7*B7 -> 0 | E7: 400000 | F7: =E7*D7 -> 0 | G7: Crash Reduction Factors | J7: Multiple Improvements | L7: Use a Combined CRF(if applicable) 1-(1-0.3)*(1-0.3)*(1-0.3) = 0.66 or 66% | P7: Max. of 3 CRFs - Crash Type, Severity and Area Type must be same for all 3 CRFs.
A8: Total Annual Benefits | F8: =SUM(F6:F7) -> 1450000
A9: Costs | K9: or | L9: CCRF = (CRF1 x no. of crashes for countermeasure 1/total cashes) + CRF2 x no. of crashes for countermeasure 2/total crashes) | P9: Max. of 3 CRFs - Crash Type, Severity may be different. A crash can only be used for one countermeasure.
A10: Total Project Cost | F10: 3000000 | G10: Construction Cost | H10: Include all Design, Right of Way and all Construction costs, not just HSIP eligible costs. This is the total cost of the project/procurement.
A11: Project Life (years) | F11: 10 | G11: Project Life | H11: http://www.azdot.gov/docs/businesslibraries/231.pdf?sfvrsn=2 | O11: Traffic PGP, Section 231, pg 231-7
A12: Interest Rate (%) | F12: 0.08 | G12: Interest Rate (Current Rate 8%) | H12: http://www.azdot.gov/docs/businesslibraries/231.pdf?sfvrsn=2 | O12: Traffic PGP, Section 231, pg 231-8
A13: Capital Recovery Factor | F13: =(F12*(1+F12)^F11)/((1+F12)^F11-1) -> 0.14902949 | G13: Capital Recovery (Auto Fill) | H13: http://www.azdot.gov/docs/businesslibraries/231.pdf?sfvrsn=2 | O13: Traffic PGP, Section 231, pg 231-8
A14: Annual Construction Cost | F14: =F13*F10 -> 447088.47 | G14: Operating and Maintenance Cost | H14: Subtract existing annual operating and maintenance cost to obtain the annual maintenance cost difference
A15: Annual Maintenance Cost | F15: 100 | H15: http://www.azdot.gov/docs/businesslibraries/231.pdf?sfvrsn=2 | O15: Traffic PGP, Section 231, pg 231-2
A16: Total Annual Costs | F16: =F14+F15 -> 447188.47
A17: Benefit / Cost
A18: Annual Benefit | B18: Annual cost | E18: Benefit / Cost Ratio
A19: =F8 -> 1450000 | B19: =F16 -> 447188.47 | E19: =ROUNDDOWN(A19/B19,1) -> 3.2 | G19: Benefit/Cost Ratio (BC) | H19: B/C ≥ 1.5 may be eligible for HSIP funds (round to the nearest 10th.)
A20: *REQUIRED: Use 4 and 5 star CMFs from ADOT Lists Only at Tabs 17 - 19 preferred. | G20: Site each CRF Source: | H20: Preferred that only 4 and 5 star Crash Modification Factors (CMF) from Tab 17, Countermeasures, Tab 18, CMF1, and Tab 19, CMF2, be used. The crash severity for these CMFs is Fatal, Serious and Minor Injury only. No All or PDO crashes. If an agency cannot find a CMF in the Tabs, then it is recommended that they contact ADOT TSS and provide the proposed CMF and reference for approval prior to submitting the application. Failure could result in rejection of the application.

Sheet Tables
A1: Emphasis_Area | B1: Speeding and Aggressive Driving Strategies | C1: DUI Strategies | D1: Occupant Protection Strategies | E1: Motorcycle Strategies | F1: Distracted Drivers | G1: Roadway Infrastructure and Operations | H1: Age_Related | I1: Nonmotorized_Users | J1: Heavy_Vehicles/Buses/Transit | K1: Natural_Risks | L1: Traffic_Incident_Management | M1: Interjurisdictional | N1: Proven_Countermeasure
A2: Speeding_and_Aggressive_Driving | B2: Increase highly visible and effective enforcement to reduce the frequency of crashes associated with speeding and aggressive driving. | C2: Conduct high-visibility impaired-driving enforcement initiatives. | D2: Couple enhanced enforcement of existing restraint-use laws with high-visibility marketing about enforcement efforts. | E2: Improve public awareness, education and training for motorcyclists, motorists and all safety stakeholders to promote safer driving behaviors. | F2: Increase enforcement of existing laws to reduce distracted-driving-related crashes. | G2: (Intersections) Reduce frequency and severity of intersection crashes through traffic-control and operational improvements. | H2: (Older Driver) Enhance license testing and renewal for older drivers (requires review and possible revision of ADOT policies and processes). | I2: (Bicyclists) Improve public awareness to promote safer behavior by all roadway users relative to bicycle traffic. | J2: Identify and improve infrastructure and operational characteristics on Arizona’s roadways. | K2: (Weather) Advance the use of detection and warning systems to reduce the frequency and severity of weather-related crashes. | L2: (Secondary Crashes) Develop cross-cutting TIM programs that include training, public education, research, evaluation and application of technology. | M2: Coordinate and promote interjurisdictional cooperation and practices throughout Arizona. | N2: Backplates with Retroreflective Borders
A3: Impaired_Driving | B3: Institute a statewide speed-management strategic initiative. | C3: Increase educational efforts for everyone about the dangers and consequences of driving impaired. | D3: Strengthen outreach and education about the proper use of seat belts and child-restraint devices to identified target audiences. | E3: Research, identify and implement effective policies to improve motorcycle safety at the state, local and tribal government levels. | F3: Conduct aggressive public information campaigns to discourage all forms of distracted driving. | G3: (Intersections) Implement speeding and red-light-running enforcement efforts. | H3: (Older Driver) Require re-education of older drivers and periodic updates (requires review and possible revision of ADOT policies and processes). | I3: (Bicyclists) Improve infrastructure features to reduce the frequency of bicycle crashes. | J3: Use engineering to reduce fatigue-related heavy-vehicle crashes on Arizona’s roadways. | K3: (Weather) Increase proactive driver awareness of weather-related safety procedures to reduce the frequency and severity of weather-related crashes. | L3: (Secondary Crashes) Develop and implement practices, policies and public education efforts to increase TIM responder safety. | M3: Improve data collection, integration, analysis and sharing at all levels. | N3: Corridor Access Management
A4: Occupant_Protection | B4: Educate all road users about the dangers and consequences of speeding and aggressive driving. | C4: Work with the court system to promote policies and practices that result in the imposition of meaningful penalties for impaired-driving convictions. | D4: Strengthen driver education and safety-restraint-usage outreach to identified target audiences. | E4: Enhance rider training programs to improve motorcycle safety. | F4: Encourage using technology to eliminate using cell phones, other mobile devices and texting while driving. | G4: (Intersections) Reduce frequency and severity of intersection crashes through geometric improvements. | H4: (Older Driver) Strengthen reporting and referral of drivers with reduced skills by doctors, law-enforcement officers, emergency responders and others (requires review and possible revision of ADOT policy and processes). | I4: (Bicyclists) Conduct enforcement programs for all roadway users relative to bicycle traffic. | J4: Improve enforcement-related efforts for heavy vehicles. | K4: (Weather) Develop corridor or area-wide programs to address locations with a high number of weather-related crashes. | L4: (Secondary Crashes) Develop and implement procedures that achieve safe and quick incident clearance. | M4: Develop interjurisdictional methods and agreements to improve rural road infrastructure. | N4: Enhanced Delineation and Friction for Horizontal Curves
A5: Motorcycles | B5: Use engineering design to reduce speeds. | C5: Partner with employers to suggest policies and procedures aimed at reducing impaired driving by their employees. | D5: Improve restraint-usage data collection, integration, analysis and sharing between agencies at all levels. | E5: Develop and execute enforcement programs to improve motorcycle safety. | F5: Improve data collection and reporting for distracted-driving crashes. | G5: (Railroad Crossings) Implement programs that create safety partnerships between railroads and state and local agencies. | H5: (Older Driver) Increase awareness about, and availability of, alternative transportation options. | I5: (Bicyclists) Enhance training programs for all roadway users and safety practitioners. | J5: Strengthen commercial driver license program to enhance the testing process and the skill sets of heavy-vehicle operators on Arizona’s roadways. | K5: (Weather) Alter the state of roadway devices to permit or restrict traffic flow to reduce weather-related crashes. | L5: (Secondary Crashes) Develop and implement prompt and reliable communications systems that support TIM. | M5: Assist regions and tribal governments in evaluating safety data, identifying priorities and developing projects. | N5: Longitudinal Rumble Strips and Stripes on Two-Lane Roads
A6: Distracted_Driving | B6: Use crash-related data to target enforcement and public information campaigns. | C6: Improve public awareness of and access to alternate forms of transportation. | D6: Research and identify effective policies to increase restraint usage that can be implemented by state, local and tribal governments. | E6: Improve infrastructure features to help reduce the number and severity of motorcycle crashes. | F6: Research and identify effective policies to discourage all forms of distracted driving that can be implemented by state, local and tribal governments. | G6: (Railroad Crossings) Make engineering and infrastructure improvements to increase safety at railroad crossings. | H6: (Older Driver) Make engineering and infrastructure improvements and enhancements to roadways. | I6: (Bicyclists) Improve data collection, integration, analysis and sharing at all levels. | J6: Increase knowledge about “sharing the road” with heavy vehicles for all roadway users. | K6: (Weather) Develop and implement comprehensive enforcement programs focused on weather-related crashes. | L6: (Work Zones) Develop and improve work-zone design and management practices. | M6: Prioritize research funding to support implementation of the SHSP. | N6: Medians and Pedestrian Crossing Islands in Urban and Suburban Areas
A7: Roadway_Infrastructure_and_Operations | B7: Utilize marketing efforts, such as a multimedia approach, to educate drivers. | C7: Improve data collection to understand and address impaired driving more effectively. | D7: Promote employer engagement in efforts to encourage restraint usage 100 percent of the time. | E7: Improve motorcycle crash, registration and licensing data collection, integration, analysis and sharing between agencies at all levels. | F7: Improve infrastructure and roadways to reduce the number and severity of crashes resulting from distracted driving. | G7: (Railroad Crossings) Increase public education about safe railroad crossing. | H7: (Older Driver) Promote insurance and other incentives for safe driving. | I7: (Bicyclists) Seek funding to support safety programs to improve bicycle safety. | J7: Improve and enhance truck-safety data. | K7: (Weather) Improve data collection and analysis of weather-related incidents to better determine crash causes. | L7: (Work Zones) Improve driver compliance with work-zone traffic controls. | M7: Review and provide recommendations to ADOT on the HSIP allocation process; work with ADOT to incorporate future performance measures and targets into the HSIP upon announcement of the final MAP-21 ruling. | N7: Pedestrian Hybrid Beacon
A8: Age_Related | C8: Treat alcohol and drug dependency of DUI offenders. | E8: Seek funding to support motorcycle-related safety projects and programs. | G8: (Railroad Crossings) Utilize railroad-crossing safety enforcement techniques. | H8: (Older Driver) Improve or enhance technology and vehicle engineering. | I8: (Bicyclists) Research and identify effective policies to improve bicycle safety that can be implemented by state, local and tribal governments. | J8: Increase development and execution of educational programs and information sharing to all roadway users regarding heavy vehicles. | K8: (Weather) Utilize infrastructure improvements to reduce the number and severity of crashes caused by weather incidents. | L8: (Work Zones) Increase knowledge and awareness of work zones and work-zone safety. | M8: Work with ADOT to incorporate data-driven strategies from local, regional and tribal safety plans into the HSIP. | N8: Road Diet
A9: Nonmotorized_Users | G9: (Lane/Roadway Departure) Reduce the frequency and severity of land- and roadway-departure crashes through roadway infrastructure improvements. | H9: (Older Driver) Make use of other potential data sources to improve data collection on older drivers. | I9: (Pedestrians) Reduce pedestrian exposure to vehicle traffic. | J9: Improve maintenance of heavy vehicles to reduce the frequency of heavy-vehicle crashes caused by equipment failure. | K9: (Wildlife/Animal) Implement comprehensive infrastructure improvements and maintenance to separate animals from the roadway while improving and maintaining wildlife connectivity. | M9: Coordinate engineering and operational efforts across jurisdictions. | N9: Roundabouts
A10: Heavy_Vehicles_Buses_Transit | G10: (Lane/Roadway Departure) For vehicles that run off the road for any reason, minimize the potential for overturning or colliding with another object. | H10: (Older Driver) Strengthen laws to protect older drivers. | I10: (Pedestrians) Improve sight distance and/or visibility between motor vehicles and pedestrians. | J10: Promote industry safety initiatives. | K10: (Wildlife/Animal) Enhance wildlife planning through research, planning and collaboration. | N10: Safety Edge
A11: Natural_Risks | G11: (Lane/Roadway Departure) Increase public education on corrective roadway-departure driving techniques. | H11: (Young Driver) Strengthen driver education. | I11: (Pedestrians) Increase enforcement of existing laws designed to promote pedestrian safety, such as jaywalking and vehicles failing to stop for pedestrians at pedestrian crossings. | J11: Utilize connected vehicle technology in commercial vehicles. | K11: (Wildlife/Animal) Increase driver awareness to reduce the frequency of animal-involved crashes.
A12: Traffic_Incident_Management | G12: (Lane/Roadway Departure) Research and evaluate the impact of recent vehicle technology improvements relating to the frequency and severity of crashes to better assess potential policy changes. | H12: (Young Driver) Strengthen provisions and policies for graduated driver license (GDL). | I12: (Pedestrians) Increase pedestrian-safety education for all roadway users. | K12: (Wildlife/Animal) Improve the collection and quality of data for a better understanding of animal-involved crashes.
A13: Interjurisdictional | H13: (Young Driver) Strengthen driver license testing (written and road tests). | I13: (Pedestrians) Reduce vehicle speeds in predictable locations, such as areas of high pedestrian traffic and school bus stops. | K13: (Wildlife/Animal) Utilize technology to reduce animal-involved incidents.
H14: (Young Driver) Enhance outreach campaigns to young drivers and their families about safe driving behavior and programs. | I14: (Pedestrians) Utilize the Safe Routes to School Program. | K14: (Wildlife/Animal) Advance research in wildlife-crash-reduction programs and their effectiveness to reduce or eliminate wildlife-involved crashes.
H15: (Young Driver) Strengthen enforcement of GDL restrictions and compliance with GDL terms and conditions. | K15: (Wildlife/Animal) Reduce the number of animals on the roadway to reduce the frequency of animal-involved crashes.
H16: (Young Driver) Promote stronger parental/guardian education and engagement in the licensure process for young drivers. | K16: (Wildlife/Animal) Explore opportunities to manage speed limits in animal-prone areas to reduce the number and severity of animal-involved crashes.
H17: (Young Driver) Promote technology monitoring young-driver behavior. | K17: (Wildlife/Animal) Utilize infrastructure improvements to reduce or eliminate animal-involved crashes on Arizona’s roadways.
H18: (Young Driver) Improve data collection, integration, analysis and sharing at all levels. | K18: (Wildlife/Animal) Better utilize existing funding options, and explore new funding opportunities for effective mitigation efforts to reduce or eliminate animal-involved crashes on Arizona’s roadways.
H19: (Young Driver) Make engineering and infrastructure improvements and enhancements to roadways. | K19: (Wildlife/Animal) Explore local ordinance opportunities to reduce animal-involved crashes on Arizona’s roadways.

Sheet Table2
A1: County | B1: COG/MPO | C1: Focus Area | D1: Cost Estimate Tab | E1: ADOT Districts | F1: HSIP_Functional_Classification | G1: HSIP Improvement Category | H1: Access Management | I1: Advanced _Technology_and_ITS | J1: Alignment | K1: Animal_Related | L1: Interchange_Design | M1: Intersection_Geometry | N1: Intersection_Traffic_Control | O1: Lighting | P1: Miscellaneous | Q1: Non-Infrastructure | R1: Parking | S1: Pedestrians_and_Bicyclists | T1: Railroad_Grade_Crossing | U1: Roadside | V1: Roadway | W1: Roadway_Delineation | X1: Roadway_Signs_and_Traffic_Control | Y1: Shoulder_Treatments | Z1: Speed_Management | AA1: Work_Zone
A2: Apache | B2: CAG | C2: Roadway Lane Departure | D2: 4. 100% LPA Install | E2: Flagstaff | F2: Rural Principal Arterial - Interstate | G2: Access_Management | H2: Access management - other | I2: Congestion detection / traffic monitoring system | J2: Alignment - other | K2: Animal related | L2: Acceleration / deceleration / merge lane | M2: Auxiliary lanes – add acceleration lane Auxiliary lanes – add acceleration lane | N2: Intersection flashers – add “when flashing” warning sign-mounted | O2: Continuous roadway lighting | P2: Miscellaneous | Q2: Educational efforts | R2: Modify parking | S2: Crosswalk | T2: Grade separation | U2: Barrier end treatments (crash cushions, terminals) | V2: Install / remove / modify passing zone | W2: Improve retroreflectivity | X2: Curve-related warning signs and flashers | Y2: Widen shoulder – paved or other | Z2: Modify speed limit | AA2: Work Zone
A3: Cochise | B3: CYMPO | C3: Intersection | D3: 5. 100% Contract Install | E3: Globe | F3: Rural Principal Arterial - Other | G3: Advanced _Technology_and_ITS | H3: Change in access – close or restrict existing access | I3: Dynamic message signs | J3: Horizontal curve realignment | L3: Convert at-grade intersection to interchange | M3: Auxiliary lanes – add auxiliary through lane | N3: Intersection flashers – add advance emergency vehicle warning sign-mounted | O3: Intersection lighting | Q3: Enforcement | R3: Parking - other | S3: Install new "smart" crosswalk | T3: Model enforcement activity | U3: Barrier transitions | V3: Pavement surface – high friction surface | W3: Longitudinal pavement markings - new | X3: Sign sheeting – upgrade or replacement | Y3: Pave existing shoulders | Z3: Radar speed signs
A4: Coconino | B4: FMPO | C4: Pedestrian | D4: 6. Phased Cost Est. | E4: Holbrook | F4: Rural Minor Arterial | G4: Alignment | H4: Change in access – miscellaneous/unspecified | I4: Over height vehicle detection | J4: Horizontal and vertical alignment | L4: Extend existing lane on ramp | M4: Auxiliary lanes – add left-turn lane | N4: Intersection flashers – add advance heavy vehicle warning sign-mounted | O4: Lighting - other | Q4: Data/traffic records | R4: Remove parking | S4: Install new crosswalk | T4: Protective devices | U4: Barrier - cable | V4: Pavement surface - miscellaneous | W4: Longitudinal pavement markings - remarking | X4: Roadway signs and traffic control - other | Y4: Shoulder grading | Z4: Speed detection system / truck warning
A5: Gila | B5: LHMPO | D5: 7. 94.3% Cost Estimate | E5: Kingman | F5: Rural Major Collector | G5: Animal_Related | H5: Grassed median - extend existing | J5: Vertical alignment or elevation change | L5: Improve intersection radius at ramp terminus | M5: Auxiliary lanes – add right-turn lane | N5: Intersection flashers – add advance intersection warning sign-mounted | O5: Site lighting – horizontal curve | Q5: Non-infrastructure - other | R5: Restrict parking | S5: Install sidewalk | T5: Railroad grade crossing gates | U5: Barrier - concrete | V5: Roadway narrowing (road diet, roadway reconfiguration) | W5: Delineators post-mounted or on barrier | X5: Roadway signs (including post) – new or updated | Y5: Shoulder treatments - other | Z5: Speed management - other
A6: Graham | B6: MAG | D6: 8. 94.3% Spot Improvement | E6: Phoenix Maintenance | F6: Rural Minor Collector | G6: Interchange_Design | H6: Median crossover - close crossover | L6: Installation of new lane on ramp | M6: Auxiliary lanes – add right-turn lane (free-flow) | N6: Intersection flashers – add miscellaneous/other/unspecified | O6: Site lighting – intersection | Q6: Outreach | R6: Truck parking facilities | S6: Medians and pedestrian refuge areas | T6: Railroad grade crossing signing | U6: Barrier- metal | V6: Roadway - other | W6: Raised pavement markers | Z6: Traffic calming feature
A7: Greenlee | B7: NACOG | E7: Prescott | F7: Rural Local Road or Street | G7: Intersection_Geometry | H7: Median crossover - directional crossover | L7: Interchange design - other | M7: Auxiliary lanes – add slip lane | N7: Intersection flashers – add overhead (actuated) | O7: Site lighting – interchange | Q7: Road safety audits | S7: Miscellaneous pedestrians and bicyclists | T7: Railroad grade crossings - other | U7: Barrier - other | V7: Roadway - restripe to revise separation between opposing lanes and/or shoulder widths | W7: Roadway delineation - other
A8: LaPaz | B8: PAG | E8: Safford | F8: Urban Principal Arterial - Interstate | G8: Intersection_Traffic _Control | H8: Median crossover - relocate existing | L8: Ramp closure | M8: Auxiliary lanes – add two-way left-turn lane | N8: Intersection flashers – add overhead (continuous) | O8: Site lighting – pedestrian crosswalk | Q8: Training and workforce development | S8: Modify existing crosswalk | T8: Surface treatment | U8: Barrier - removal | V8: Roadway widening - add lane(s) along segment
A9: Maricopa | B9: SCMPO | E9: Tucson | F9: Urban Principal Arterial - Other Freeways and Expressways | G9: Lighting | H9: Median crossover - unspecified | L9: Ramp metering | M9: Auxiliary lanes – extend acceleration/deceleration lane | N9: Intersection flashers – add stop sign-mounted | Q9: Transportation safety planning | S9: Pedestrian beacons | T9: Upgrade railroad crossing signal | U9: Curb or curb and gutter | V9: Roadway widening - curve
A10: Mohave | B10: SEAGO | E10: Yuma | F10: Urban Principal Arterial - Other | G10: Miscellaneous | H10: Raised island - install new | M10: Auxiliary lanes – extend existing left-turn lane | N10: Intersection flashers – modify existing | S10: Pedestrian bridge | T10: Widen crossing for additional lane | U10: Drainage improvements | V10: Roadway widening - travel lanes
A11: Navajo | B11: SVMPO | E11: Statewide | F11: Urban Minor Arterial | G11: Non_Infrastructure | H11: Raised island - modify existing | M11: Auxiliary lanes – extend existing right-turn lane | N11: Intersection flashers – remove existing | S11: Pedestrian signal | U11: Fencing | V11: Rumble strips - center
A12: Pima | B12: WACOG | F12: Urban Major Collector | G12: Parking | H12: Raised island - remove existing | M12: Auxiliary lanes – miscellaneous/other/unspecified | N12: Intersection signing – add basic advance warning | S12: Pedestrian signal - audible device | U12: Removal of roadside objects (trees, poles, etc.) | V12: Rumble strips – edge or shoulder
A13: Pinal | B13: YMPO | F13: Urban Minor Collector | G13: Pedestrians_and_Bicyclists | H13: Raised island – unspecified | M13: Auxiliary lanes – modify acceleration lane | N13: Intersection signing – add enhanced advance warning (double-up and/or oversize) | S13: Pedestrian signal – Pedestrian Hybrid Beacon | U13: Roadside grading | V13: Rumble strips - transverse
A14: Santa Cruz | F14: Urban Local Road or Street | G14: Railroad_Grade_Crossings | M14: Auxiliary lanes – modify auxiliary through lane | N14: Intersection signing – add enhanced regulatory sign (double-up and/or oversize) | S14: Pedestrian signal - install new at intersection | U14: Roadside - other | V14: Rumble strips – unspecified or other
A15: Yavapai | F15: Other | G15: Roadside | M15: Auxiliary lanes – modify free-flow turn lane | N15: Intersection signing – miscellaneous/other/unspecified | S15: Pedestrian signal - install new at non-intersection location | V15: Superelevation / cross slope
A16: Yuma | G16: Roadway | M16: Auxiliary lanes – modify left-turn lane offset | N16: Intersection signing – relocate existing regulatory sign | S16: Pedestrian signal - modify existing
G17: Roadway_Delineation | M17: Auxiliary lanes – modify right-turn lane offset | N17: Intersection traffic control - other | S17: Pedestrian signal - remove existing
G18: Roadway_Signs_and_Traffic_Control | M18: Auxiliary lanes – modify turn lane storage | N18: Modify control – all-way stop to roundabout | S18: Pedestrian warning signs - add/modify flashers
G19: Shoulder_Treatments | M19: Auxiliary lanes – modify turn lane taper | N19: Modify control – modifications to roundabout | S19: Pedestrian warning signs – overhead
G20: Speed_Management | M20: Auxiliary lanes – modify two-way left-turn lane | N20: Modify control – no control to roundabout
G21: Work_Zone | M21: Intersection geometrics – miscellaneous/other/unspecified | N21: Modify control – no control to two-way stop
M22: Intersection geometrics – modify intersection corner radius | N22: Modify control – remove right-turn yield
M23: Intersection geometrics – modify skew angle | N23: Modify control – reverse priority of stop condition
M24: Intersection geometrics – realignment to align offset cross streets | N24: Modify control – traffic signal to roundabout
M25: Intersection geometrics – realignment to increase cross street offset | N25: Modify control – two-way stop to all-way stop
M26: Intersection geometrics – re-assign existing lane use | N26: Modify control – two-way stop to roundabout
M27: Intersection geometry - other | N27: Modify control – two-way yield to two-way stop
M28: Splitter island – install on one or more approaches | N28: Pavement Markings – add advance signal ahead
M29: Splitter island – remove from one or more approaches | N29: Pavement markings – add advance stop ahead
M30: Splitter island – unspecified | N30: Pavement markings – add dashed edge line along mainline
M31: Through lanes – add additional through lane | N31: Pavement markings – add lane use symbols
N32: Pavement markings – add stop line
N33: Pavement markings – add yield line
N34: Pavement markings – miscellaneous/other/unspecified
N35: Pavement markings – refresh existing pavement markings
N36: Modify traffic signal – add additional signal heads
N37: Modify traffic signal – add backplates
N38: Modify traffic signal – add backplates with retroreflective borders
N39: Modify traffic signal – add closed loop system
N40: Modify traffic signal – add emergency vehicle preemption
N41: Modify traffic signal – add flashing yellow arrow
N42: Modify traffic signal – add long vehicle detection
N43: Modify traffic signal – add railroad preemption
... N56: Systemic improvements – stop-controlled

Sheet 11. ROW Clearance Letter
A1: Instructions: Look for the red arrows and provide the information needed for those lines only. Many of the items will be auto filled based on your application. When you have completed the letter, print it out, sign and pdf a copy with your electronic ap
D4: LOCAL AGENCY LETTERHEAD
D5: =TODAY() -> 42573
D9: Mr. Louis Malloque
D10: Right of Way Agent III
D11: ADOT Right of Way Group – Project Management
D12: Arizona Department of Transportation
D13: 205 South 17th Avenue, MD 612E
D14: Phoenix, AZ 85007-3212
D15: (602) 712-8755
D16: LMalloque@azdot.gov
A19: Enter your assigned TIP ID number | D19: RE: | E19: =IF('2. Application'!F2="", "", '2. Application'!F2) | F19: TIP No.:
A20: Enter your assigned ADOT Project number | E20: ADOT Project No.:
A21: Enter your assigned Federal Project ID number | E21: Federal Project No.:
A22: Enter the ADOT FY for which you are requesting federal funding | E22: ADOT FY | G22: Highway Safety Improvement Program (HSIP) - Regionally Managed Government Project
E23: Right of Way Clearance and Certification
E24: ='2. Application'!F1 -> 0 | G24: =IF('2. Application'!C1="","",'2. Application'!C1)
E25: ='2. Application'!C1 | G25: ='2. Application'!F1 -> 0
D28: Dear | E28: Mr. Malloque,
S29: Example:
A30: What does your project consist of? See example to the right of letter for guidance. | D30: This project consists of ..…….…. All work is to be done within the City/Town/County of XXXXX public right of way. No additional rights of way or easements are needed to do the work necessary for this project. | S30: This project consists of replacing existing pedestrian signals at approximately 68 intersections with pedestrian countdown signals modules. All work is to be done within the City of Scottsdale public right of way. No additional rights of way or easements are needed to do the work necessary for this project.
D31: All procurement costs are to be funded with federal Highway Safety Improvement Program (HSIP) funds programmed for Fiscal Year 20XX. No native ground disturbing activities are anticipated. (TIP Number) provides the City/Town/County with $XXX,XXX in HSIP federal funds and no local match is required. All installation costs will be borne by the City/Town/County of XXXXX. | S31: All procurement costs are to be funded with federal Highway Safety Improvement Program (HSIP) funds programmed for Fiscal Year 2011. No native ground disturbing activities are anticipated. SCT11-102 provides the City with $100,000 in HSIP federal funds and no local match is required. All installation costs will be borne by the City of Scottsdale.
D32: Attached please find the required certification to clear the right of way so this project can proceed. Your review and approval of this finding is respectively requested. | S32: Attached please find the required certification to clear the right of way so this project can proceed. Your review and approval of this finding is respectively requested.
A35: replace the XXXX with your phone and email address | D35: If you have any questions, please contact me at XXX-XXX-XXXX or by email at XXXXXX .
D37: Sincerely,
A38: print this page and sign your name here
A42: type your name & title | D42: your name & title
A43: type your section | D43: your section/department
A44: type your street address | D44: address
A45: type your city, state and zip code | D45: city, state and zip code
A48: customize to your project | D48: CC: | E48: XXXXX, HSIP Local Gov't Program Manager | M48: Attachments: HSIP Right of Way Certification
E49: XXXXX, Urban/Statewide Project Manager

Sheet 12. HSIP ROW Certification
A1: Instructions: The certificate must be filled out completely. When you have completed the letter, print it out, sign and pdf a copy with your electronic application
D4: HSIP RIGHT OF WAY CERTIFICATION
A6: Project = Federal and ADOT number | D6: Project:
A7: Name of Project - what the project is (i.e. Sign Replacement) | D7: Name of Project:
A8: Location = Cross streets or main street the project is on | D8: Location:
D10: The County/City/Town of _____________________________ hereby certifies in connection with the right of way for ___________________________________________ that:
D12: All required right of way for construction of this project has now been acquired, or is covered by Right of Entry or Order of Immediate Possession, except as noted in Certificate, as set forth in detail below:
A14: Item 1. Status >>> N/A | D14: 1. | E14: STATUS OF NEW RIGHT OF WAY:
E16: a. | F16: Total number of parcels required
E17: b. | F17: Parcels acquired by purchase
F18: b1. Amount of Federal dollars spent on acquisition | N18: 0
F19: b2. Amount of Local dollars spent on acquisition | N19: 0
E20: c. | F20: Parcels acquired by dedication
E21: d. | F21: Parcels covered by Right of Entry
E22: e. | F22: Parcels covered by Order of Immediate Possession
A24: Item 2. Right of Way>> check mark in yes or no | D24: 2. | E24: RIGHT OF WAY ACQUIRED FOR OTHER PURPOSES:
E26: Was any right of way not included above acquired since January 1, 1971?
E28: Yes | G28: No
E30: (If answer is "Yes", attach a statement listing each such parcel indicating the date and how it was acquired)
A32: Item 3. Done already | D32: 3. | E32: SCHEDULE FOR REMOVAL OF IMPROVEMENTS AND OBSTRUCTION:
E34: Initial one (1) statement below:
E36: a. | F36: No improvements or obstructions are involved. | N36: N/A
E37: b. | F37: Removal of improvements and obstructions is included in the State's
F38: construction contract.
E39: c. | F39: Improvements and obstructions will be removed by City/County forces
F40: or by separate contract prior to | M40: .
J41: (Date)
F42: (If "c" is checked, attach detailed list with schedule of their removal)
A46: Item 4. Done already | D46: 4. | E46: PARCEL INVENTORY:
E48: Attached hereto is an inventory listing each parcel required for this project. The listing shows parcel number, name of owner, interest acquired, or to be acquired, and status of acquisition (acquired, Right of Entry, Order of Immediate Possession, or other). | N48: N/A
A50: Item 5. All fields> Done already | D50: 5. | E50: COMPLIANCE WITH RELOCATION ASSISTANCE AND PAYMENTS PROVISIONS OF FEDERAL AND STATE LAW:
E52: Initial one (1) of the following two (2) statements:
E54: a. | F54: No families or businesses are being displaced. | N54: N/A
E55: b. | F55: Provisions of 49CFR PART 24 relating to assistance for displaced families and businesses are being complied with.
F57: (If there are displacements, initial "b" and complete the schedule below)
E59: 1. | F59: Number of dwellings displaced:
F61: a. | G61: Owner-occupied
F62: b. | G62: Rental units
E64: 2. | F64: Number of other displacements:
F66: a. | G66: Businesses displaced
F67: b. | G67: Farm operations displaced
F68: c. | G68: Non-profit organizations displaced
D72: CERTIFICATE
A73: Check mark in ONE of the items 1-4 (most, if not all will be number1). Item 5. This requires initials of the same person who is signing (below) for the LPA (cannot be a consultant, has to be an LPA Official). I prefer a department head or higher in the LPA . Please note that all ROW certifications must be the original. They can e-mail me but, they will have to send original to me before I can clear ROW. I also prefer to have the signature signed in BLUE ink.
F74: This project may now be certified as conforming to one of the Statement Nos. (1, 2, 3, 4) below:
F76: Please initial number 5 verifying all laws were followed.
E78: 1. | F78: All necessary rights of way have been acquired including legal and
F79: physical possession.
E81: 2. | F81: Although all necessary rights of way have not been fully acquired,
F82: the right to occupy and to use all rights of way required for the
F83: proper execution of the project has been acquired.
E85: 3. | F85: The circumstances with respect to acquisition or right of occupancy
F86: And use of a few parcels warrant proceeding with the advertisement
F87: of bids on the basis it will be in the best public interest to do so in
F88: advance of completion of the acquisition of the rights of the said few parcels.
E90: 4. | F90: No new right of way required. All existing right of way was obtained prior to
F91: January 2, 1971.
E93: 5. | F93: We certify all applicable state and Federal rules and regulations including the
F94: Uniform Act has been complied with. Please initial here >>>>>>>>>>
I97: County/City:
I99: Title:
I101: By:
M102: (Please Print Name)
I104: Signature:
I106: Date:

Sheet 13. Utility Clearance Letter
A1: Instructions: Look for the red arrows and provide the information needed for those lines only. Many of the items will be auto filled based on your application. When you have completed the letter, print it out, sign and pdf a copy with your electronic ap
D4: LOCAL AGENCY LETTERHEAD
D5: =TODAY() -> 42573
D9: Mr. Muhammad Saleque, PE
D10: ADOT Utilities and Railroad Engineering Section
D11: MAG Utility Coordinator Supervisor
D12: Arizona Department of Transportation
D13: 205 South 17th Avenue, MD 618E
D14: Phoenix, AZ 85007-3212
D15: (602) 712-6228
D16: MSaleque@azdot.gov
A19: Enter your assigned TIP ID number | D19: RE: | E19: =IF('2. Application'!F2="", "", '2. Application'!F2) | F19: TIP No.:
A20: Enter your assigned ADOT Project number | E20: ADOT Project No.:
A21: Enter your assigned Federal Project ID number | E21: Federal Project No.:
A22: Enter the ADOT FY for which you are requesting federal funding | E22: ADOT FY | G22: Highway Safety Improvement Program (HSIP) - Regionally Managed Government Project
E23: Utility Clearance Letter
E24: ='2. Application'!F1 -> 0 | G24: =IF('2. Application'!C1="","",'2. Application'!C1)
E25: ='2. Application'!C1 | G25: ='2. Application'!F1 -> 0
D28: Dear | E28: Mr. Saleque,
S29: Example:
A30: What does your project consist of? See example to the right of letter for guidance. | D30: This project consists of ..…….…. Due to the nature of the proposed work on this project no utility conflicts are anticipated. | S30: This project consists of replacing existing pedestrian signals at 68 intersections with pedestrian countdown signal modules. The new modules will be placed inside existing pedestrian signal housings by City of Scottsdale staff. Due to the nature of the proposed work on this project no utility conflicts are anticipated.
D31: All work is to be done within the City/Town/County of XXXXX public right of way. All procurement costs are to be funded with federal Highway Safety Improvement Program (HSIP) funds programmed for Fiscal Year 20XX. No native ground disturbing activities are anticipated. (TIP Number) provides the City/Town/County with $XXX,XXX in HSIP federal funds and no local match is required. All installation costs will be borne by the City/Town/County of XXXXX. | S31: All work is to be done within the City of Scottsdale public right of way. All procurement costs are to be funded with federal Highway Safety Improvement Program (HSIP) funds programmed for Fiscal Year 2011. No native ground disturbing activities are anticipated. SCT11-102 provides the City with $100,000 in HSIP federal funds and no local match is required. All installation costs will be borne by the City of Scottsdale.
D32: With respect to utilities, this project to procure XXXXX can be released for bid when ready to do so. Your review and approval of this finding is respectively requested. | S32: With respect to utilities, this project to procurement the necessary pedestrian countdown signal modules can be released for bid when ready to do so. Your review and approval of this finding is respectively requested.
A35: replace the XXXX with your phone and email address | D35: If you have any questions, please contact me at XXX-XXX-XXXX or by email at XXXXXX .
D37: Sincerely,
A38: print this page and sign your name here
A42: type your name & title | D42: your name & title
A43: type your section | D43: your section/department
A44: type your street address | D44: address
A45: type your city, state and zip code | D45: city, state and zip code
A48: customize to your project | D48: CC: | E48: XXXXX, HSIP Local Gov't Program Manager | M48: Attachments: | N48: Vicinity map and/or list of locations
E49: XXXXX, Urban/Statewide Project Manager

Sheet 14. Env. Clearance Letter
A1: Instructions: Look for the red arrows and provide the information needed for those lines only. Many of the items will be auto filled based on your application. When you have completed the letter, print it out, sign and pdf a copy with your electronic ap
D4: LOCAL AGENCY LETTERHEAD
D5: =TODAY() -> 42573
D9: Ms Patricia Hunter, RLA
D10: Environmental Planning Group
D11: Arizona Department of Transportation
D12: 1611 West Jackson Street, MD EM02
D13: Phoenix, AZ 85007-3212
D14: (602) 712-6895
D15: PHunter@azdot.gov
A17: Enter the ADOT FY for which you are requesting federal funding | D17: RE: | E17: ADOT FY | G17: Highway Safety Improvement Program (HSIP) - Regionally Managed Government Project
A18: Enter your assigned Federal Project ID number | E18: Federal Project No.:
A19: Enter your assigned ADOT Project number | E19: ADOT Project No.:
A20: Enter your assigned TIP ID number | E20: =IF('2. Application'!F2="", "", '2. Application'!F2) | F20: TIP No.:
E21: Environmental Clearance Letter
E22: ='2. Application'!F1 -> 0 | G22: =IF('2. Application'!C1="","",'2. Application'!C1)
E23: ='2. Application'!C1 | G23: ='2. Application'!F1 -> 0
D26: Dear | E26: Ms. Hunter
S27: Example:
A28: What does your project consist of? See example to the right of letter for guidance. | D28: The City /Town/County of XXXXX has determined that this project meets the criteria of a Group One Categorical Exclusion in accordance with 23 CFR 771.117(c) and the Arizona Programmatic Categorical Exclusion. | S28: The City of Tempe has determined that this project meets the criteria of a Group One Categorical Exclusion in accordance with 23 CFR 771.117(c) and the Arizona Programmatic Categorical Exclusion.
D29: The scope of this project consists of purchasing of traffic signal equipment that will then be installed by City forces at various locations within the City of XXXXX. The installation by City/Town/ County forces will not involve any federal funding. The traffic signal equipment consists of 154 new pedestrian countdown heads. See the attachment map (or summary table) for the locations that they will be installed. The new heads will be installed in existing housing that are on the existing poles. There will be no native ground disturbance as a result of this project. There are no rights-of-way or temporary construction easements planned or required. | S29: The scope of this project consists of purchasing of traffic signal equipment that will then be installed by City forces at various locations within the City of Tempe. The installation by City forces will not involve any federal funding. The traffic signal equipment consists of 154 new pedestrian countdown heads. See the attachment map (or summary table) for the locations that they will be installed. The new heads will be installed in existing housing that are on the existing poles. There will be no native ground disturbance as a result of this project. There are no rights-of-way or temporary construction easements planned or required.
D30: Due to the nature of this project’s scope of work, there are no hazardous materials concerns present and no effect to threatened or endangered species. The project will have no potential to affect historic properties, as it will not result in any ground disturbing or in any visual, auditory, or atmospheric effects. Hence the finding that this project is consistent with the Group I CE parameters as defined by Item 15 in the 2010 Operating Agreement between Arizona Division of FWHA and the ADOT Environmental Planning Group. | S30: Due to the nature of this project’s scope of work, there are no hazardous materials concerns present and no effect to threatened or endangered species. The project will have no potential to affect historic properties, as it will not result in any ground disturbing or in any visual, auditory, or atmospheric effects. Hence the finding that this project is consistent with the Group I CE parameters as defined by Item 15 in the 2010 Operating Agreement between Arizona Division of FWHA and the ADOT Environmental Planning Group.
A33: replace the XXXX with your phone and email address | D33: If you have any questions, please contact me at XXX-XXX-XXXX or by email at XXXXXX .
D35: Sincerely,
A36: print this page and sign your name here
A40: type your name & title | D40: your name & title
A41: type your section | D41: your section/department
A42: type your street address | D42: address
A43: type your city, state and zip code | D43: city, state and zip code
A46: customize to your project | D46: CC: | E46: XXXXXX, HSIP Local Gov't Program Manager | M46: Attachments: | N46: Vicinity map and/or list of locations
E47: XXXXX, Urban/Statewide Project Manager

Sheet 15. SHSP PRIORITY
D1: USE THIS TABLE TO CALCULATE "WEIGHTED SCORE" BY COMBINING B/C RATIO AND IDENTIFIED SHSP EMPHASIS AREAS INCLUDED IN PROJECT
A2: SYSTEMIC AND SITE SPECIFIC
A3: FHWA FOCUS AREAS
D4: SHSP Top Focus Emphasis Areas | I4: Road Departure | J4: Intersection | N4: Pedestrian
D5: Speed | E5: Impair ment | F5: Un- restrained | G5: MC | H5: Distracted | I5: Lane Departure | J5: Intersection | K5: YOUNG Driver | L5: OLD Driver | M5: BIKES | N5: PED | O5: WEATHER | P5: Work Zone | Q5: TRUCKS | R5: ANIMAL
D6: Speed Limits | G6: HF | H6: Rumble Strips | I6: Rumble Strips | J6: Signal Timing | L6: Delineation | M6: Bike Facilities | N6: Mid-Block Crossings | O6: Storm Detection | P6: Include Bikes and Peds in WZTC | Q6: Rumble Strips | R6: HF
D7: Traffic Calming | G7: Barrier Design | I7: Delineation | J7: Left Turn Phasing | L7: Signing, Lighting | M7: Traffic Calming | N7: MUTCD Ped Timing | O7: DMS Notices | P7: 4e TM Plans | R7: Speed Enforcement
D8: Variable Speed Limits | G8: Shoulders | I8: Signing | J8: Clearance Times | M8: Bike Friendly Rumble Strips | N8: Countdown Signals | O8: Signal Timing Plans | P8: Temporary Rumble Strips | R8: Crossings
D9: Safety Corridors | G9: Roundabouts | I9: Shoulders | J9: Dilemna Zone Detection | M9: Bike Boulevards | N9: Bus Stop Locations | O9: HF | R9: Active Warning Systems
G10: Left Turn Phasing | I10: Speed Limits | J10: Roundabouts | M10: Signing Striping | N10: ADA | O10: Shoulders | R10: Signage
I11: Flatten Side Slopes | J11: R/R Preemption | M11: Bike Ways | N11: PHB (Hawk) | O11: Pull Outs | R11: Fencing
I12: Clear Zone | J12: R/R Siging, Marking, Lighting | M12: Crossing Treatments | N12: Lighting | O12: ITS detection | R12: Cattle Guards
I13: Barrier | N13: Speed Limits
A14: INDICATE SHSP EMPHASIS AREA with "x" (Max 3) → | N14: Traffic Calming
E15: x
D16: =IF(D15="x",D19,0) -> 0 | E16: =IF(E15="x",E19,0) -> 14 | F16: =IF(F15="x",F19,0) -> 0 | G16: =IF(G15="x",G19,0) -> 0 | H16: =IF(H15="x",H19,0) -> 0 | I16: =IF(I15="x",I19,0) -> 0 | J16: =IF(J15="x",J19,0) -> 0 | K16: =IF(K15="x",K19,0) -> 0 | ... R16: =IF(R15="x",R19,0) -> 0
B18: K+A % from SHSP | D18: 73 | E18: 55 | F18: 75 | G18: 30 | H18: 37 | I18: 85 | J18: 67 | K18: 68 | L18: 33 | M18: 12 | N18: 25 | O18: 10 | P18: 6 | Q18: 25 | R18: 4
B19: K+A WGT: | C19: =SUM(B16:R16) -> 14 | D19: =ROUND(D18/4,0) -> 18 | E19: =ROUND(E18/4,0) -> 14 | F19: =ROUND(F18/4,0) -> 19 | G19: =ROUND(G18/4,0) -> 8 | H19: =ROUND(H18/4,0) -> 9 | I19: =ROUND(I18/4,0) -> 21 | J19: =ROUND(J18/4,0) -> 17 | K19: =ROUND(K18/4,0) -> 17 | ... R19: =ROUND(R18/4,0) -> 1
B20: B/C Ratio: | C20: ='10. BC Ratio Tabulation'!E19 -> 3.2
B21: Weighted Score: | C21: =SUM(C19:C20) -> 17.2
D23: This worksheet is used to calculate the weighted project score utilizing the SHSP emphasis areas identified in Question 34, 34b, and 34d from the Application, Tab 2.
F25: http://azdot.gov/about/transportation-safety/arizona-strategic-highway-safety-plan

Sheet 16. CMF Pivot Table
A3: Row Labels | B3: Count of Countermeasure
A4: Access management | B4: 9
A5: Convert an open median to a directional median | B5: 3
A6: Decrease freeway ramp spacing from infinity to S (ft) with/without auxiliary lane | B6: 1
A7: Increase intersection median width by 3 ft increments | B7: 3
A8: Install raised median | B8: 1
A9: Provide a raised median | B9: 1
A10: Advanced technology and ITS | B10: 7
A11: Implement automated speed enforcement cameras | B11: 1
A12: Implement mobile speed cameras | B12: 2
A13: Install automated section speed enforcement system | B13: 1
A14: Install automated speed camera at signalized intersection | B14: 1
A15: Install red-light camera (red light running crashes) | B15: 1
... A111: Grand Total | B111: 206

Sheet 17. Countermeasures
A1: Countermeasures That Work
A2: CM No. | B2: Study Title
A3: CHAPTER 1: Alcohol-Impaired & Drugged Driving | C3: Resource | D3: Countermeasure Category | E3: Effectivenesss (1 to 5 Stars) | F3: Countermeasure | G3: Expected Reduction of Crashes (Percent) | H3: Expected Reduction of Fatalities (Percent) | I3: Resource for Percent Reduction | J3: Cost | K3: Use | L3: Time | M3: Additional Information
A4: 1.1 | B4: Countermeasures That Work - NHTSA | C4: Countermeasures That Work - NHTSA Pg-28 | D4: Deterrence: Laws | E4: 5 | F4: Administrative license revocation or suspension (ALR or ALS) | G4: N/A | H4: 0.13 | I4: NCHRP 500 | J4: $$$ | K4: High | L4: Medium
A5: 2.1 | B5: Countermeasures That Work - NHTSA | C5: Countermeasures That Work - NHTSA - Pg 35 | D5: Deterrence: Enforcement | E5: 5 | F5: High visibility sobriety checkpoints | G5: 10-30% | H5: 0.15 | I5: NCHRP 500 | J5: $$$ | K5: Medium | L5: Short
A6: 2.2 | B6: Countermeasures That Work - NHTSA | C6: Countermeasures That Work - NHTSA - Pg 37 | D6: Deterrence: Enforcement | E6: 4 | F6: High visibility saturation patrols | J6: $$ | K6: High | L6: Short
A7: 2.3 | B7: Countermeasures That Work - NHTSA | C7: Countermeasures That Work - NHTSA - Pg 38 | D7: Deterrence: Enforcement | E7: 4 | F7: Preliminary Breath Test Devices (PBTs) | J7: $$ | K7: High | L7: Short | M7: Proven for increasing arrests
A8: 2.4 | B8: Countermeasures That Work - NHTSA | C8: Countermeasures That Work - NHTSA - Pg 39 | D8: Deterrence: Enforcement | E8: 4 | F8: Passive alcohol sensors | J8: $$ | K8: Unknown | L8: Short
A9: 3.1 | B9: Countermeasures That Work - NHTSA | C9: Countermeasures That Work - NHTSA - Pg 41 | D9: Deterrence: Prosecution & Adjudication | E9: 4 | F9: DWI Courts | J9: $$$ | K9: Low | L9: Medium
A10: 3.2 | B10: Countermeasures That Work - NHTSA | C10: Countermeasures That Work - NHTSA - Pg 43 | D10: Deterrence: Prosecution & Adjudication | E10: 4 | F10: Limits on diversion and plea agreements | G10: 0.1 | H10: N/A | I10: NCHRP 500 | J10: $ | K10: Medium | L10: Short | M10: Proven for increasing convictions
A11: 4.1 | B11: Countermeasures That Work - NHTSA | C11: Countermeasures That Work - NHTSA - Pg 48 | D11: Deterrence: DWI Offender Treatment, Monitoring, & Control | E11: 5 | F11: Alcohol problem assessment, treatment | G11: 7-9% | H11: N/A | I11: NCHRP 500 | J11: Varies | K11: High | L11: Varies
A12: 4.2 | B12: Countermeasures That Work - NHTSA | C12: Countermeasures That Work - NHTSA - Pg 50 | D12: Deterrence: DWI Offender Treatment, Monitoring, & Control | E12: 5 | F12: Alcohol interlocks | G12: N/A | H12: N/A | I12: NCHRP 500 | J12: $$ | K12: Medium | L12: Medium | M12: Proven for reducing recidivism
A13: 4.3 | B13: Countermeasures That Work - NHTSA | C13: Countermeasures That Work - NHTSA - Pg 53 | D13: Deterrence: DWI Offender Treatment, Monitoring, & Control | E13: 4 | F13: Vehicle and license plate sanctions | J13: Varies | K13: Medium | L13: Medium | M13: Proven for reducing recidivism
A14: 4.4 | B14: Countermeasures That Work - NHTSA | C14: Countermeasures That Work - NHTSA - Pg 55 | D14: Deterrence: DWI Offender Treatment, Monitoring, & Control | E14: 4 | F14: DWI offender monitoring | G14: N/A | H14: N/A | I14: NCHRP 500 | J14: $$$ | K14: Unknown | L14: Varies | M14: Proven for reducing recidivism
A15: 4.5 | B15: Countermeasures That Work - NHTSA | C15: Countermeasures That Work - NHTSA - Pg 56 | D15: Deterrence: DWI Offender Treatment, Monitoring, & Control | E15: 4 | F15: Lower BAC limit for repeat offenders | G15: N/A | H15: N/A | I15: NCHRP 500 | J15: $ | K15: Low | L15: Short
A16: 5.1 | B16: Countermeasures That Work - NHTSA | C16: Countermeasures That Work - NHTSA - Pg 58 | D16: Prevention, Intervention, Communication & Outreach | E16: 5 | F16: Alcohol screening and brief intervention | G16: 0.11 | H16: N/A | I16: NCHRP 500 | J16: $$ | K16: Medium | L16: Short
A17: 6.1 | B17: Countermeasures That Work - NHTSA | C17: Countermeasures That Work - NHTSA - Pg 67 | D17: Underage Drinking and Alcohol-Impaired Dirving | E17: 5 | F17: Minimum drinking age 21 laws | G17: 0.21 | H17: N/A | I17: NCHRP 500 | J17: $$ | K17: High | L17: Low
A18: CHAPTER 2: Seat Belts & Child Restraints | C18: Resource | D18: Countermeasure Category | E18: Effectivenesss (1 to 5 Stars) | F18: Countermeasure | G18: Expected Reduction of Crashes (Percent) | H18: Expected Reduction of Fatalities (Percent) | I18: Resource for Percent Reduction | J18: Cost | K18: Use | L18: Time | M18: Additional Information
A19: 1.1 | B19: Countermeasures That Work - NHTSA | C19: Countermeasures That Work - NHTSA - Pg 118 | D19: Seat Belt Use Laws | E19: 5 | F19: State primary enforcement belt use laws | J19: $ | K19: Medium | L19: Short
A20: 1.2 | B20: Countermeasures That Work - NHTSA | C20: Countermeasures That Work - NHTSA - Pg 120 | D20: Seat Belt Use Laws | E20: 4 | F20: Local primary enforcement belt use laws | J20: $ | K20: Low | L20: Short
A21: 1.3 | B21: Countermeasures That Work - NHTSA | C21: Countermeasures That Work - NHTSA - Pg 121 | D21: Seat Belt Use Laws | E21: 4 | F21: Increased belt use law penalties | J21: $ | K21: Low | L21: Short | M21: Effectiveness has been demonstrated for increased fines but has not yet been demonstrated for driver's license points.
A22: 2.1 | B22: Countermeasures That Work - NHTSA | C22: Countermeasures That Work - NHTSA - Pg 123 | D22: Seat Belt Law Enforcement | E22: 5 | F22: Short high-visibility belt law enforcement | J22: $$$ | K22: Medium | L22: Medium | M22: Used in many jurisdictions but often only once or twice each year
A23: 2.2 | B23: Countermeasures That Work - NHTSA | C23: Countermeasures That Work - NHTSA - Pg 126 | D23: Seat Belt Law Enforcement | E23: 4 | F23: Combined enforcement, nighttime | J23: $$$ | K23: Unknown | L23: Medium
A24: 3.1 | B24: Countermeasures That Work - NHTSA | C24: Countermeasures That Work - NHTSA - Pg 129 | D24: Communications and Outreach | E24: 5 | F24: Supporting enforcement | J24: Varies | K24: Medium | L24: Medium
A25: 3.2 | B25: Countermeasures That Work - NHTSA | C25: Countermeasures That Work - NHTSA - Pg 130 | D25: Communications and Outreach | E25: 4 | F25: Strategies for low-belt-use groups | J25: Unknown | K25: Unknown | L25: Unknown
A26: 4.1 | B26: Countermeasures That Work - NHTSA | C26: Countermeasures That Work - NHTSA - Pg 133 | D26: Child/Youth Occupant Restraint Laws | E26: 5 | F26: Strengthening child/youth occupant restraint laws | G26: N/A | H26: N/A | I26: NCHRP 500 | J26: $ | K26: High | L26: Short
A27: 5.1 | B27: Countermeasures That Work - NHTSA | C27: Countermeasures That Work - NHTSA - Pg 135 | D27: Child Restraint/Booster Seat Law Enforcement | E27: 5 | F27: Short high-visibility CR law enforcement | J27: $$$ | K27: Medium | L27: Medium | M27: Used in many jurisdictions but often only once or twice each year
A28: CHAPTER 3: Aggressive Driving & Speeding | C28: Resource | D28: Countermeasure Category | E28: Effectivenesss (1 to 5 Stars) | F28: Countermeasure | G28: Expected Reduction of Crashes (Percent) | H28: Expected Reduction of Fatalities (Percent) | I28: Resource for Percent Reduction | J28: Cost | K28: Use | L28: Time | M28: Additional Information
A29: 1.1 | B29: Countermeasures That Work - NHTSA | C29: Countermeasures That Work - NHTSA - Pg 159 | D29: Laws | E29: 5 | F29: Speed Limits | G29: N/A | H29: N/A | I29: NCHRP 500 | J29: $ | K29: High | L29: Short | M29: When enforced and obeyed effectiveness is rated a 5-star.
A30: 2.1 | B30: Countermeasures That Work - NHTSA | C30: Countermeasures That Work - NHTSA - Pg 163 | D30: Enforcement | E30: 5 | F30: Automated enforcement | G30: N/A | H30: N/A | I30: NCHRP 500 | J30: $$$ | K30: Medium | L30: Medium | M30: The cost can be covered by income of citations
A31: CHAPTER 4: Distracted & Drowsy Driving | C31: Resource | D31: Countermeasure Category | E31: Effectivenesss (1 to 5 Stars) | F31: Countermeasure | G31: Expected Reduction of Crashes (Percent) | H31: Expected Reduction of Fatalities (Percent) | I31: Resource for Percent Reduction | J31: Cost | K31: Use | L31: Time | M31: Additional Information
A32: 1.1 | B32: Countermeasures That Work - NHTSA | C32: Countermeasures That Work - NHTSA - Pg 196 | D32: Laws and Enforcement | E32: 5 | F32: Graduated drivers license requirements for beginning drivers | G32: N/A | H32: N/A | I32: NCHRP 500 | J32: $ | K32: High | L32: Medium | M32: Effectiveness proven for nighttime and passengar restrictions
A33: 1.3 | B33: Countermeasures That Work - NHTSA | C33: Countermeasures That Work - NHTSA - Pg 200 | D33: Laws and Enforcement | E33: 4 | F33: High visibility cell phone/text messaging enforcement | G33: N/A | H33: N/A | I33: NCHRP 500 | J33: $$$ | K33: Low | L33: Medium
A34: CHAPTER 5: Motorcycle Safety | C34: Resource | D34: Countermeasure Category | E34: Effectivenesss (1 to 5 Stars) | F34: Countermeasure | G34: Expected Reduction of Crashes (Percent) | H34: Expected Reduction of Fatalities (Percent) | I34: Resource for Percent Reduction | J34: Cost | K34: Use | L34: Time | M34: Additional Information
A35: 1.1 | B35: Countermeasures That Work - NHTSA | C35: Countermeasures That Work - NHTSA - Pg 223 | D35: Motorcycle Helmets | E35: 5 | F35: Universal coverage state motorcycle helmet use laws | G35: 0.26 | H35: 0.35 | I35: NCHRP 500 | J35: $ | K35: Medium | L35: Short
A36: CHAPTER 6: Young Drivers | C36: Resource | D36: Countermeasure Category | E36: Effectivenesss (1 to 5 Stars) | F36: Countermeasure | G36: Expected Reduction of Crashes (Percent) | H36: Expected Reduction of Fatalities (Percent) | I36: Resource for Percent Reduction | J36: Cost | K36: Use | L36: Time | M36: Additional Information
A37: 1.1 | B37: Countermeasures That Work - NHTSA | C37: Countermeasures That Work - NHTSA - Pg 255 | D37: Graduated Driver Licensing | E37: 5 | F37: Graduated Driver licensing | G37: 25-35% | H37: N/A | I37: NCHRP 500 | J37: $ | K37: High | L37: Medium
A38: 1.2 | B38: Countermeasures That Work - NHTSA | C38: Countermeasures That Work - NHTSA - Pg 257 | D38: Graduated Driver Licensing | E38: 5 | F38: Learner's permit length, surpervised hours | G38: 22-40% | H38: N/A | I38: NCHRP 500 | J38: $ | K38: High | L38: Medium
A39: 1.3 | B39: Countermeasures That Work - NHTSA | C39: Countermeasures That Work - NHTSA - Pg 258 | D39: Graduated Driver Licensing | E39: 5 | F39: Intermediate - Nighttime restrictions | G39: 40-50% | H39: N/A | I39: NCHRP 500 | J39: $ | K39: High | L39: Medium
A40: 1.4 | B40: Countermeasures That Work - NHTSA | C40: Countermeasures That Work - NHTSA - Pg 259 | D40: Graduated Driver Licensing | E40: 5 | F40: Intermediate - Passenger restrictions | G40: 15-20% | H40: N/A | I40: NCHRP 500 | J40: $ | K40: High | L40: Medium
A41: CHAPTER 7: Older Drivers | C41: Resource | D41: Countermeasure Category | E41: Effectivenesss (1 to 5 Stars) | F41: Countermeasure | G41: Expected Reduction of Crashes (Percent) | H41: Expected Reduction of Fatalities (Percent) | I41: Resource for Percent Reduction | J41: Cost | K41: Use | L41: Time | M41: Additional Information
A42: 2.1 | B42: Countermeasures That Work - NHTSA | C42: Countermeasures That Work - NHTSA - Pg 292 | D42: Licensing | E42: 4 | F42: License screening and testing | J42: $$ | K42: High | L42: Medium
A43: 2.2 | B43: Countermeasures That Work - NHTSA | C43: Countermeasures That Work - NHTSA - Pg 294 | D43: Licensing | E43: 4 | F43: Referring older drivers to DMVs | J43: $$ | K43: Low | L43: Medium
A44: 2.3 | B44: Countermeasures That Work - NHTSA | C44: Countermeasures That Work - NHTSA - Pg 297 | D44: Licensing | E44: 4 | F44: License restrictions | J44: $ | K44: Unknown | L44: Short
A45: CHAPTER 8: Pedestrians | C45: Resource | D45: Countermeasure Category | E45: Effectivenesss (1 to 5 Stars) | F45: Countermeasure | G45: Expected Reduction of Crashes (Percent) | H45: Expected Reduction of Fatalities (Percent) | I45: Resource for Percent Reduction | J45: Cost | K45: Use | L45: Time | M45: Additional Information
A46: 4.1 | B46: Countermeasures That Work - NHTSA | C46: Countermeasures That Work - NHTSA - Pg 331 | D46: All Pedestrians | E46: 4 | F46: Pedestrian safety zones | J46: $$$ | K46: Low | L46: Medium
A47: CHAPTER 9: Bicycles | C47: Resource | D47: Countermeasure Category | E47: Effectivenesss (1 to 5 Stars) | F47: Countermeasure | G47: Expected Reduction of Crashes (Percent) | H47: Expected Reduction of Fatalities (Percent) | I47: Resource for Percent Reduction | J47: Cost | K47: Use | L47: Time | M47: Additional Information
A48: 1.1 | B48: Countermeasures That Work - NHTSA | C48: Countermeasures That Work - NHTSA - Pg 357 | D48: Children | E48: 5 | F48: Bicycle helmet laws for children | G48: 0.88 | I48: NCHRP 500 | J48: $$ | K48: Medium | L48: Short
A49: KEY:
A50: Effectiveness: (1 to 5 stars) | F50: Visit NCHRP Report 622 @: | G50: http://www.cmfclearinghouse.org/collateral/NCHRP_Report_622.pdf
A51: 5-star: Demonstrated to be effective by several high-quality evaluations with consistent results
A52: 4-star: Demonstrated to be effective in certain situations
A53: 3-star: Likely to be effective based on balance of evidence from high-quality evaluations or other sources
A54: 2-star: Effectiveness still undetermined; different methods of implementing this countermeasure produce different results
A55: 1-star: Limited or no high-quality evaluation evidence
A56: Effectiveness is measured by reductions in crashes or injuries unless noted otherwise. See individual countermeasure descriptions for information on effectiveness size and how effectiveness is measured.
A58: Cost to implement:
A59: $$$: requires extensive new facilities, staff, equipment, or publicity, or makes heavy demands on current resources
A60: $$: requires some additional staff time, equipment, facilities, and/or publicity
A61: $: can be implemented with current staff, perhaps with training; limited costs for equipment, facilities, and publicity
A62: These estimates do not include the costs of enacting legislation or establishing policies.
A64: Use:
... A74: These estimates do not include the time required to enact legislation or establish policies.

Sheet 18. CMF1
A1: CRF Clearinghouse - CMF
A2: CMF ID | B2: Study Title | C2: Resource | D2: Countermeasure Category | E2: Countermeasure Subcategory | F2: Countermeasure | G2: CRF | H2: CMF | I2: Crash Type | J2: Crash Severity | K2: Roadway Type | L2: Area Type | M2: Publication Year | N2: Star Quality Rating | O2: Prior Condition | P2: Adjusted Standard Error of CRF | Q2: Unadjusted Standard Error of CRF | R2: Adjusted Standard Error of CMF | S2: Unadjusted Standard Error of CMF | T2: Included in First Edition of Highway Safety Manual | U2: Type of Study Methodology | V2: State | W2: Municipality | X2: Sample Size | Y2: Sample Size Unit Type | Z2: Before Sample Size | AA2: After Sample Size | AB2: Required Sample Size | AC2: Required Before Sample Size | AD2: Required After Sample Size | AE2: Begin Year of Data | AF2: End Year of Data | AG2: Intersection Related | AH2: Traffic Volume Unit | AI2: Minimum Traffic Volume (non-intersection) | AJ2: Maximum Traffic Volume (non-intersection) | AK2: Minimum Major Road Traffic Volume (intersection) | AL2: Maximum Major Road Traffic Volume (intersection) | AM2: Minimum Minor Road Traffic Volume (intersection) | AN2: Maximum Minor Road Traffic Volume (intersection) | AO2: Number of Lanes | AP2: Intersection Type | AQ2: Intersection Geometry | AR2: Traffic Control Type | AS2: Speed Limit (mph) | AT2: Crash Time of Day | AU2: Roadway Division Type | AV2: Date CMF Added to Clearinghouse
A3: 144 | B3: Speed and Road Accidents An Evaluation of the Power Model | C3: Click for CMF details | D3: Speed management | F3: 10% reduction in mean speed | G3: 32 | H3: 0.68 | I3: All | J3: Fatal | K3: All | L3: All | M3: 2004 | N3: 4 | P3: 9 | R3: 0.09 | T3: no | U3: Meta-analysis | AG3: no | AI3: All | AJ3: All
A4: 145 | B4: Speed and Road Accidents An Evaluation of the Power Model | C4: Click for CMF details | D4: Speed management | F4: 10% reduction in mean speed | G4: 15 | H4: 0.85 | I4: All | J4: Serious injury,Minor injury | K4: All | L4: All | M4: 2004 | N4: 5 | P4: 5 | R4: 0.05 | T4: no | U4: Meta-analysis | AG4: no | AI4: All | AJ4: All
A5: 147 | B5: Speed and Road Accidents An Evaluation of the Power Model | C5: Click for CMF details | D5: Speed management | F5: 15% reduction in mean speed | G5: 44 | H5: 0.56 | I5: All | J5: Fatal | K5: All | L5: All | M5: 2004 | N5: 4 | P5: 14 | R5: 0.14 | T5: no | U5: Meta-analysis | AG5: no | AI5: All | AJ5: All
A6: 148 | B6: Speed and Road Accidents An Evaluation of the Power Model | C6: Click for CMF details | D6: Speed management | F6: 15% reduction in mean speed | G6: 22 | H6: 0.78 | I6: All | J6: Serious injury,Minor injury | K6: All | L6: All | M6: 2004 | N6: 4 | P6: 8 | R6: 0.08 | T6: no | U6: Meta-analysis | AG6: no | AI6: All | AJ6: All
A7: 150 | B7: Speed and Road Accidents An Evaluation of the Power Model | C7: Click for CMF details | D7: Speed management | F7: 5% increase in mean speed | G7: -19 | H7: 1.19 | I7: All | J7: Fatal | K7: All | L7: All | M7: 2004 | N7: 5 | P7: 4 | R7: 0.04 | T7: no | U7: Meta-analysis | AG7: no | AI7: All | AJ7: All
A8: 151 | B8: Speed and Road Accidents An Evaluation of the Power Model | C8: Click for CMF details | D8: Speed management | F8: 5% increase in mean speed | G8: -8 | H8: 1.08 | I8: All | J8: Serious injury,Minor injury | K8: All | L8: All | M8: 2004 | N8: 5 | P8: 3 | R8: 0.03 | T8: no | U8: Meta-analysis | AG8: no | AI8: All | AJ8: All
A9: 141 | B9: Speed and Road Accidents An Evaluation of the Power Model | C9: Click for CMF details | D9: Speed management | F9: 5% reduction in mean speed | G9: 17 | H9: 0.83 | I9: All | J9: Fatal | K9: All | L9: All | M9: 2004 | N9: 5 | P9: 5 | R9: 0.05 | T9: no | U9: Meta-analysis | AG9: no | AI9: All | AJ9: All
A10: 142 | B10: Speed and Road Accidents An Evaluation of the Power Model | C10: Click for CMF details | D10: Speed management | F10: 5% reduction in mean speed | G10: 7 | H10: 0.93 | I10: All | J10: Serious injury,Minor injury | K10: All | L10: All | M10: 2004 | N10: 5 | P10: 3 | R10: 0.03 | T10: no | U10: Meta-analysis | AG10: no | AI10: All | AJ10: All
A11: 528 | B11: Traffic Safety Evaluation of Daytime and Nighttime Work Zones | C11: Click for CMF details | D11: Work zone | F11: Active work with no lane closure (compared to no work zone) | G11: -17 | H11: 1.17 | I11: All | J11: Serious injury,Minor injury | K11: Principal Arterial Other Freeways and Expressways | L11: Not specified | M11: 2008 | N11: 4 | P11: 5 | Q11: 4 | R11: 0.05 | S11: 0.04 | T11: no | U11: Before/after using empirical Bayes or full Bayes | AG11: no | AI11: All | AJ11: All
A12: 524 | B12: Traffic Safety Evaluation of Daytime and Nighttime Work Zones | C12: Click for CMF details | D12: Work zone | F12: Active work with no lane closure (compared to no work zone) | G12: -19 | H12: 1.19 | I12: All | J12: Serious injury,Minor injury | K12: Principal Arterial Other Freeways and Expressways | L12: Not specified | M12: 2008 | N12: 4 | P12: 7 | Q12: 6 | R12: 0.07 | S12: 0.06 | T12: no | U12: Before/after using empirical Bayes or full Bayes | AG12: no | AH12: Annual Average Daily Traffic (AADT)
A13: 503 | B13: Traffic Safety Evaluation of Daytime and Nighttime Work Zones | C13: Click for CMF details | D13: Work zone | F13: Active work with temporary lane closure (compared to no work zone) | G13: -42 | H13: 1.42 | I13: Nighttime | J13: Serious injury,Minor injury | K13: Principal Arterial Other Freeways and Expressways | L13: Not specified | M13: 2008 | N13: 4 | P13: 10 | Q13: 9 | R13: 0.1 | S13: 0.09 | T13: no | U13: Before/after using empirical Bayes or full Bayes | AG13: no | AI13: All | AJ13: All
A14: 504 | B14: Traffic Safety Evaluation of Daytime and Nighttime Work Zones | C14: Click for CMF details | D14: Work zone | F14: Active work with temporary lane closure (compared to no work zone) | G14: -46 | H14: 1.46 | I14: All | J14: Serious injury,Minor injury | K14: Principal Arterial Other Freeways and Expressways | L14: Not specified | M14: 2008 | N14: 4 | P14: 13 | Q14: 11 | R14: 0.13 | S14: 0.11 | T14: no | U14: Before/after using empirical Bayes or full Bayes | AG14: no | AI14: All | AJ14: All
A15: 501 | B15: Traffic Safety Evaluation of Daytime and Nighttime Work Zones | C15: Click for CMF details | D15: Work zone | F15: Active work with temporary lane closure (compared to no work zone) | G15: -49 | H15: 1.49 | I15: Nighttime | J15: Serious injury,Minor injury | K15: Principal Arterial Other Freeways and Expressways | L15: Not specified | M15: 2008 | N15: 4 | P15: 14 | Q15: 12 | R15: 0.14 | S15: 0.12 | T15: no | U15: Before/after using empirical Bayes or full Bayes | AG15: no | AH15: Annual Average Daily Traffic (AADT) | AI15: 100000 | AJ15: Not specified
A16: 498 | B16: Traffic Safety Evaluation of Daytime and Nighttime Work Zones | C16: Click for CMF details | D16: Work zone | F16: Active work with temporary lane closure (compared to no work zone) | G16: -60 | H16: 1.6 | I16: All | J16: Serious injury,Minor injury | K16: Principal Arterial Other Freeways and Expressways | L16: Not specified | M16: 2008 | N16: 4 | P16: 18 | Q16: 15 | R16: 0.18 | S16: 0.15 | T16: no | U16: Before/after using empirical Bayes or full Bayes | AG16: no | AH16: Annual Average Daily Traffic (AADT)
A17: 2450 | B17: Safety Effectiveness of Advance Street Name Signs | C17: Click for CMF details | D17: Signs | F17: Advance street name signs | G17: 1 | H17: 0.99 | I17: All | J17: Fatal,Serious injury,Minor injury | K17: Not Specified | L17: All | M17: 2010 | N17: 4 | O17: No advance signs at a signalized intersection | Q17: 3.1 | S17: 0.031 | T17: no | U17: Before/after using empirical Bayes or full Bayes | V17: AZ,MA,WI | Y17: Crashes | AA17: 3122 | AE17: 1994 | AF17: 2006 | AG17: yes | AP17: Roadway/roadway (not interchange related) | AQ17: 3-leg,4-leg | AR17: Signalized | AT17: All
A18: 41 | B18: Handbook of Road Safety Measures | C18: Click for CMF details | D18: Roadside | E18: Roadside barriers | F18: Change barrier along embankment to less rigid type | G18: 32 | H18: 0.68 | I18: Run off road | J18: Serious injury,Minor injury | K18: Not specified | L18: Not specified | M18: 2004 | N18: 4 | P18: 10 | Q18: 6 | R18: 0.1 | S18: 0.06 | T18: bold | U18: Meta-analysis | AG18: no | AI18: Not specified | AJ18: Not specified
A19: 4578 | B19: Highway Safety Manual, 1st Edition | C19: Click for CMF details | D19: Intersection traffic control | F19: Change left-turn phase from permissive to protected/permissive or permissive/protected phasing on one or more approaches | G19: 16 | H19: 0.84 | I19: Left turn | J19: Fatal,Serious injury,Minor injury | K19: Not specified | L19: Urban | M19: 2010 | N19: 5 | O19: Permitted phasing | Q19: 2 | S19: 0.02 | T19: yes | U19: Before/after using empirical Bayes or full Bayes | AG19: yes | AH19: Annual Average Daily Traffic (AADT) | AK19: 3000 | AL19: 77000 | AM19: 1 | AN19: 45500 | AP19: Roadway/roadway (not interchange related) | AQ19: 4-leg | AR19: Signalized
A20: 4269 | B20: Evaluation of Safety Strategies at Signalized Intersections | C20: Click for CMF details | D20: Intersection traffic control | F20: Change permissive left-turn phasing to protected/permissive | G20: 3.8 | H20: 0.962 | I20: All | J20: Fatal,Serious injury,Minor injury | K20: Not specified | L20: Urban | M20: 2011 | N20: 4 | O20: Permissive phasting | Q20: 3.5 | S20: 0.035 | T20: no | U20: Before/after using empirical Bayes or full Bayes | V20: notusa,NC | Y20: Sites | Z20: 71 | AA20: 71 | AE20: 1997 | AF20: 2007 | AG20: yes | AH20: Annual Average Daily Traffic (AADT) | AK20: 4857 | AL20: 74990 | AM20: 1466 | AN20: 42723 | AP20: Roadway/roadway (not interchange related) | AQ20: 4-leg | AR20: Signalized | AT20: Not specified | AV20: 41229
A21: 4169 | B21: Evaluation of Safety Strategies at Signalized Intersections | C21: Click for CMF details | D21: Intersection traffic control | F21: Changing left turn phasing on more than one approach from permissive to protected-permissive | G21: 8.6 | H21: 0.914 | I21: All | J21: Fatal,Serious injury,Minor injury | K21: Not Specified | L21: Urban | M21: 2011 | N21: 4 | O21: Permissive only left turn phasing on all treated approaches | Q21: 5.5 | S21: 0.055 | T21: no | U21: Before/after using empirical Bayes or full Bayes | V21: notusa,NC | W21: Toronto & North Carolina | Y21: Crashes | Z21: 600 | AA21: 695 | AG21: yes | AH21: Annual Average Daily Traffic (AADT) | AK21: 4857 | AL21: 74990 | AM21: 1466 | AN21: 42723 | AP21: Roadway/roadway (not interchange related) | AQ21: 4-leg | AR21: Signalized | AT21: Not specified | AV21: 41153
A22: 4165 | B22: Evaluation of Safety Strategies at Signalized Intersections | C22: Click for CMF details | D22: Intersection traffic control | F22: Changing left turn phasing on one approach from permissive to protected-permissive | G22: 0.5 | H22: 0.995 | I22: All | J22: Fatal,Serious injury,Minor injury | K22: Not Specified | L22: Urban | M22: 2011 | N22: 4 | O22: Permissive only left turn phasing on the treated approach | Q22: 4.3 | S22: 0.043 | T22: no | U22: Before/after using empirical Bayes or full Bayes | V22: notusa,NC | W22: Toronto & North Carolina | Y22: Crashes | Z22: 1760 | AA22: 1063 | AG22: yes | AH22: Annual Average Daily Traffic (AADT) | AK22: 4857 | AL22: 74990 | AM22: 1466 | AN22: 42723 | AP22: Roadway/roadway (not interchange related) | AQ22: 4-leg | AR22: Signalized | AT22: Not specified | AV22: 41153
A23: 5228 | B23: Evaluation of Roundabout Safety | C23: Click for CMF details | D23: Intersection geometry | E23: Intersection geometry reconfiguration | F23: Conversion of intersection into low-speed roundabout | G23: 52.73 | H23: 0.473 | I23: All | J23: Fatal,Serious injury,Minor injury | K23: Not specified | L23: All | M23: 2013 | N23: 4 | O23: The intersection was operating under no control, yield, TWSC, AWSC, or signal control. | Q23: 11.3 | S23: 0.113 | T23: no | U23: Before/after using empirical Bayes or full Bayes | V23: WI | W23: Statewide | Y23: Crashes | Z23: 55 | AA23: 26 | AE23: 1994 | AF23: 2010 | AG23: yes | AH23: Annual Average Daily Traffic (AADT) | AK23: 4100 (total entering) | AL23: 48100 (total entering) | AO23: 2,4 | AP23: Roadway/roadway (not interchange related) | AQ23: 3-leg,4-leg | AR23: Other | AT23: All | AU23: All | AV23: 41487
A24: 4927 | B24: Evaluation of Roundabout Safety | C24: Click for CMF details | D24: Intersection geometry | E24: Intersection geometry reconfiguration | F24: Conversion of intersection into multi-lane roundabout | G24: 63.28 | H24: 0.367 | I24: All | J24: Fatal,Serious injury,Minor injury | K24: Not specified | L24: All | M24: 2013 | N24: 4 | O24: The intersection was operating under no control, yield, TWSC, AWSC, or signal control. | Q24: 12.8 | S24: 0.128 | T24: no | U24: Before/after using empirical Bayes or full Bayes | V24: WI | W24: Statewide | Y24: Crashes | Z24: 46 | AA24: 23 | AE24: 1994 | AF24: 2010 | AG24: yes | AH24: Annual Average Daily Traffic (AADT) | AK24: 4100 (Total) | AL24: 48100 (Total) | AO24: 4 | AP24: Roadway/roadway (not interchange related) | AQ24: 3-leg,4-leg | AR24: Other | AT24: All | AU24: All | AV24: 41487
A25: 4195 | B25: Safety Effectiveness of Converting Signalized Intersections to Roundabouts | C25: Click for CMF details | D25: Intersection geometry | E25: Intersection geometry reconfiguration | F25: Conversion of signalized intersection into single- or multi-lane roundabout | G25: 71 | H25: 0.29 | I25: All | J25: Serious injury,Minor injury | K25: Not Specified | L25: Urban and suburban | M25: 2012 | N25: 4 | O25: Signalized intersection | Q25: 7 | S25: 0.07 | T25: no | U25: Before/after using empirical Bayes or full Bayes | V25: CO,FL,IN,MD,MI,NY,NC,SC,VT,WA | Y25: Sites | Z25: 16 | AA25: 16 | AE25: 2000 | AF25: 2009 | AG25: yes | AH25: Annual Average Daily Traffic (AADT) | AK25: 5300 | AL25: 52500 | AO25: 2 | AP25: Roadway/roadway (not interchange related) | AQ25: 3-leg,4-leg | AR25: Roundabout | AS25: 15-35 mph | AT25: All | AV25: 41065
A26: 210 | B26: Observational Before-After Study of the Safety Effect of U.S. Roundabout Conversions Using the Empirical Bayes Method | C26: Click for CMF details | D26: Intersection geometry | E26: Intersection geometry reconfiguration | F26: Conversion of stop-controlled intersection into single-lane roundabout | G26: 88 | H26: 0.12 | I26: All | J26: Serious injury,Minor injury | K26: Not specified | L26: Urban | M26: 2001 | N26: 4 | P26: 14 | Q26: 8 | R26: 0.14 | S26: 0.08 | T26: no | U26: Before/after using empirical Bayes or full Bayes | AG26: yes | AH26: Annual Average Daily Traffic (AADT) | AP26: Roadway/roadway (not interchange related) | AQ26: Not specified | AR26: Stop-controlled
A27: 211 | B27: Observational Before-After Study of the Safety Effect of U.S. Roundabout Conversions Using the Empirical Bayes Method | C27: Click for CMF details | D27: Intersection geometry | E27: Intersection geometry reconfiguration | F27: Conversion of stop-controlled intersection into single-lane roundabout | G27: 82 | H27: 0.18 | I27: All | J27: Serious injury,Minor injury | K27: Not specified | L27: Rural | M27: 2001 | N27: 4 | P27: 16 | Q27: 9 | R27: 0.16 | S27: 0.09 | T27: no | U27: Before/after using empirical Bayes or full Bayes | AG27: yes | AH27: Annual Average Daily Traffic (AADT) | AP27: Roadway/roadway (not interchange related) | AQ27: Not specified | AR27: Stop-controlled
A28: 4931 | B28: Evaluation of Roundabout Safety | C28: Click for CMF details | D28: Intersection geometry | E28: Intersection geometry reconfiguration | F28: Conversion of two-way stop-controlled intersection into single- or multi-lane roundabout | G28: 35.03 | H28: 0.65 | I28: All | J28: Fatal,Serious injury,Minor injury | K28: Not specified | L28: All | M28: 2013 | N28: 4 | O28: The intersection was operating under TWSC control. | Q28: 10.4 | S28: 0.104 | T28: no | U28: Before/after using empirical Bayes or full Bayes | V28: WI | W28: Statewide | Y28: Crashes | Z28: 48 | AA28: 18 | AE28: 1994 | AF28: 2010 | AG28: yes | AH28: Annual Average Daily Traffic (AADT) | AK28: 4100 (total entering) | AL28: 48100 (total entering) | AO28: 2,4 | AP28: Roadway/roadway (not interchange related) | AQ28: 3-leg,4-leg | AR28: Stop-controlled | AT28: All | AU28: All | AV28: 41487
A29: 5452 | B29: Safety Effects of Median Treatments Using Longitudinal Channelizers: Empirical Bayesian Before-and-After Study | C29: Click for CMF details | D29: Access management | F29: Convert an open median to a directional median | G29: 24 | H29: 0.76 | I29: All | J29: Fatal,Serious injury | K29: Principal Arterial Other | L29: Urban and suburban | M29: 2013 | N29: 4 | O29: Roadway with full median openings | Q29: 5.48 | S29: 0.0548 | T29: no | U29: Before/after using empirical Bayes or full Bayes | V29: FL | W29: Tampa | Y29: Crashes | AA29: 56 | AE29: 2003 | AF29: 2010 | AG29: no | AH29: Annual Average Daily Traffic (AADT) | AI29: 27000 | AJ29: 96000 | AO29: 4,6,8 | AS29: 40mph to 55 mph | AT29: Not specified | AU29: Divided by Median | AV29: 41694
A30: 5453 | B30: Safety Effects of Median Treatments Using Longitudinal Channelizers: Empirical Bayesian Before-and-After Study | C30: Click for CMF details | D30: Access management | F30: Convert an open median to a directional median | G30: 23 | H30: 0.77 | I30: All | J30: Fatal,Serious injury,Minor injury | K30: Principal Arterial Other | L30: Urban and suburban | M30: 2013 | N30: 4 | O30: Roadway with full median openings | Q30: 6.32 | S30: 0.0632 | T30: no | U30: Before/after using empirical Bayes or full Bayes | V30: FL | W30: Tampa | Y30: Crashes | AA30: 121 | AE30: 2003 | AF30: 2010 | AG30: no | AH30: Annual Average Daily Traffic (AADT) | AI30: 27000 | AJ30: 96000 | AO30: 4,6,8 | AS30: 40mph to 55 mph | AT30: Not specified | AU30: Divided by Median | AV30: 41694
A31: 5454 | B31: Safety Effects of Median Treatments Using Longitudinal Channelizers: Empirical Bayesian Before-and-After Study | C31: Click for CMF details | D31: Access management | F31: Convert an open median to a directional median | G31: 18 | H31: 0.82 | I31: All | J31: Serious injury | K31: Principal Arterial Other | L31: Urban and suburban | M31: 2013 | N31: 4 | O31: Roadway with full median openings | Q31: 6.32 | S31: 0.0632 | T31: no | U31: Before/after using empirical Bayes or full Bayes | V31: FL | W31: Tampa | Y31: Crashes | AA31: 54 | AE31: 2003 | AF31: 2010 | AG31: no | AH31: Annual Average Daily Traffic (AADT) | AI31: 27000 | AJ31: 96000 | AO31: 4,6,8 | AS31: 40mph to 55 mph | AT31: Not specified | AU31: Divided by Median | AV31: 41694
A32: 4700 | B32: A Statistical Analysis and Development of a Crash Prediction Model for Roundabouts on High-Speed Rural Roadways | C32: Click for CMF details | D32: Intersection geometry | F32: Convert high-speed rural intersection (4 leg) to roundabout | G32: 89 | H32: 0.11 | I32: All | J32: Serious injury,Minor injury | K32: Not specified | L32: Rural | M32: 2012 | N32: 4 | O32: 4 leg intersection | T32: no | U32: Before/after using empirical Bayes or full Bayes | V32: KS,MD,MN,OR,WA,WI | Y32: Site-years | Z32: 83 | AA32: 83 | AG32: yes | AH32: Annual Average Daily Traffic (AADT) | AO32: 1 | AP32: Roadway/roadway (not interchange related) | AQ32: 4-leg | AR32: Roundabout | AS32: 40-65 mph | AV32: 41325
A33: 4698 | B33: A Statistical Analysis and Development of a Crash Prediction Model for Roundabouts on High-Speed Rural Roadways | C33: Click for CMF details | D33: Intersection geometry | F33: Convert high-speed rural intersection (4 leg) to roundabout | G33: 88 | H33: 0.12 | I33: All | J33: Serious injury,Minor injury | K33: Not specified | L33: Rural | M33: 2012 | N33: 4 | O33: 4 leg intersection | T33: no | U33: Before/after using empirical Bayes or full Bayes | V33: KS,MD,MN,OR,WA,WI | Y33: Site-years | AG33: yes | AH33: Annual Average Daily Traffic (AADT) | AO33: 41641 | AP33: Roadway/roadway (not interchange related) | AQ33: 4-leg | AR33: Roundabout | AS33: 40-65 mph | AV33: 41304
A34: 4696 | B34: A Statistical Analysis and Development of a Crash Prediction Model for Roundabouts on High-Speed Rural Roadways | C34: Click for CMF details | D34: Intersection geometry | E34: Intersection geometry reconfiguration | F34: Convert high-speed rural intersection to roundabout | G34: 87 | H34: 0.13 | I34: All | J34: Serious injury,Minor injury | K34: Not specified | L34: Rural | M34: 2012 | N34: 4 | O34: Stop controlled intersection (3 or 4 leg) | T34: no | U34: Before/after using empirical Bayes or full Bayes | V34: KS,MD,MN,OR,WA,WI | Y34: Site-years | Z34: 98 | AA34: 98 | AG34: yes | AH34: Annual Average Daily Traffic (AADT) | AO34: 41641 | AP34: Roadway/roadway (not interchange related) | AQ34: 3-leg,4-leg | AR34: Roundabout | AS34: 40-65 mph | AV34: 41304
A35: 3128 | B35: Evaluation of the Conversion from Two-Way Stop Sign Control to All-Way Stop Sign Control at 53 Locations in North Carolina | C35: Click for CMF details | D35: Intersection traffic control | E35: Traffic control type | F35: Convert minor-road stop control to all-way stop control | G35: 77 | H35: 0.23 | I35: All | J35: Fatal,Serious injury,Minor injury | K35: All | L35: All | M35: 2010 | N35: 4 | O35: Two-way stop sign control with and without flashing beacons. | Q35: 2.5 | S35: 0.025 | T35: no | U35: Before/after using empirical Bayes or full Bayes | V35: NC | Y35: Site-years | AE35: 1990 | AF35: 2009 | AG35: yes | AK35: 680 | AL35: 15400 | AM35: 680 | AN35: 15400 | AO35: 1 | AQ35: 4-leg | AR35: Stop-controlled | AS35: 25-55 | AT35: Not specified | AU35: All | AV35: 40739
A36: 4259 | B36: Evaluation of Safety Strategies at Signalized Intersections | C36: Click for CMF details | D36: Intersection geometry | E36: Intersection geometry reconfiguration | F36: Convert signalized intersection to modern roundabout | G36: 74.1 | H36: 0.259 | I36: All | J36: Fatal,Serious injury,Minor injury | K36: Not specified | L36: Suburban | M36: 2011 | N36: 4 | O36: Signalized intersection | Q36: 6.6 | S36: 0.066 | T36: no | U36: Before/after using empirical Bayes or full Bayes | V36: CO,FL,IN,MD,MI,NY,NC,SC,VT,WA | Y36: Sites | Z36: 15 | AA36: 15 | AE36: 1999 | AF36: 2009 | AG36: yes | AH36: Annual Average Daily Traffic (AADT) | AK36: 5322 | AL36: 43123 | AO36: 41641 | AP36: Roadway/roadway (not interchange related) | AQ36: 3-leg,4-leg | AR36: Roundabout | AT36: Not specified | AV36: 41229
A37: 4255 | B37: Evaluation of Safety Strategies at Signalized Intersections | C37: Click for CMF details | D37: Intersection geometry | E37: Intersection geometry reconfiguration | F37: Convert signalized intersection to modern roundabout | G37: 71.2 | H37: 0.288 | I37: All | J37: Fatal,Serious injury,Minor injury | K37: Not specified | L37: Urban and suburban | M37: 2011 | N37: 4 | O37: Signalized intersection | Q37: 6.5 | S37: 0.065 | T37: no | U37: Before/after using empirical Bayes or full Bayes | V37: CO,FL,IN,MD,MI,NY,NC,SC,VT,WA | Y37: Sites | Z37: 16 | AA37: 16 | AE37: 1999 | AF37: 2009 | AG37: yes | AH37: Annual Average Daily Traffic (AADT) | AK37: 5322 | AL37: 43123 | AO37: 2 | AP37: Roadway/roadway (not interchange related) | AQ37: 3-leg,4-leg | AR37: Roundabout | AT37: Not specified | AV37: 41229
A38: 4253 | B38: Evaluation of Safety Strategies at Signalized Intersections | C38: Click for CMF details | D38: Intersection geometry | E38: Intersection geometry reconfiguration | F38: Convert signalized intersection to modern roundabout | G38: 65.8 | H38: 0.342 | I38: All | J38: Fatal,Serious injury,Minor injury | K38: Not specified | L38: Urban and suburban | M38: 2011 | N38: 4 | O38: Signalized intersection | Q38: 5.8 | S38: 0.058 | T38: no | U38: Before/after using empirical Bayes or full Bayes | V38: CO,FL,IN,MD,MI,NY,NC,SC,VT,WA | Y38: Sites | Z38: 28 | AA38: 28 | AE38: 1999 | AF38: 2009 | AG38: yes | AH38: Annual Average Daily Traffic (AADT) | AK38: 5322 | AL38: 43123 | AO38: 41641 | AP38: Roadway/roadway (not interchange related) | AQ38: 3-leg,4-leg | AR38: Roundabout | AT38: Not specified | AV38: 41229
A39: 4261 | B39: Evaluation of Safety Strategies at Signalized Intersections | C39: Click for CMF details | D39: Intersection geometry | E39: Intersection geometry reconfiguration | F39: Convert signalized intersection to modern roundabout | G39: 55.5 | H39: 0.445 | I39: All | J39: Fatal,Serious injury,Minor injury | K39: Not specified | L39: Urban | M39: 2011 | N39: 4 | O39: Signalized intersection | Q39: 10 | S39: 0.1 | T39: no | U39: Before/after using empirical Bayes or full Bayes | V39: CO,FL,IN,MD,MI,NY,NC,SC,VT,WA | Y39: Sites | Z39: 13 | AA39: 13 | AE39: 1999 | AF39: 2009 | AG39: yes | AH39: Annual Average Daily Traffic (AADT) | AK39: 5322 | AL39: 43123 | AO39: 41641 | AP39: Roadway/roadway (not interchange related) | AQ39: 3-leg,4-leg | AR39: Roundabout | AT39: Not specified | AV39: 41229
A40: 4187 | B40: Safety Effectiveness of Converting Signalized Intersections to Roundabouts | C40: Click for CMF details | D40: Intersection geometry | E40: Intersection geometry reconfiguration | F40: Convert signalized intersection to modern roundabout | G40: 74 | H40: 0.26 | I40: All | J40: Serious injury,Minor injury | K40: Not Specified | L40: Suburban | M40: 2012 | N40: 4 | O40: Signalized intersection | Q40: 7 | S40: 0.07 | T40: no | U40: Before/after using empirical Bayes or full Bayes | V40: CO,FL,IN,MD,MI,NY,NC,SC,VT,WA | Y40: Sites | Z40: 15 | AA40: 15 | AE40: 2000 | AF40: 2009 | AG40: yes | AH40: Annual Average Daily Traffic (AADT) | AK40: 5300 | AL40: 52500 | AO40: 41641 | AP40: Roadway/roadway (not interchange related) | AQ40: 3-leg,4-leg | AR40: Roundabout | AS40: 15-35 mph | AT40: All | AV40: 41065
A41: 4185 | B41: Safety Effectiveness of Converting Signalized Intersections to Roundabouts | C41: Click for CMF details | D41: Intersection geometry | E41: Intersection geometry reconfiguration | F41: Convert signalized intersection to modern roundabout | G41: 66 | H41: 0.34 | I41: All | J41: Serious injury,Minor injury | K41: Not Specified | L41: Urban and suburban | M41: 2012 | N41: 4 | O41: Signalized intersection | Q41: 6 | S41: 0.06 | T41: no | U41: Before/after using empirical Bayes or full Bayes | V41: CO,FL,IN,MD,MI,NY,NC,SC,VT,WA | Y41: Sites | Z41: 28 | AA41: 28 | AE41: 2000 | AF41: 2009 | AG41: yes | AH41: Average Daily Traffic (ADT) | AK41: 5300 | AL41: 52500 | AO41: 41641 | AP41: Roadway/roadway (not interchange related) | AQ41: 3-leg,4-leg | AR41: Roundabout | AS41: 15-35 mph | AT41: All | AV41: 41065
A42: 4193 | B42: Safety Effectiveness of Converting Signalized Intersections to Roundabouts | C42: Click for CMF details | D42: Intersection geometry | E42: Intersection geometry reconfiguration | F42: Convert signalized intersection to modern roundabout | G42: 66 | H42: 0.34 | I42: All | J42: Serious injury,Minor injury | K42: Not Specified | L42: Urban and suburban | M42: 2012 | N42: 4 | O42: Signalize intersection (4 leg) | Q42: 6 | S42: 0.06 | T42: no | U42: Before/after using empirical Bayes or full Bayes | V42: CO,FL,IN,MD,MI,NY,NC,SC,VT,WA | Y42: Sites | Z42: 22 | AA42: 22 | AE42: 2000 | AF42: 2009 | AG42: yes | AH42: Annual Average Daily Traffic (AADT) | AK42: 5300 | AL42: 52500 | AO42: 41641 | AP42: Roadway/roadway (not interchange related) | AQ42: 4-leg | AR42: Roundabout | AS42: 15-35 mph | AT42: All | AV42: 41065
A43: 4189 | B43: Safety Effectiveness of Converting Signalized Intersections to Roundabouts | C43: Click for CMF details | D43: Intersection geometry | E43: Intersection geometry reconfiguration | F43: Convert signalized intersection to modern roundabout | G43: 55 | H43: 0.45 | I43: All | J43: Serious injury,Minor injury | K43: Not Specified | L43: Urban | M43: 2012 | N43: 4 | O43: Signalized intersection | Q43: 10 | S43: 0.1 | T43: no | U43: Before/after using empirical Bayes or full Bayes | V43: CO,FL,IN,MD,MI,NY,NC,SC,VT,WA | Y43: Sites | Z43: 13 | AA43: 13 | AE43: 2000 | AF43: 2009 | AG43: yes | AH43: Average Daily Traffic (ADT) | AK43: 5300 | AL43: 52500 | AO43: 41641 | AP43: Roadway/roadway (not interchange related) | AQ43: 3-leg,4-leg | AR43: Roundabout | AS43: 15-35 mph | AT43: All | AV43: 41065
A44: 214 | B44: Safety Effects of Roundabouts in Flanders: Signal Type, Speed Limits, and Vulnerable Road Users | C44: Click for CMF details | D44: Intersection geometry | E44: Intersection geometry reconfiguration | F44: Convert signalized intersection to modern roundabout | G44: 32 | H44: 0.68 | I44: All | J44: Serious injury,Minor injury | K44: Not specified | L44: Not specified | M44: 2007 | N44: 4 | P44: 14 | Q44: 6 | R44: 0.14 | S44: 0.06 | T44: no | U44: Before/after using empirical Bayes or full Bayes | AG44: yes | AH44: Not specified | AK44: Not specified | AL44: Not specified | AP44: Roadway/roadway (not interchange related) | AQ44: Not specified | AR44: Signalized
A45: 213 | B45: Safety Effects of Roundabouts in Flanders: Signal Type, Speed Limits, and Vulnerable Road Users | C45: Click for CMF details | D45: Intersection geometry | E45: Intersection geometry reconfiguration | F45: Convert to roundabout | G45: 39 | H45: 0.61 | I45: All | J45: Serious injury,Minor injury | K45: Not specified | L45: Not specified | M45: 2007 | N45: 4 | P45: 8 | Q45: 4 | R45: 0.08 | S45: 0.04 | T45: no | U45: Before/after using empirical Bayes or full Bayes | AG45: yes | AH45: Not specified | AK45: Not specified | AL45: Not specified | AP45: Roadway/roadway (not interchange related) | AQ45: Not specified | AR45: Not specified
A46: 5639 | B46: Safety Evaluation of Hybrid Mainline Toll Plazas | C46: Click for CMF details | D46: Roadway | F46: Convert traditional mainline toll plazas to hybrid mainline toll plazas | G46: 46 | H46: 0.54 | I46: All | J46: Fatal,Serious injury | K46: Principal Arterial Other | L46: All | M46: 2014 | N46: 4 | O46: Traditional mainline toll plazas | Q46: 7 | S46: 0.07 | T46: no | U46: Before/after using empirical Bayes or full Bayes | V46: FL | Z46: 30 | AA46: 30 | AE46: 2002 | AF46: 2012 | AG46: no | AT46: All | AV46: 41832
A47: 3131 | B47: Evaluation of the Conversion from Two-Way Stop Sign Control to All-Way Stop Sign Control at 53 Locations in North Carolina | C47: Click for CMF details | D47: Intersection traffic control | E47: Traffic control type | F47: Convert two-way (without flashing beacons) to all-way stop control (without flashing beacons) | G47: 72.4 | H47: 0.276 | I47: All | J47: Fatal,Serious injury,Minor injury | K47: All | L47: All | M47: 2010 | N47: 4 | O47: Two-way stop sign control without flashing beacons. | Q47: 3.7 | S47: 0.037 | T47: no | U47: Before/after using empirical Bayes or full Bayes | V47: NC | Y47: Site-years | AE47: 1990 | AF47: 2009 | AG47: yes | AK47: 680 | AL47: 15100 | AM47: 680 | AN47: 15100 | AO47: 1 | AQ47: 4-leg | AR47: Stop-controlled | AS47: 25-55 | AT47: Not specified | AU47: Undivided | AV47: 40739
A48: 215 | B48: Safety Effects of Roundabouts in Flanders: Signal Type, Speed Limits, and Vulnerable Road Users | C48: Click for CMF details | D48: Intersection geometry | E48: Intersection geometry reconfiguration | F48: Convert unsignalized intersection to roundabout | G48: 44 | H48: 0.56 | I48: All | J48: Serious injury,Minor injury | K48: Not specified | L48: Not specified | M48: 2007 | N48: 4 | P48: 10 | Q48: 5 | R48: 0.1 | S48: 0.05 | T48: no | U48: Before/after using empirical Bayes or full Bayes | AG48: yes | AH48: Not specified | AK48: Not specified | AL48: Not specified | AP48: Roadway/roadway (not interchange related) | AQ48: Not specified | AR48: Signalized
A49: 4675 | B49: Safety Evaluation of Geometric Design Criteria for Entrance-Exit Ramp Spacing and Auxiliary Lane Use | C49: Click for CMF details | D49: Access management | F49: Decrease freeway ramp spacing from infinity to S (ft) with/without auxiliary lane | I49: Not specified | J49: Fatal,Serious injury,Minor injury | K49: Principal Arterial Interstate | L49: Not specified | M49: 2012 | N49: 4 | O49: Ramp spacing approaching infinity, which represents a basic freeway segment with no ramps. | T49: no | U49: Regression cross-section | V49: CA,WA | X49: 1212 | Y49: Site-years | AE49: 2006 | AF49: 2008 | AG49: no | AH49: Average Daily Traffic (ADT) | AI49: 5134 | AJ49: 153500 | AO49: Var. | AS49: Var. | AT49: Not specified | AU49: Divided by Median | AV49: 41303
A50: 2930 | B50: A fully Bayesian multivariate approach to before_x0013_after safety evaluation | C50: Click for CMF details | D50: Speed management | F50: Decreasing posted speed limit on expressways | G50: -3.6 | H50: 1.0358 | I50: All | J50: Fatal,Serious injury | K50: Principal Arterial Other Freeways and Expressways | L50: Not specified | M50: 2010 | N50: 4 | O50: Expressway with posted speed limit of 100 km/h (with one exception posted at 80 km/h) | Q50: 17.17 | S50: 0.1717 | T50: no | U50: Before/after using empirical Bayes or full Bayes | V50: notusa | Y50: Site-years | Z50: 150 | AA50: 246 | AE50: 1994 | AF50: 2006 | AG50: no | AH50: Annual Average Daily Traffic (AADT) | AI50: 3100 | AJ50: 50300 | AS50: 100 km/h reduced to 80 km/h | AT50: All | AU50: Divided by Median | AV50: 40623
A51: 26 | B51: Handbook of Road Safety Measures | C51: Click for CMF details | D51: Roadside | E51: Clear zone | F51: Flatten sideslope from 1V:3H to 1V:4H | G51: 42 | H51: 0.58 | I51: All | J51: Serious injury,Minor injury | K51: Not specified | L51: Rural | M51: 2004 | N51: 5 | P51: 4 | Q51: 2 | R51: 0.04 | S51: 0.02 | T51: no | U51: Meta-analysis | AG51: no | AI51: Not specified | AJ51: Not specified | AO51: 2
A52: 29 | B52: Handbook of Road Safety Measures | C52: Click for CMF details | D52: Roadside | E52: Clear zone | F52: Flatten sideslope from 1V:4H to 1V:6H | G52: 22 | H52: 0.78 | I52: All | J52: Serious injury,Minor injury | K52: Not specified | L52: Rural | M52: 2004 | N52: 5 | P52: 4 | Q52: 2 | R52: 0.04 | S52: 0.02 | T52: no | U52: Meta-analysis | AG52: no | AI52: Not specified | AJ52: Not specified | AO52: 2
A53: 2361 | B53: Safety Effects of Reducing Freeway Illumination for Energy Conservation | C53: Click for CMF details | D53: Highway lighting | F53: Full to partial interchange lighting | G53: 8.7 | H53: 0.913 | I53: All | J53: Serious injury,Minor injury | K53: Principal Arterial Other Freeways and Expressways | L53: Suburban | M53: 2008 | N53: 4 | O53: Full interchange lighting. | P53: 4.2 | Q53: 4.2 | R53: 0.042 | S53: 0.042 | T53: no | U53: Before/after using empirical Bayes or full Bayes | V53: OR | W53: Portland | Y53: Crashes | AA53: 838 | AE53: 1995 | AF53: 2005 | AG53: yes | AH53: Annual Average Daily Traffic (AADT) | AP53: Roadway/roadway (interchange ramp terminal) | AR53: Uncontrolled | AT53: Day
A54: 578 | B54: Handbook of Road Safety Measures | C54: Click for CMF details | D54: Highway lighting | F54: Illumination | G54: 32 | H54: 0.69 | I54: All | J54: Serious injury,Minor injury | K54: All | L54: Urban | M54: 2004 | N54: 4 | P54: 7 | R54: 0.07 | T54: no | U54: Meta-analysis | AG54: no | AI54: Not specified | AJ54: Not specified
A55: 581 | B55: Handbook of Road Safety Measures | C55: Click for CMF details | D55: Highway lighting | F55: Illumination | G55: 27 | H55: 0.73 | I55: All | J55: Serious injury,Minor injury | K55: Principal Arterial Other Freeways and Expressways | L55: All | M55: 2004 | N55: 4 | P55: 12 | R55: 0.12 | T55: no | U55: Meta-analysis | AG55: no | AI55: Not specified | AJ55: Not specified
A56: 4583 | B56: Highway Safety Manual, 1st Edition | C56: Click for CMF details | D56: Advanced technology and ITS | F56: Implement automated speed enforcement cameras | G56: 17 | H56: 0.83 | I56: All | J56: Fatal,Serious injury,Minor injury | K56: All | L56: All | M56: 2010 | N56: 5 | O56: No automated speed enforcement | Q56: 1 | S56: 0.01 | T56: yes | U56: Before/after using empirical Bayes or full Bayes | AG56: no | AH56: Annual Average Daily Traffic (AADT)
A57: 2965 | B57: Safety Effects of Mobile Speed Cameras in Norfolk: No More than Regression to the Mean? | C57: Click for CMF details | D57: Advanced technology and ITS | F57: Implement mobile speed cameras | G57: -20 | H57: 1.2 | I57: All | J57: Fatal,Serious injury | K57: Not Specified | L57: Rural | M57: 2010 | N57: 4 | Q57: 28.5 | S57: 0.29 | T57: no | U57: Before/after using empirical Bayes or full Bayes | V57: notusa | W57: Norfolk County | Y57: Crashes | Z57: 69 | AA57: 39 | AE57: 1999 | AF57: 2003 | AG57: no | AT57: All | AV57: 40224
A58: 2964 | B58: Safety Effects of Mobile Speed Cameras in Norfolk: No More than Regression to the Mean? | C58: Click for CMF details | D58: Advanced technology and ITS | F58: Implement mobile speed cameras | G58: -9 | H58: 1.09 | I58: All | J58: Fatal,Serious injury,Minor injury | K58: Not Specified | L58: Rural | M58: 2010 | N58: 4 | Q58: 13.9 | S58: 0.14 | T58: no | U58: Before/after using empirical Bayes or full Bayes | V58: notusa | W58: Norfolk County | Y58: Crashes | Z58: 145 | AA58: 129 | AE58: 1999 | AF58: 2003 | AG58: no | AT58: All | AV58: 40224
A59: 1928 | B59: Safety Impact of Truck Lane Restrictions on Multilane Freeways | C59: Click for CMF details | D59: Roadway | E59: Lane restrictions | F59: Implement truck lane restrictions on multilane freeways | G59: 1 | H59: 0.99 | I59: Truck related | J59: Fatal,Serious injury,Minor injury | K59: Principal Arterial Interstate | M59: 2009 | N59: 4 | O59: No truck restrictions | Q59: 5.1 | S59: 0.051 | T59: no | U59: Before/after using empirical Bayes or full Bayes | V59: VA | Y59: Sites | Z59: 22 | AA59: 22 | AE59: 2000 | AF59: 2005 | AG59: no | AI59: 17049 | AJ59: 74079 | AO59: 2 | AT59: All | AV59: 40135
A60: 1926 | B60: Safety Impact of Truck Lane Restrictions on Multilane Freeways | C60: Click for CMF details | D60: Roadway | E60: Lane restrictions | F60: Implement truck lane restrictions on multilane freeways | G60: -10 | H60: 1.1 | I60: All | J60: Fatal,Serious injury,Minor injury | K60: Principal Arterial Interstate | M60: 2009 | N60: 4 | O60: No truck restrictions | Q60: 3.1 | S60: 0.031 | T60: no | U60: Before/after using empirical Bayes or full Bayes | V60: VA | Y60: Sites | Z60: 22 | AA60: 22 | AE60: 2000 | AF60: 2005 | AG60: no | AI60: 17049 | AJ60: 74079 | AO60: 2 | AT60: All | AV60: 40135
A61: 1931 | B61: Safety Impact of Truck Lane Restrictions on Multilane Freeways | C61: Click for CMF details | D61: Roadway | E61: Lane restrictions | F61: Implement truck lane restrictions on multilane freeways ( | G61: 40 | H61: 0.6 | I61: Truck related | J61: Fatal,Serious injury,Minor injury | K61: Principal Arterial Interstate | M61: 2009 | N61: 4 | O61: No truck restrictions | Q61: 8.2 | S61: 0.082 | T61: no | U61: Before/after using empirical Bayes or full Bayes | V61: VA | Y61: Sites | Z61: 11 | AA61: 11 | AE61: 2000 | AF61: 2005 | AG61: no | AI61: 17049 | AJ61: 74079 | AO61: 2 | AT61: All | AV61: 40135
A62: 1929 | B62: Safety Impact of Truck Lane Restrictions on Multilane Freeways | C62: Click for CMF details | D62: Roadway | E62: Lane restrictions | F62: Implement truck lane restrictions on multilane freeways ( | G62: 32 | H62: 0.68 | I62: All | J62: Fatal,Serious injury,Minor injury | K62: Principal Arterial Other Freeways and Expressways | M62: 2009 | N62: 4 | O62: No truck restrictions | Q62: 4.6 | R62: 0.046 | T62: no | U62: Before/after using empirical Bayes or full Bayes | V62: VA | Y62: Sites | Z62: 11 | AA62: 11 | AE62: 2000 | AF62: 2005 | AG62: no | AI62: 17049 | AJ62: 74079 | AO62: 2 | AT62: All | AV62: 40135
A63: 1934 | B63: Safety Impact of Truck Lane Restrictions on Multilane Freeways | C63: Click for CMF details | D63: Roadway | E63: Lane restrictions | F63: Implement truck lane restrictions on multilane freeways (>10000 vpdpl) | G63: -14 | H63: 1.14 | I63: Truck related | J63: Fatal,Serious injury,Minor injury | K63: Principal Arterial Interstate | M63: 2009 | N63: 4 | O63: No truck restrictions | Q63: 6.6 | S63: 0.066 | T63: no | U63: Before/after using empirical Bayes or full Bayes | V63: VA | Y63: Sites | Z63: 11 | AA63: 11 | AE63: 2000 | AF63: 2005 | AG63: no | AI63: 17049 | AJ63: 74079 | AO63: 2 | AT63: All | AV63: 40135
A64: 1932 | B64: Safety Impact of Truck Lane Restrictions on Multilane Freeways | C64: Click for CMF details | D64: Roadway | E64: Lane restrictions | F64: Implement truck lane restrictions on multilane freeways (>10000 vpdpl) | G64: -23 | H64: 1.23 | I64: All | J64: Fatal,Serious injury,Minor injury | K64: Principal Arterial Interstate | M64: 2009 | N64: 4 | O64: No truck restrictions | Q64: 3.6 | R64: 0.036 | T64: no | U64: Before/after using empirical Bayes or full Bayes | V64: VA | Y64: Sites | Z64: 11 | AA64: 11 | AE64: 2000 | AF64: 2005 | AG64: no | AI64: 17049 | AJ64: 74079 | AO64: 2 | AT64: All | AV64: 40135
A65: 1936 | B65: Safety Impact of Truck Lane Restrictions on Multilane Freeways | C65: Click for CMF details | D65: Roadway | E65: Lane restrictions | F65: Implement truck lane restrictions on multilane freeways (screened) | G65: -4 | H65: 1.04 | I65: Truck related | J65: Fatal,Serious injury,Minor injury | K65: Principal Arterial Interstate | M65: 2009 | N65: 4 | O65: No truck restrictions | Q65: 7.1 | S65: 0.071 | T65: no | U65: Before/after using empirical Bayes or full Bayes | V65: VA | Y65: Sites | Z65: 22 | AA65: 22 | AE65: 2000 | AF65: 2005 | AG65: no | AI65: 17049 | AJ65: 74079 | AO65: 2 | AT65: All | AV65: 40135
A66: 4111 | B66: Investigating Effect of Collision Aggregation on Safety Evaluations Using Multivariate Linear Intervention Models: Case Study of Signal Head Upgrade Program | C66: Click for CMF details | D66: Intersection traffic control | F66: Improve signal visibility, including signal lens size upgrade, installation of new back-plates, addition of reflective tapes to existing back-plates, and installation of additional signal heads | G66: 9.8 | H66: 0.902 | I66: Nighttime | J66: Fatal,Serious injury,Minor injury | K66: Not Specified | L66: Urban | M66: 2012 | N66: 4 | O66: Smaller signal lens size, old back-plates, no reflective tapes on existing back-plates, and less number of signal heads | Q66: 5.6 | S66: 0.056 | T66: no | U66: Before/after using empirical Bayes or full Bayes | V66: notusa | W66: British Columbia | Y66: Crashes | Z66: 1223 | AA66: 646 | AE66: 1999 | AF66: 2004 | AG66: yes | AH66: Average Daily Traffic (ADT) | AK66: 4637 | AL66: 51743 | AM66: 134 | AN66: 48906 | AO66: 41702 | AP66: Roadway/roadway (not interchange related) | AQ66: 4-leg | AR66: Signalized | AS66: 50 km/h | AT66: Night | AV66: 41153
A67: 4110 | B67: Investigating Effect of Collision Aggregation on Safety Evaluations Using Multivariate Linear Intervention Models: Case Study of Signal Head Upgrade Program | C67: Click for CMF details | D67: Intersection traffic control | F67: Improve signal visibility, including signal lens size upgrade, installation of new back-plates, addition of reflective tapes to existing back-plates, and installation of additional signal heads | G67: -0.4 | H67: 1.004 | I67: Day time | J67: Fatal,Serious injury,Minor injury | K67: Not Specified | L67: Urban | M67: 2012 | N67: 4 | O67: Smaller signal lens size, old back-plates, no reflective tapes on existing back-plates, and less number of signal heads | Q67: 3.9 | S67: 0.039 | T67: no | U67: Before/after using empirical Bayes or full Bayes | V67: notusa | W67: British Columbia | Y67: Crashes | Z67: 3288 | AA67: 1653 | AE67: 1999 | AF67: 2004 | AG67: yes | AH67: Average Daily Traffic (ADT) | AK67: 4637 | AL67: 51743 | AM67: 134 | AN67: 48906 | AO67: 41702 | AP67: Roadway/roadway (not interchange related) | AQ67: 4-leg | AR67: Signalized | AS67: 50 km/h | AT67: Day | AV67: 41153
A68: 1431 | B68: Evaluating the Safety Impacts of Improving Signal Visibility at Urban Signalized Intersections | C68: Click for CMF details | D68: Intersection traffic control | E68: Traffic control visibility | F68: Improve visibility of signal heads | G68: 3 | H68: 0.97 | I68: All | J68: Fatal,Serious injury,Minor injury | K68: Not specified | L68: Urban | M68: 2007 | N68: 4 | O68: Improvements included one or more of the following: signal lens size upgrade, installing new backboards, adding reflective tapes to existing backboards, and installing additional signal heads. | T68: no | U68: Before/after using empirical Bayes or full Bayes | V68: notusa | W68: City of Burnaby, City of Coquitlam, City of Kelowna, City of New Westminster, City of North Vancouver, City of Surrey | Y68: Sites | Z68: 171 | AA68: 171 | AE68: 1999 | AF68: 2004 | AG68: yes | AP68: Roadway/roadway (not interchange related) | AQ68: 4-leg | AR68: Signalized | AS68: 50 km/h (30 mph) | AT68: All | AV68: 40388
A69: 59 | B69: Safety Models for Urban Four-Lane Undivided Road Segments | C69: Click for CMF details | D69: Alignment | F69: Increase in horizontal curvature by one degree | G69: -6 | H69: 1.06 | I69: Run off road | J69: Fatal,Serious injury,Minor injury | K69: Not specified | L69: Urban and Suburban | M69: 2004 | N69: 5 | P69: 1 | Q69: 1 | R69: 0.01 | S69: 0.01 | T69: no | U69: Regression cross-section | AG69: no | AI69: Not specified | AJ69: Not specified
A70: 302 | B70: NCHRP Report 375: Median Intersection Design | C70: Click for CMF details | D70: Access management | E70: Other | F70: Increase intersection median width by 3 ft increments | G70: 4 | H70: 0.96 | I70: Multiple vehicle | J70: Fatal,Serious Injury,Minor Injury | K70: Not Specified | L70: Rural | M70: 1995 | N70: 5 | P70: 2 | Q70: 1 | R70: 0.02 | S70: 0.01 | T70: bold caret | U70: Regression cross-section | AG70: yes | AH70: Not Specified | AK70: Not Specified | AL70: Not Specified | AP70: Roadway/roadway (not interchange related) | AQ70: 4-leg | AR70: Stop-controlled
A71: 304 | B71: NCHRP Report 375: Median Intersection Design | C71: Click for CMF details | D71: Access management | E71: Other | F71: Increase intersection median width by 3 ft increments | G71: -3 | H71: 1.03 | I71: Multiple vehicle | J71: Fatal,Serious Injury,Minor Injury | K71: Not Specified | L71: Urban and Suburban | M71: 1995 | N71: 5 | P71: 1 | Q71: 1 | R71: 0.01 | S71: 0.01 | T71: bold | U71: Regression cross-section | AG71: yes | AH71: Not Specified | AK71: Not Specified | AL71: Not Specified | AP71: Roadway/roadway (not interchange related) | AQ71: 4-leg | AR71: Signalized
A72: 303 | B72: NCHRP Report 375: Median Intersection Design | C72: Click for CMF details | D72: Access management | E72: Other | F72: Increase intersection median width by 3 ft increments | G72: -5 | H72: 1.05 | I72: Multiple vehicle | J72: Fatal,Serious Injury,Minor Injury | K72: Not Specified | L72: Urban and Suburban | M72: 1995 | N72: 5 | P72: 2 | Q72: 1 | R72: 0.02 | S72: 0.01 | T72: bold | U72: Regression cross-section | AG72: yes | AH72: Not Specified | AK72: Not Specified | AL72: Not Specified | AP72: Roadway/roadway (not interchange related) | AQ72: 4-leg | AR72: Stop-controlled
A73: 4918 | B73: Evaluation of the Safety Effectiveness of "Vehicle Entering When Flashing" Signs and Actuated Flashers at 74 Stop-Controlled Intersections in North Carolina | C73: Click for CMF details | D73: Signs | F73: Install a "Vehicles Entering When Flashing" (VEWF) system (advance post mounted signs on major and loops on minor) | G73: 27 | H73: 0.73 | I73: All | J73: Fatal,Serious injury,Minor injury | K73: Not specified | L73: All | M73: 2013 | N73: 4 | O73: stop-controlled | Q73: 10.2 | S73: 0.102 | T73: no | U73: Before/after using empirical Bayes or full Bayes | V73: NC | Y73: Crashes | AA73: 91 | AE73: 1996 | AF73: 2010 | AG73: yes | AH73: Annual Average Daily Traffic (AADT) | AK73: 3000 | AL73: 30000 | AO73: 2 | AP73: Roadway/roadway (not interchange related) | AQ73: 4-leg | AR73: Stop-controlled | AS73: 45-55 mph | AV73: 41487
A74: 320 | B74: NCHRP Report 491: Crash Experience Warrant for Traffic Signals | C74: Click for CMF details | D74: Intersection traffic control | E74: Traffic control type | F74: Install a traffic signal | G74: 67 | H74: 0.33 | I74: Angle | J74: Fatal,Serious Injury,Minor Injury | K74: Not specified | L74: Urban | M74: 2003 | N74: 4 | P74: 24 | Q74: 20 | R74: 0.24 | S74: 0.2 | T74: no | U74: Before/after using empirical Bayes or full Bayes | AG74: yes | AH74: Average Daily Traffic (ADT) | AP74: Roadway/roadway (not interchange related) | AQ74: 4-leg | AR74: Stop-controlled
A75: 5534 | B75: Comparison of Safety Evaluation Approaches for Intersection Signalization in Florida | C75: Click for CMF details | D75: Intersection traffic control | E75: Traffic control type | F75: Install a traffic signal | G75: 31.6 | H75: 0.684 | I75: All | J75: Fatal,Serious injury,Minor injury | K75: Not specified | L75: Not specified | M75: 2014 | N75: 4 | O75: Stop controlled intersection | Q75: 9.3 | S75: 0.093 | T75: no | U75: Before/after using empirical Bayes or full Bayes | V75: FL | Z75: 214 | AE75: 2004 | AF75: 2009 | AG75: yes | AH75: Annual Average Daily Traffic (AADT) | AK75: 35000 | AO75: 41674 | AP75: Roadway/roadway (not interchange related) | AQ75: 3-leg,4-leg | AR75: Stop-controlled | AT75: Not specified | AV75: 41836
A76: 42 | B76: Handbook of Road Safety Measures | C76: Click for CMF details | D76: Roadside | E76: Median barriers | F76: Install any type of median barrier | G76: 43 | H76: 0.57 | I76: All | J76: Fatal | K76: Principal Arterial Other | L76: Rural | M76: 2004 | N76: 4 | P76: 10 | Q76: 6 | R76: 0.1 | S76: 0.06 | T76: bold | U76: Meta-analysis | AG76: no | AI76: 20000 | AJ76: 60000 | AO76: Multilane | AU76: Divided
A77: 4142 | B77: Safety Evaluation of an Automated Section Speed Enforcement System | C77: Click for CMF details | D77: Advanced technology and ITS | F77: Install automated section speed enforcement system | G77: 56 | H77: 0.44 | I77: All | J77: Fatal,Serious injury | K77: Principal Arterial Other Freeways and Expressways | L77: Not specified | M77: 2012 | N77: 4 | O77: No automated section speed enforcement system | Q77: 7 | S77: 0.07 | T77: no | U77: Before/after using empirical Bayes or full Bayes | V77: notusa | Y77: Crashes | Z77: 243 | AA77: 49 | AE77: 2001 | AF77: 2009 | AG77: no | AH77: Annual Average Daily Traffic (AADT) | AI77: 23000 | AJ77: 42000 | AO77: 6 | AS77: 130 km/h | AT77: All | AU77: Divided by Median | AV77: 41078
A78: 4673 | B78: Evaluation of the Photo Enforcement Safety Program of the City of Winnipeg | C78: Click for CMF details | D78: Advanced technology and ITS | F78: Install automated speed camera at signalized intersection | G78: 24 | H78: 0.76 | I78: Speed related | J78: Serious injury,Minor injury | K78: Not specified | L78: Not specified | M78: 2011 | N78: 4 | O78: Signalized intersection with no automated speed enforcement camera. | Q78: 10.59 | S78: 0.1059 | T78: no | U78: Simple before/after | V78: notusa | W78: Winnipeg | Y78: Site-years | Z78: 315 | AA78: 233 | AE78: 1997 | AF78: 2008 | AG78: yes | AP78: Roadway/roadway (not interchange related) | AQ78: No values chosen. | AR78: Signalized | AT78: All | AV78: 41311
A79: 2420 | B79: Impact of Rumble Strips on Collision Reduction on BC Highways: A Comprehensive Before and After Safety Study | C79: Click for CMF details | D79: Roadway | E79: Roadway rumble strips | F79: Install centerline and shoulder rumble strips | G79: 18 | H79: 0.82 | I79: All | J79: Fatal,Serious injury | K79: Principal Arterial Other | L79: Rural | M79: 2010 | N79: 4 | T79: no | U79: Before/after using empirical Bayes or full Bayes | V79: notusa | W79: British Columbia | Y79: Site-years | Z79: 141 | AA79: 94 | AE79: 2000 | AF79: 2006 | AG79: no | AO79: 41674 | AT79: All | AU79: All | AV79: 40401
A80: 3357 | B80: NCHRP Report 641: Guidance for the Design and Application of Shoulder and Centerline Rumble Strips | C80: Click for CMF details | D80: Roadway | E80: Roadway rumble strips | F80: Install centerline rumble strips | G80: 45 | H80: 0.55 | I80: Head on,Sideswipe | J80: Fatal,Serious injury,Minor injury | K80: Not Specified | L80: Rural | M80: 2009 | N80: 4 | O80: No centerline rumble strips | Q80: 6.7 | S80: 0.067 | T80: no | U80: Before/after using empirical Bayes or full Bayes | V80: MN | Y80: Crashes | Z80: 66 | AA80: 24 | AE80: 1997 | AF80: 2006 | AG80: no | AH80: Average Daily Traffic (ADT) | AI80: 1336 | AJ80: 13240 | AO80: 2 | AT80: All | AU80: Undivided | AV80: 40633
A81: 3360 | B81: NCHRP Report 641: Guidance for the Design and Application of Shoulder and Centerline Rumble Strips | C81: Click for CMF details | D81: Roadway | E81: Roadway rumble strips | F81: Install centerline rumble strips | G81: 45 | H81: 0.55 | I81: Head on,Sideswipe | J81: Fatal,Serious injury,Minor injury | K81: Not Specified | L81: Rural | M81: 2009 | N81: 5 | O81: No centerline rumble strips | Q81: 6.4 | S81: 0.064 | T81: no | U81: Before/after using empirical Bayes or full Bayes | V81: MN,PA,WA | Y81: Crashes | Z81: 300 | AA81: 96 | AE81: 1997 | AF81: 2006 | AG81: no | AH81: Average Daily Traffic (ADT) | AI81: 574 | AJ81: 20784 | AO81: 2 | AT81: All | AU81: Undivided | AV81: 40633
A82: 3358 | B82: NCHRP Report 641: Guidance for the Design and Application of Shoulder and Centerline Rumble Strips | C82: Click for CMF details | D82: Roadway | E82: Roadway rumble strips | F82: Install centerline rumble strips | G82: 44 | H82: 0.56 | I82: Head on,Sideswipe | J82: Fatal,Serious injury,Minor injury | K82: Not Specified | L82: Rural | M82: 2009 | N82: 4 | O82: No centerline rumble strips | Q82: 30.8 | S82: 0.308 | T82: no | U82: Before/after using empirical Bayes or full Bayes | V82: PA | Y82: Crashes | Z82: 206 | AA82: 68 | AE82: 1997 | AF82: 2006 | AG82: no | AH82: Average Daily Traffic (ADT) | AI82: 574 | AJ82: 17591 | AO82: 2 | AT82: All | AU82: Undivided | AV82: 40633
A83: 5401 | B83: Study of KDOT Policy on Lane and Shoulder Minimum Width for Application of Centerline Rumble Strips | C83: Click for CMF details | D83: Roadway | E83: Roadway rumble strips | F83: Install centerline rumble strips | G83: 34.05 | H83: 0.66 | I83: All | J83: Fatal,Serious injury,Minor injury | K83: All | L83: Rural | M83: 2012 | N83: 4 | O83: No centerline rumble strips | Q83: 14.14 | S83: 0.141 | T83: no | U83: Before/after using empirical Bayes or full Bayes | V83: KS | Y83: Crashes | Z83: 129 | AA83: 107 | AE83: 2003 | AF83: 2010 | AG83: no | AH83: Annual Average Daily Traffic (AADT) | AI83: 200 | AJ83: 8000 | AO83: 2 | AT83: All | AU83: Undivided | AV83: 41648
A84: 3347 | B84: NCHRP Report 641: Guidance for the Design and Application of Shoulder and Centerline Rumble Strips | C84: Click for CMF details | D84: Roadway | E84: Roadway rumble strips | F84: Install centerline rumble strips | G84: 22 | H84: 0.78 | I84: All | J84: Fatal,Serious injury,Minor injury | K84: Not Specified | L84: Rural | M84: 2009 | N84: 4 | O84: No centerline rumble strips | Q84: 6.6 | S84: 0.066 | T84: no | U84: Before/after using empirical Bayes or full Bayes | V84: MN | Y84: Crashes | Z84: 397 | AA84: 193 | AE84: 1997 | AF84: 2006 | AG84: no | AH84: Average Daily Traffic (ADT) | AI84: 1336 | AJ84: 13240 | AO84: 2 | AT84: All | AU84: Undivided | AV84: 40633
A85: 3362 | B85: NCHRP Report 641: Guidance for the Design and Application of Shoulder and Centerline Rumble Strips | C85: Click for CMF details | D85: Roadway | E85: Roadway rumble strips | F85: Install centerline rumble strips | G85: 12 | H85: 0.88 | I85: All | J85: Fatal,Serious injury,Minor injury | K85: Not Specified | L85: Rural | M85: 2009 | N85: 5 | O85: No centerline rumble strips | Q85: 2.8 | S85: 0.028 | T85: no | U85: Before/after using empirical Bayes or full Bayes | V85: CA,CO,DE,MD,MN,OR,PA,WA | Y85: Crashes | Z85: 2615 | AA85: 1456 | AE85: 1997 | AF85: 2006 | AG85: no | AH85: Average Daily Traffic (ADT) | AI85: 574 | AJ85: 20784 | AO85: 2 | AT85: All | AU85: Undivided | AV85: 40633
A86: 3346 | B86: NCHRP Report 641: Guidance for the Design and Application of Shoulder and Centerline Rumble Strips | C86: Click for CMF details | D86: Roadway | E86: Roadway rumble strips | F86: Install centerline rumble strips | G86: 9 | H86: 0.91 | I86: All | J86: Fatal,Serious injury,Minor injury | K86: Not Specified | L86: Urban | M86: 2009 | N86: 4 | O86: No centerline rumble strips | Q86: 9.5 | S86: 0.095 | T86: no | U86: Before/after using empirical Bayes or full Bayes | V86: PA | Y86: Crashes | Z86: 239 | AA86: 116 | AE86: 1997 | AF86: 2006 | AG86: no | AH86: Average Daily Traffic (ADT) | AI86: 2338 | AJ86: 22076 | AO86: 2 | AT86: All | AU86: Undivided | AV86: 40633
A87: 3350 | B87: NCHRP Report 641: Guidance for the Design and Application of Shoulder and Centerline Rumble Strips | C87: Click for CMF details | D87: Roadway | E87: Roadway rumble strips | F87: Install centerline rumble strips | G87: 9 | H87: 0.91 | I87: All | J87: Fatal,Serious injury,Minor injury | K87: Not Specified | L87: Rural | M87: 2009 | N87: 5 | O87: No centerline rumble strips | Q87: 3.5 | S87: 0.035 | T87: no | U87: Before/after using empirical Bayes or full Bayes | V87: MN,PA,WA | Y87: Crashes | Z87: 1733 | AA87: 920 | AE87: 1997 | AF87: 2006 | AG87: no | AH87: Average Daily Traffic (ADT) | AI87: 574 | AJ87: 20784 | AO87: 2 | AT87: All | AU87: Undivided | AV87: 40633
A88: 3348 | B88: NCHRP Report 641: Guidance for the Design and Application of Shoulder and Centerline Rumble Strips | C88: Click for CMF details | D88: Roadway | E88: Roadway rumble strips | F88: Install centerline rumble strips | G88: 6 | H88: 0.94 | I88: All | J88: Fatal,Serious injury,Minor injury | K88: Not Specified | L88: Rural | M88: 2009 | N88: 4 | O88: No centerline rumble strips | Q88: 4.2 | S88: 0.042 | T88: no | U88: Before/after using empirical Bayes or full Bayes | V88: PA | Y88: Crashes | Z88: 1114 | AA88: 664 | AE88: 1997 | AF88: 2006 | AG88: no | AH88: Average Daily Traffic (ADT) | AI88: 574 | AJ88: 17591 | AO88: 2 | AT88: All | AU88: Undivided | AV88: 40633
A89: 3349 | B89: NCHRP Report 641: Guidance for the Design and Application of Shoulder and Centerline Rumble Strips | C89: Click for CMF details | D89: Roadway | E89: Roadway rumble strips | F89: Install centerline rumble strips | G89: -4 | H89: 1.04 | I89: All | J89: Fatal,Serious injury,Minor injury | K89: Not Specified | L89: Rural | M89: 2009 | N89: 4 | O89: No centerline rumble strips | Q89: 14.6 | S89: 0.146 | T89: no | U89: Before/after using empirical Bayes or full Bayes | V89: WA | Y89: Crashes | Z89: 222 | AA89: 63 | AE89: 2001 | AF89: 2006 | AG89: no | AH89: Average Daily Traffic (ADT) | AI89: 3167 | AJ89: 20784 | AO89: 2 | AT89: All | AU89: Undivided | AV89: 40633
A90: 3368 | B90: NCHRP Report 641: Guidance for the Design and Application of Shoulder and Centerline Rumble Strips | C90: Click for CMF details | D90: Roadway | E90: Roadway rumble strips | F90: Install centerline rumble strips on horizontal curves | G90: 37 | H90: 0.63 | I90: All | J90: Fatal,Serious injury,Minor injury | K90: Not Specified | L90: Rural | M90: 2009 | N90: 4 | O90: No centerline rumble strips | Q90: 11.6 | S90: 0.116 | T90: no | U90: Before/after using empirical Bayes or full Bayes | V90: MN | Y90: Crashes | Z90: 94 | AA90: 34 | AE90: 1997 | AF90: 2006 | AG90: no | AH90: Average Daily Traffic (ADT) | AI90: 1336 | AJ90: 13240 | AO90: 2 | AT90: All | AU90: Undivided | AV90: 40633
A91: 3371 | B91: NCHRP Report 641: Guidance for the Design and Application of Shoulder and Centerline Rumble Strips | C91: Click for CMF details | D91: Roadway | E91: Roadway rumble strips | F91: Install centerline rumble strips on horizontal curves | G91: 6 | H91: 0.94 | I91: All | J91: Fatal,Serious injury,Minor injury | K91: Not Specified | L91: Rural | M91: 2009 | N91: 4 | O91: No centerline rumble strips | Q91: 8.1 | S91: 0.081 | T91: no | U91: Before/after using empirical Bayes or full Bayes | V91: MN,PA,WA | Y91: Crashes | Z91: 308 | AA91: 164 | AE91: 1997 | AF91: 2006 | AG91: no | AH91: Average Daily Traffic (ADT) | AI91: 574 | AJ91: 20784 | AO91: 2 | AT91: All | AU91: Undivided | AV91: 40633
... A96: 3382 | B96: NCHRP Report 641: Guidance for the Design and Application of Shoulder and Centerline Rumble Strips | C96: Click for CMF details | D96: Roadway | E96: Roadway rumble strips | F96: Install centerline rumble strips on tangent sections | G96: -10 | H96: 1.1 | I96: All | J96: Fatal,Serious injury,Minor injury | K96: Not Specified | L96: Rural | M96: 2009 | N96: 4 | O96: No centerline rumble strips | Q96: 17.3 | S96: 0.173 | T96: no | U96: Before/after using empirical Bayes or full Bayes | V96: WA | Y96: Crashes | Z96: 166 | AA96: 53 | AE96: 2001 | AF96: 2006 | AG96: no | AH96: Average Daily Traffic (ADT) | AI96: 3167 | AJ96: 20784 | AO96: 2 | AT96: All | AU96: Undivided | AV96: 40633
A97: 2438 | B97: Safety Evaluation of Improved Curve Delineation | C97: Click for CMF details | D97: Signs | F97: Install chevron signs on horizontal curves | G97: 16 | H97: 0.84 | I97: Non-intersection | J97: Fatal,Serious injury,Minor injury | K97: All | L97: Rural | M97: 2009 | N97: 4 | O97: No sign | Q97: 10.4 | S97: 0.104 | T97: no | U97: Before/after using empirical Bayes or full Bayes | V97: WA | Y97: Mile-years | Z97: 72 | AA97: 95 | AE97: 1993 | AF97: 2007 | AG97: no | AH97: Annual Average Daily Traffic (AADT) | AI97: 261 | AJ97: 14790 | AO97: 2 | AT97: All | AU97: Undivided | AV97: 40401
A98: 4201 | B98: Evaluation of Safety Strategies at Signalized Intersections | C98: Click for CMF details | D98: Intersection traffic control | F98: Install dynamic signal warning flashers | G98: 18 | H98: 0.82 | I98: All | J98: Fatal,Serious injury,Minor injury | K98: Not Specified | L98: All | M98: 2011 | N98: 4 | O98: Signalized intersection without advance warning flashers. | Q98: 8.3 | S98: 0.083 | T98: no | U98: Regression cross-section | V98: NV,VA | X98: 1450 | Y98: Crashes | AE98: 1994 | AF98: 2008 | AG98: yes | AH98: Annual Average Daily Traffic (AADT) | AK98: 7500 | AL98: 99000 | AM98: 40 | AN98: 20100 | AP98: Roadway/roadway (not interchange related) | AQ98: 3-leg,4-leg | AR98: Signalized | AT98: All | AV98: 41153
A99: 3396 | B99: NCHRP Report 641: Guidance for the Design and Application of Shoulder and Centerline Rumble Strips | C99: Click for CMF details | D99: Roadway | E99: Roadway rumble strips | F99: Install edgeline rumble strips | G99: 39 | H99: 0.61 | I99: Run off road | J99: Fatal,Serious injury,Minor injury | K99: Not Specified | L99: Rural | M99: 2009 | N99: 4 | Q99: 15.56 | S99: 0.1556 | T99: no | U99: Regression cross-section | V99: MN,MO,PA | Y99: Crashes | AE99: 1997 | AF99: 2006 | AG99: no | AH99: Average Daily Traffic (ADT) | AI99: 180 | AJ99: 12776 | AO99: 2 | AT99: All | AU99: Undivided | AV99: 40633
A100: 3394 | B100: NCHRP Report 641: Guidance for the Design and Application of Shoulder and Centerline Rumble Strips | C100: Click for CMF details | D100: Roadway | E100: Roadway rumble strips | F100: Install edgeline rumble strips | G100: 33 | H100: 0.67 | I100: Run off road | J100: Fatal,Serious injury,Minor injury | K100: Not Specified | L100: Rural | M100: 2009 | N100: 4 | Q100: 12.22 | S100: 0.1222 | T100: no | U100: Regression cross-section | V100: MN,MO,PA | Y100: Crashes | AE100: 1997 | AF100: 2006 | AG100: no | AH100: Average Daily Traffic (ADT) | AI100: 180 | AJ100: 12776 | AO100: 2 | AT100: All | AU100: Undivided | AV100: 40633
A101: 3404 | B101: NCHRP Report 641: Guidance for the Design and Application of Shoulder and Centerline Rumble Strips | C101: Click for CMF details | D101: Roadway | E101: Roadway rumble strips | F101: Install edgeline rumble strips on roadways with a shoulder width of 5 feet or greater | G101: 66 | H101: 0.34 | I101: Run off road | J101: Fatal,Serious injury,Minor injury | K101: Not Specified | L101: Rural | M101: 2009 | N101: 4 | O101: Roadway with no rumble strips and a shoulder width less than 5 feet | Q101: 18.55 | S101: 0.1855 | T101: no | U101: Regression cross-section | V101: MN,MO,PA | Y101: Crashes | AE101: 1997 | AF101: 2006 | AG101: no | AH101: Average Daily Traffic (ADT) | AI101: 4956 | AJ101: 31692 | AT101: All | AU101: Divided by Median | AV101: 40633
A102: 3408 | B102: NCHRP Report 641: Guidance for the Design and Application of Shoulder and Centerline Rumble Strips | C102: Click for CMF details | D102: Roadway | E102: Roadway rumble strips | F102: Install edgeline rumble strips on roadways with a shoulder width of 5 feet or greater | G102: 43 | H102: 0.57 | I102: Run off road | J102: Fatal,Serious injury,Minor injury | K102: Not Specified | L102: Rural | M102: 2009 | N102: 4 | O102: Roadway with no rumble strips and a shoulder width less than 5 feet | Q102: 14.52 | S102: 0.1452 | T102: no | U102: Regression cross-section | V102: MN,MO,PA | Y102: Crashes | AE102: 1997 | AF102: 2006 | AG102: no | AH102: Average Daily Traffic (ADT) | AI102: 180 | AJ102: 12776 | AO102: 2 | AT102: All | AU102: Undivided | AV102: 40633
A103: 2433 | B103: Safety Evaluation of Improved Curve Delineation | C103: Click for CMF details | D103: Signs | F103: Install new fluorescent curve signs or upgrade existing curve signs to fluorescent sheeting | G103: 25 | H103: 0.75 | I103: Non-intersection | J103: Fatal,Serious injury,Minor injury | K103: All | L103: Rural | M103: 2009 | N103: 4 | O103: No sign or sign without fluorescent sheeting | Q103: 12.7 | S103: 0.127 | T103: no | U103: Before/after using empirical Bayes or full Bayes | V103: CT | Y103: Mile-years | Z103: 46 | AA103: 22 | AE103: 1997 | AF103: 2006 | AG103: no | AH103: Annual Average Daily Traffic (AADT) | AI103: 895 | AJ103: 20479 | AO103: 2 | AT103: All | AU103: Undivided | AV103: 40401
A104: 4083 | B104: Safety Effectiveness of Super 2 Highways in Texas | C104: Click for CMF details | D104: Roadway | F104: Install periodic passing lanes on rural two-lane highways | G104: 42 | H104: 0.58 | I104: All | J104: Fatal,Serious injury,Minor injury | K104: Principal Arterial Other | L104: Rural | M104: 2012 | N104: 4 | O104: Two-lane rural highway with no passing lane | Q104: 9 | S104: 0.09 | T104: no | U104: Before/after using empirical Bayes or full Bayes | V104: TX | Y104: Crashes | Z104: 170 | AA104: 46 | AE104: 1997 | AF104: 2009 | AG104: no | AH104: Annual Average Daily Traffic (AADT) | AI104: 1655 | AJ104: 7031 | AO104: 2 | AT104: All | AU104: Undivided | AV104: 41153
...

Sheet 19. CMF2
A1: CRF Clearinghouse - CMF
